 Dungeon Crawl Stone Soup version 0.30-a0-166-g5d06c95188 (webtiles) character file.

Game seed: 13396319365517673641

935782 qw the Invulnerable (level 27, 179/179 HPs)
             Began as a Gargoyle Fighter on Sept 28, 2022.
             Was the Champion of the Shining One.
             Quit the game on level 13 of the Dungeon.
             The game lasted 01:19:27 (97018 turns).

qw the Invulnerable (Gargoyle Fighter)             Turns: 97018, Time: 01:19:27

Health: 179/179    AC: 78    Str: 47    XL:     27
Magic:  45/45      EV: 23    Int: 17    God:    the Shining One [******]
Gold:   12456      SH: 33    Dex: 25    Spells: 26/26 levels left

rFire   + + .      SeeInvis .    h - +9 broad axe (holy)
rCold   . . .      Faith    .    p - +2 tower shield {AC+3}
rNeg    + + +      Spirit   .    J - +8 orange crystal plate armour {Archmagi, Int+3 Clar}
rPois   inf        Reflect  +    e - +2 helmet
rElec   +          Harm     .    q - +1 cloak of Paranoia {rElec rPois rF+++ Will-}
rCorr   .          Rampage  inf  m - +1 pair of gloves of Defiance {Dex+7}
Will    +++..      Archmagi +    K - +3 pair of seven-league boots {Rampage+∞}
Stlth   .......... Clarity  +    M - amulet "Qany" {Reflect Will+ MP+9 Str+4 SH+5}
HPRegen 0.39/turn                r - ring of Xom's Ringing Laughter {rF- Will+ Str+8 Dex+5}
MPRegen 0.29/turn                x - ring of the Queen {Str+4 Int+6 Slay+4}

@: flying, glowing
A: sickness immunity, AC +20, big wings, negative energy resistance 1,
electricity resistance, torment resistance 1, petrification resistance, agile 1,
dopey 1, frail 1, low MP 1
}: 9/15 runes: decaying, silver, golden, demonic, glowing, magical, fiery, dark,
gossamer
a: Renounce Religion, Divine Shield, Cleansing Flame, Summon Divine Warrior


You were on level 13 of the Dungeon.
You worshipped the Shining One.
The Shining One was exalted by your worship.
You visited 10 branches of the dungeon, and saw 49 of its levels.
You visited Pandemonium 1 time, and saw 19 of its levels.
You visited the Abyss 2 times.

You collected 13748 gold pieces.
You spent 1292 gold pieces at shops.


Innate Abilities, Weirdness & Mutations

You are immune to sickness and miasma.
Your stone body is resilient. (AC +20)
You are immune to poison.
Your large and strong wings let you fly.
You resist negative energy. (rN+)
You are resistant to electric shocks. (rElec)
You are resistant to unholy torment.
You are immune to petrification.
You are agile. (Dex +4, Str/Int -1)
You are dopey. (Int -2)
You are frail. (-10% HP)
Your magical capacity is low. (-10% MP)


   Skills:
 O Level 27 Fighting
 - Level 4.6 Short Blades
 - Level 18.0 Axes
 - Level 14.0 Throwing
 O Level 27 Armour
 - Level 18.0 Dodging
 + Level 23.3 Shields
 - Level 26.9 Invocations


You had 26 spell levels left.
You didn't know any spells.
Your spell library was empty.

Inventory:

Hand Weapons
 h - a +9 broad axe of holy wrath (weapon)
 n - the +9 war axe of the Healing Fulmar {vorpal, rC+}
   (You found it in Pandemonium)

   It inflicts extra damage upon your enemies.
   rC:        It protects you from cold.
Missiles
 s - 11 boomerangs (quivered)
Armour
 c - a scarf of resistance
 e - a +2 helmet (worn)
 m - the +1 pair of gloves of Defiance (worn) {Dex+7}
   (You found it on level 5 of the Dungeon)

   Dex:       It affects your dexterity (+7).
 p - a +2 tower shield of protection (worn)
 q - the +1 cloak of Paranoia (worn) {rElec rPois rF+++ Will-}
   (Okawaru gifted it to you on level 14 of the Dungeon)

   rF:        It renders you almost immune to fire.
   rElec:     It insulates you from electricity.
   rPois:     It protects you from poison.
   Will:      It decreases your willpower.
 t - a +2 cloak
 v - +0 acid dragon scales
 H - +6 gold dragon scales
 J - the +8 orange crystal plate armour (worn) {Archmagi, Int+3 Clar}
   (You found it on level 5 of the Vaults)

   Int:       It affects your intelligence (+3).
   Clar:      It protects you against confusion.
 K - the +3 pair of seven-league boots (worn) {Rampage+∞}
   (You found it on level 3 of the Tomb of the Ancients)

   Its wearer moves as far as possible in that direction when moving towards
   enemies.
Jewellery
 j - a ring of resist corrosion
 k - a ring of protection from fire
 o - the ring of the Ancients {Fire rN+ Will+ Str-3 SInv}
   (You took it off a balrug in Pandemonium)

   [ring of fire]

   It enhances your fire magic.
   Str:       It affects your strength (-3).
   rF:        It protects you from fire.
   rC:        It makes you vulnerable to cold.
   rN:        It protects you from negative energy.
   SInv:      It lets you see invisible.
   Will:      It increases your willpower.
 r - the ring of Xom's Ringing Laughter (left hand) {rF- Will+ Str+8 Dex+5}
   (You found it in Pandemonium)

   [ring of willpower]

   Str:       It affects your strength (+8).
   Dex:       It affects your dexterity (+5).
   rF:        It makes you vulnerable to fire.
   Will:      It increases your willpower.
 x - the ring of the Queen (right hand) {Str+4 Int+6 Slay+4}
   (You took it off a deep elf annihilator on level 5 of the Vaults)

   [ring of slaying]

   Str:       It affects your strength (+4).
   Int:       It affects your intelligence (+6).
   Slay:      It affects your accuracy & damage with ranged weapons and melee
   (+4).
 y - a ring of protection from cold
 G - the ring "Kemoigus" {rCorr Int+6 Dex-3 Slay+3}
   (You found it on level 2 of the Depths)

   [ring of intelligence]

   Int:       It affects your intelligence (+6).
   Dex:       It affects your dexterity (-3).
   Slay:      It affects your accuracy & damage with ranged weapons and melee
   (+3).
   rCorr:     It protects you from acid and corrosion.
 I - a +4 ring of evasion
 M - the amulet "Qany" (around neck) {Reflect Will+ MP+9 Str+4 SH+5}
   (You found it on level 3 of the Tomb of the Ancients)

   [amulet of reflection]

   It reflects blocked missile attacks.
   Str:       It affects your strength (+4).
   MP:        It affects your magic capacity (+9).
   SH:        It affects your SH (+5).
   Will:      It increases your willpower.
 Y - the ring of Naw Guchial {Ice Fly Will+ Dex+3}
   (You bought it in a shop on level 2 of the Orcish Mines)

   [ring of ice]

   It enhances your ice magic.
   Dex:       It affects your dexterity (+3).
   rF:        It makes you vulnerable to fire.
   rC:        It protects you from cold.
   Fly:       It grants you flight.
   Will:      It increases your willpower.
Scrolls
 a - 29 scrolls of identify
 u - 10 scrolls of enchant weapon
 F - 3 scrolls of brand weapon
Potions
 b - 4 potions of cancellation
 d - 8 potions of might
 g - 25 potions of curing
 i - 11 potions of lignification
 w - 12 potions of haste
 z - 12 potions of attraction
 A - a potion of heal wounds
 P - a potion of magic

Dungeon Overview and Level Annotations

Branches:
Dungeon (15/15)            Temple (0/1) D:7            Lair (5/5) D:10
  Swamp (4/4) Lair:2       Spider (4/4) Lair:2        Slime (0/5) Lair:5
    Orc (2/2) D:10            Elf (0/3) Orc:2        Vaults (5/5) D:14
  Crypt (3/3) Vaults:3       Tomb (3/3) Crypt:3      Depths (4/4) D:15
    Zot (4/5) Depths:4

Altars:
Cheibriados
Dithmenos
Elyvilon
Fedhas
Gozag
Kikubaaqudgha
Makhleb
Okawaru
Qazlal
Ru
Vehumet
Xom
Zin
The Shining One
Jiyva
Lugonu

Shops:
Orc:2 (=??   Vaults:1 [   Vaults:4 (   Vaults:5 [   Depths:4 ((

Portals:
Hell: Depths:1 Depths:2 Depths:3 Depths:4
Abyss: Depths:2 Depths:3 Depths:4
Pandemonium: Orc:2 Depths:2
Ziggurat: Depths:2
Trove: D:12 (show abyssal rune of Zot)

Annotations:
D:12 4 runed translucent doors, qw's ghost, journeyman GrFi
D:15 1 runed translucent door, qw's ghost, adept GrFi
Lair:3 1 runed translucent door
Lair:5 2 runed translucent doors
Depths:1 1 runed translucent door
Zot:4 3 runed translucent doors, qw's ghost, veteran GrFi


Message History

(H) Hell (Z) Zot
Where to? (* - list waypoints, Enter - D:13, ? - help)
What level of the Dungeon? (default 1, ? - help)
There is a stone staircase leading down here.
You fly downwards.
There is a stone staircase leading up here.
Done exploring.
(D) Dungeon (T) Temple (L) Lair (S) Swamp (N) Spider Nest (M) Slime Pits (O) Orcish Mines (E) Elven Halls (V) Vaults (C) Crypt (W) Tomb (U) Depths (H) Hell (Z) Zot
Where to? (* - list waypoints, Enter - D:14, ? - help)
What level of the Dungeon? (default 1, ? - help)
You fly upwards.
There is a stone staircase leading down here.
Done exploring.
Done exploring.
97011 ||| Stepping randomly (stuck).
(D) Dungeon (T) Temple (L) Lair (S) Swamp (N) Spider Nest (M) Slime Pits (O) Orcish Mines (E) Elven Halls (V) Vaults (C) Crypt (W) Tomb (U) Depths (H) Hell (Z) Zot
Where to? (* - list waypoints, Enter - D:13, ? - help)
What level of the Dungeon? (default 1, ? - help)
There is a stone staircase leading down here.
You fly downwards.
There is a stone staircase leading up here.
Done exploring.
(D) Dungeon (T) Temple (L) Lair (S) Swamp (N) Spider Nest (M) Slime Pits (O) Orcish Mines (E) Elven Halls (V) Vaults (C) Crypt (W) Tomb (U) Depths (H) Hell (Z) Zot
Where to? (* - list waypoints, Enter - D:14, ? - help)
What level of the Dungeon? (default 1, ? - help)
You fly upwards.
There is a stone staircase leading down here.
Done exploring.
Done exploring.
97017 ||| Stepping randomly (stuck).
Are you sure you want to abandon this character and quit the game? (Confirm with "yes".)

.# ##.....###....#....## ##.. ##
#.#....###.........#####... #
#.##...####..##.....##...## #
#.###....##.####.......#### #
#..###......# #......## #
#..###.....## ##.....# ##
#..........# #.....##
.######......##..## ##......#
.....###.....###@># #.......###
....## #......##..####....^....##
)...# #.....)......#............
....# #..^.....###.........##)..
...## ##......## ###.........#..
...# #.....## #............ ..?#
#.....# ##............ ...#
#.....## ###..#..........
.#.######......###....#..........


There were no monsters in sight!

Vanquished Creatures
  Cerebov (Pan)
  Ignacio (Pan)
  Gloorx Vloq (Pan)
  Mnoleg (Pan)
  An orb of fire (Zot:1)
  Mara (Spider:4)
  An ancient lich (Vaults:5)
  A juggernaut (Depths:4)
  5 pandemonium lords (Pan)
  Mennas (Crypt:1)
  25 royal mummies
  Sojobo (Crypt:1)
  Parghit (Zot:4)
  the Lernaean hydra (Swamp:4)
  Vv (Zot:3)
  The ghost of lmSkywalker the Warrior, an adept DrTm of Okawaru (Depths:2)
  Bai Suzhen (Vaults:5)
  2 curse toes (Zot:4)
  3 golden dragons
  2 bone dragons
  An electric golem (Zot:2)
  7 Brimstone Fiends (Pan)
  4 Tzitzimimeh (Pan)
  An iron giant (shapeshifter) (Depths:4)
  4 Ice Fiends
  Jorgrun (D:13)
  A walking crystal tome (Depths:4)
  6 deep elf blademasters
  24 tentacled monstrosities
  5 liches
  5 Hell Sentinels (Pan)
  12 titans
  7 quicksilver dragons
  6 death cobs
  17 Executioners (Pan)
  2 deep elf master archers (Crypt:2)
  3 tentacled starspawn
  2 ancient champions
  A shadow dragon (shapeshifter) (Depths:3)
  13 sphinxes
  Agnes (D:15)
  8 tengu reavers
  Donald (Swamp:2)
  2 thorn hunters
  9 shadow dragons
  5 draconian knights
  11 storm dragons
  6 revenants
  5 draconian monks
  15 demonspawn warmongers (Pan)
  26 fire giants
  19 frost giants
  21 cacodemons
  3 emperor scorpions
  2 deep elf sorcerers
  An iron dragon (Vaults:5)
  4 ghost moths
  45 balrugs
  3 orc warlords
  5 curse skulls
  A juggernaut zombie (Tomb:3)
  A draconian stormcaller (Zot:2)
  21 vault wardens
  5 draconian scorchers
  7 draconian annihilators
  15 ghouls
  A spriggan defender (Depths:3)
  21 ironbound preservers
  15 reapers
  3 draconian shifters
  An angel (Pan)
  11 demonspawn blood saints (Pan)
  9 ironbound thunderhulks
  12 demonspawn corrupters (Pan)
  3 war gargoyles
  26 very ugly things
  23 stone giants
  22 vampire knights
  4 broodmothers
  4 caustic shrike skeletons
  10 eleionomae
  4 deep elf demonologists
  4 green draconians
  9 black draconians
  12 bennus
  20 lorocyprocas (Pan)
  11 dire elephants
  14 yellow draconians
  4 deep elf annihilators
  6 spark wasps
  9 white draconians
  7 purple draconians
  10 red draconians
  2 bunyips
  11 demonspawn black suns (Pan)
  2 deep elf death magi
  14 ettins
  3 crystal guardians (Vaults:4)
  3 eidola
  17 mummy priests
  Josephine (Orc:1)
  13 jiangshi
  2 deep elf high priests (Vaults:5)
  7 fire dragons
  19 green deaths (Pan)
  A shambling mangrove (Swamp:2)
  21 blizzard demons
  16 yaktaur captains
  9 great orbs of eyes
  3 entropy weavers
  Harold (D:10)
  3 spriggan zombies
  2 demonspawn (Orc:2)
  45 vault guards
  23 hydras
  4 jorogumos
  12 rakshasas
  A juggernaut simulacrum (Crypt:2)
  2 radroaches (Spider:3)
  A hell beast (Pan)
  An ogre mage (D:15)
  7 ice dragons
  A spriggan air mage (Depths:4)
  4 peacekeepers (Vaults:4)
  10 ironbound frosthearts
  2 spriggan skeletons
  10 boulder beetles
  16 centaur warriors
  4 death knights
  4 dancing weapons
  5 tengu warriors
  An alligator (shapeshifter) (Depths:3)
  11 alligators
  48 death scarabs
  9 two-headed ogres
  14 deep troll earth magi
  14 deep troll shamans
  A titan zombie (Crypt:1)
  5 orc high priests (Orc:2)
  11 vampire magi
  38 soul eaters
  4 death yaks (Lair:3)
  2 spriggan berserkers
  3 thrashing horrors (Abyss:2)
  104 sun demons
  7 hell knights
  Sonja (Lair:2)
  An emperor scorpion zombie (Crypt:1)
  10 deep elf knights
  An iron giant zombie (Crypt:3)
  A wretched star (Abyss:2)
  9 shadow wraiths
  10 iron trolls
  28 sixfirhies
  9 pharaoh ants
  2 storm dragon zombies (Depths:4)
  A spatial maelstrom (Abyss:2)
  5 goliath frogs
  51 skeletal warriors
  A steelbarb worm (shapeshifter) (Vaults:5)
  13 shadow demons (Pan)
  6 flayed ghosts
  10 glowing orange brains
  13 bog bodies
  6 orb spiders
  4 spriggan druids
  2 shadow dragon zombies
  A storm dragon skeleton (Crypt:2)
  22 ironbound convokers
  4 bunyip zombies
  53 deep trolls
  14 starcursed masses
  10 deep elf archers
  A spectral jorogumo (Spider:4)
  A spriggan simulacrum (Crypt:1)
  10 swamp dragons
  30 phantasmal warriors
  9 wizards
  A golden dragon skeleton (Crypt:1)
  4 deep elf zephyrmancers
  An anaconda skeleton (Pan)
  5 steelbarb worms
  A tengu zombie (Depths:4)
  11 orc knights
  7 necromancers
  4 harpies (Vaults:1)
  An obsidian statue (Depths:4)
  27 wolf spiders
  46 ugly things
  An iron dragon zombie (Tomb:2)
  2 wolf spider zombies
  An oklob plant (Lair:2)
  10 lindwurms
  7 deep elf pyromancers
  A stone giant zombie (Vaults:1)
  A worldbinder (Vaults:5)
  3 shadow dragon skeletons
  2 cyclopes
  10 orc sorcerers
  A manticore (D:12)
  Joseph (D:7)
  23 moths of wrath
  5 shining eyes (Pan)
  2 will-o-the-wisps
  A moth of wrath (shapeshifter) (Vaults:5)
  2 eyes of devastation (Pan)
  An elephant (shapeshifter) (Vaults:5)
  A sphinx skeleton (Crypt:3)
  4 black mambas
  6 rust devils
  An ice statue (Swamp:1)
  A water nymph (shapeshifter) (Vaults:1)
  20 vault sentinels
  A stone giant skeleton (Pan)
  An elf zombie (Vaults:1)
  30 elephants
  A guardian serpent (Abyss:2)
  46 smoke demons
  A naga skeleton (Pan)
  5 centaur skeletons
  A purple draconian zombie (Crypt:1)
  A yaktaur zombie (Vaults:1)
  An unseen horror (Abyss:2)
  10 torpor snails
  10 cane toads
  30 orange demons
  2 elf skeletons
  A swamp worm zombie (Crypt:3)
  9 hellions
  A komodo dragon (shapeshifter) (Depths:4)
  A pale draconian zombie (Crypt:1)
  17 rime drakes
  2 freezing wraiths (Crypt:1)
  26 yaktaurs
  38 hellwings
  8 efreet
  3 redback zombies (Spider:4)
  2 minotaur skeletons
  A spark wasp simulacrum (Depths:2)
  3 tormentors
  4 spectral redbacks (Spider:4)
  23 demonic crawlers
  2 tengu conjurers
  3 ice devils
  An alligator snapping turtle skeleton (Pan)
  7 meliai
  10 red devils
  36 guardian mummies
  7 komodo dragons
  5 ancient zymes (Abyss:2)
  3 harpy zombies
  A human skeleton (Vaults:1)
  3 trolls
  14 tyrant leeches
  5 spectral tarantellas (Spider:4)
  12 polar bears
  2 bloated husks
  47 slime creatures
  2 spectral jumping spiders (Spider:4)
  3 sphinx simulacra (Depths:2)
  15 hornets
  An iron dragon simulacrum (Depths:2)
  A mana viper skeleton (Crypt:3)
  4 raiju (Lair:5)
  24 tarantellas
  A tarantella zombie (Spider:4)
  A culicivora zombie (Crypt:3)
  2 harpy skeletons (Pan)
  11 dream sheep
  A frost giant simulacrum (Depths:2)
  A fire giant simulacrum (Depths:2)
  A stone giant simulacrum (Crypt:1)
  18 blink frogs
  A slime creature (shapeshifter) (Depths:3)
  2 ettin zombies
  Sigmund (D:6)
  23 flying skulls
  An ice dragon skeleton (Crypt:2)
  An ice dragon zombie (Crypt:1)
  An air elemental (D:15)
  A centaur simulacrum (D:14)
  29 jumping spiders
  A shadow (D:12)
  A yak (shapeshifter) (Vaults:5)
  26 ynoxinuls
  A black mamba zombie (Crypt:1)
  17 culicivoras
  6 spriggans
  19 wraiths
  42 yaks
  8 basilisks
  A fire bat (shapeshifter) (Vaults:5)
  3 water elementals (Depths:1)
  5 wyverns
  16 ushabtiu
  7 humans (D:14)
  25 chaos spawn
  9 vampire mosquitoes
  20 neqoxecs
  44 large abominations
  7 small abominations (Abyss:2)
  A spatial vortex (Abyss:2)
  2 golden eyes (Pan)
  A steam dragon (shapeshifter) (D:15)
  63 redbacks
  11 steam dragons
  24 swamp worms
  A merfolk zombie (Crypt:2)
  3 acid dragons
  17 hell hounds
  14 water moccasins
  11 wargs
  2 glowing shapeshifter skeletons
  4 floating eyes (Pan)
  An ogre skeleton (Vaults:4)
  14 black bears
  4 sky beasts (D:15)
  8 swamp drakes
  A blink frog zombie (Crypt:2)
  26 orc warriors
  A black mamba simulacrum (Crypt:1)
  7 ogres
  7 boggarts
  29 wolves
  A centaur (D:8)
  A snapping turtle skeleton (Crypt:2)
  2 phantoms
  7 necrophages
  Blork the orc (D:6)
  A gnoll sergeant (D:5)
  A draconian zombie (Crypt:1)
  A demonspawn simulacrum (Crypt:1)
  13 bullfrogs
  3 scorpions
  A cyclops skeleton (Crypt:3)
  A raiju zombie (Crypt:3)
  A water moccasin skeleton (Crypt:3)
  8 killer bees
  2 howler monkeys (D:4)
  An electric eel (Lair:2)
  9 crimson imps (Pan)
  A jelly (D:6)
  2 quasits (Abyss:2)
  3 centaur zombies
  2 human zombies (D:4)
  17 orc priests
  2 gnoll boudas
  3 hounds
  An iron imp (D:4)
  8 iguanas
  19 orc wizards
  2 naga zombies
  2 human simulacra (D:13)
  37 mummies
  2 howler monkey zombies (D:4)
  17 gnolls
  6 adders
  A river rat (D:3)
  A shadow imp (D:5)
  7 white imps
  3 ufetubi
  3 adder zombies (D:4)
  2 worms (D:2)
  7 dart slugs
  84 orcs
  6 bats
  A bat skeleton (Crypt:3)
  6 endoplasms
  3 giant cockroaches
  10 goblins
  6 hobgoblins
  4 jackals
  9 kobolds
  7 quokkas
  7 ball pythons
  An endoplasm zombie (Crypt:2)
  3 frilled lizards
  A goblin zombie (Crypt:1)
  A kobold skeleton (Crypt:1)
  2 orc skeletons (D:4)
  2 orc zombies (D:4)
  A quokka zombie (D:4)
  8 rats
  A rat skeleton (Crypt:3)
  4 ball lightnings (Pan)
  9 fire vortices (Pan)
  3 starspawn tentacles (Abyss:2)
3293 creatures vanquished.

Vanquished Creatures (collateral kills)
  Lom Lobon (Pan)
  11 royal mummies
  A pandemonium lord (Pan)
  A Tzitzimitl (Pan)
  A Brimstone Fiend (Pan)
  An Ice Fiend (Pan)
  An ancient champion (Tomb:2)
  A fire giant (Crypt:2)
  A frost giant (Crypt:2)
  2 cacodemons (Pan)
  A balrug (Pan)
  A ghoul (Crypt:2)
  2 demonspawn blood saints (Pan)
  3 lorocyprocas (Pan)
  2 green deaths (Pan)
  2 blizzard demons (Pan)
  A quicksilver dragon zombie (Tomb:3)
  7 mummy priests
  A spriggan skeleton (Tomb:3)
  8 death scarabs
  2 soul eaters (Pan)
  5 sun demons (Pan)
  2 large abominations (Pan)
  4 sixfirhies (Pan)
  A shadow demon (Pan)
  A smoke demon (Pan)
  4 orange demons (Pan)
  A tormentor (Pan)
  An efreet (Pan)
  6 guardian mummies
  A red devil (Pan)
  3 flying skulls (Tomb:2)
  3 ynoxinuls (Pan)
  4 ushabtiu (Tomb:2)
  A neqoxec (Pan)
  5 chaos spawn (Pan)
  4 mummies
  An orc skeleton (Crypt:2)
98 creatures vanquished.

Vanquished Creatures (others)
  A pandemonium lord (Pan)
  A balrug (Pan)
  A demonspawn blood saint (Pan)
  A rakshasa (Pan)
  A vault guard (D:14)
  A soul eater (Pan)
  A goliath frog (Swamp:2)
  An ironbound convoker (Vaults:2)
  A deep elf pyromancer (Vaults:5)
  A deep elf zephyrmancer (Crypt:2)
  A phantasmal warrior (Crypt:1)
  A tormentor (Pan)
  A hellwing (Depths:4)
  A bloated husk (Swamp:4)
  An ushabti (Tomb:2)
  A culicivora (Spider:4)
  2 humans (D:14)
  A swamp worm (Swamp:4)
  A boggart (D:14)
  11 ball lightnings (Pan)
  2 blocks of ice (Pan)
  A demonic plant (Pan)
  A fire vortex (Pan)
  33 fungi
  75 plants
  2 starspawn tentacles
  10 toadstools (Lair:3)
  5 withered plants (D:4)
160 creatures vanquished.

Grand Total: 3551 creatures vanquished

Notes
Turn   | Place    | Note
-------+----------+-------------------------------------------
     0 | D:1      | qw the Gargoyle Fighter began the quest for the Orb.
     0 | D:1      | Reached XP level 1. HP: 14/14 MP: 1/1
     0 | D:1      | 0 ||| qw: Version: 0.2-a-12-gaebbb33
     0 | D:1      | 0 ||| qw: Game counter: 942
     0 | D:1      | 0 ||| qw: Always use a shield: true
     0 | D:1      | 0 ||| qw: God list: Okawaru
     0 | D:1      | 0 ||| qw: Allow faded altars: false
     0 | D:1      | 0 ||| qw: Do Orc after D:15 true
     0 | D:1      | 0 ||| qw: Do second Lair branch before Depths: true
     0 | D:1      | 0 ||| qw: Lair rune preference: random
     0 | D:1      | 0 ||| qw: Plans: Normal, Zot:1-4, God:TSO, Crypt, Tomb,
                  | Pan, Slime:5, Hells, Abyss, Orb
     0 | D:1      | 0 ||| PLANNING D:1-11
    71 | D:1      | Reached XP level 2. HP: 18/19 MP: 2/2
   323 | D:1      | 323 ||| Stepping ~*~*~tactically~*~*~ (hiding).
   403 | D:1      | 403 ||| Stepping ~*~*~tactically~*~*~ (stealth).
   498 | D:1      | Reached skill level 3 in Axes
   575 | D:1      | Reached XP level 3. HP: 19/23 MP: 3/3
  1091 | D:1      | 1091 ||| READING 2 scrolls labelled JEJIEM ZUFARPH.
  1092 | D:1      | 1092 ||| READING scroll labelled HOARANIYMU.
  1377 | D:2      | Found a snail-covered altar of Cheibriados.
  1487 | D:2      | 1487 ||| Stepping ~*~*~tactically~*~*~ (stealth).
  2060 | D:2      | 2060 ||| UPGRADING to ring of resist corrosion.
  2061 | D:2      | 2061 ||| DRINKING 2 amethyst potions.
  2062 | D:2      | 2062 ||| DRINKING 2 glowing ruby potions.
  2098 | D:2      | 2098 ||| DRINKING 2 yellow potions.
  2099 | D:2      | 2099 ||| READING 2 scrolls of identify.
  2099 | D:2      | 2099 ||| IDENTIFYING glowing clear potion
  2100 | D:2      | 2100 ||| DROPPING potion of flight.
  2118 | D:3      | 2118 ||| PLANNING SEWER
  2119 | D:3      | 2119 ||| STAIRDANCE
  2131 | D:3      | 2131 ||| STAIRDANCE
  2140 | D:3      | Reached XP level 4. HP: 28/28 MP: 4/4
  2180 | D:3      | 2180 ||| Stepping ~*~*~tactically~*~*~ (stealth).
  2237 | D:3      | 2237 ||| Stepping ~*~*~tactically~*~*~ (stealth).
  2238 | D:3      | 2238 ||| Stepping ~*~*~tactically~*~*~ (stealth).
  2243 | D:3      | 2243 ||| Stepping ~*~*~tactically~*~*~ (hiding).
  2244 | D:3      | 2244 ||| Stepping ~*~*~tactically~*~*~ (hiding).
  2350 | D:3      | Found a faded altar of an unknown god.
  2477 | D:3      | 2477 ||| Stepping ~*~*~tactically~*~*~ (stealth).
  2479 | D:3      | 2479 ||| Stepping ~*~*~tactically~*~*~ (stealth).
  2582 | D:3      | Found a sacrificial altar of Ru.
  2620 | D:3      | 2620 ||| FLEEEEING.
  2628 | D:3      | 2628 ||| Stepping ~*~*~tactically~*~*~ (hiding).
  2779 | D:3      | Noticed a necrophage
  2785 | D:3      | Killed a necrophage
  2786 | D:3      | Reached XP level 5. HP: 32/32 MP: 5/5
  2871 | D:3      | 2871 ||| RIP SEWER
  2875 | D:3      | 2875 ||| PLANNING D:1-11
  3086 | D:3      | 3086 ||| UPGRADING to +0 cloak.
  3091 | D:3      | 3091 ||| UPGRADING to +0 chain mail.
  3101 | D:3      | 3101 ||| DROPPING +0 scale mail.
  3102 | D:3      | 3102 ||| READING scroll labelled ESCHAO LOKH.
  3103 | D:3      | 3103 ||| READING scroll labelled XAJEES TOVUIQ.
  3104 | D:3      | 3104 ||| READING scroll labelled RUTZAI ECZAN.
  3105 | D:3      | 3105 ||| READING scroll labelled LUNTUEG LIPT.
  3126 | D:4      | 3126 ||| PLANNING OSSUARY
  3135 | D:4      | 3135 ||| STAIRDANCE
  3268 | D:4      | Reached XP level 6. HP: 17/38 MP: 6/6
  3438 | D:4      | Found a snail-covered altar of Cheibriados.
  3464 | D:4      | 3464 ||| Stepping ~*~*~tactically~*~*~ (hiding).
  3465 | D:4      | 3465 ||| Stepping ~*~*~tactically~*~*~ (hiding).
  3466 | D:4      | 3466 ||| Stepping ~*~*~tactically~*~*~ (hiding).
  3467 | D:4      | 3467 ||| Stepping ~*~*~tactically~*~*~ (hiding).
  3510 | D:4      | 3510 ||| DROPPING +0 club.
  3848 | D:4      | Reached skill level 6 in Axes
  3881 | D:4      | 3881 ||| RIP OSSUARY
  4060 | D:4      | 4060 ||| PLANNING D:1-11
  4216 | D:4      | Reached XP level 7. HP: 41/43 MP: 7/7
  4316 | D:4      | Reached skill level 1 in Dodging
  4538 | D:4      | 4538 ||| Stepping ~*~*~tactically~*~*~ (stealth).
  4540 | D:4      | 4540 ||| Stepping ~*~*~tactically~*~*~ (stealth).
  4567 | D:4      | 4567 ||| FLEEEEING.
  4569 | D:4      | 4569 ||| FLEEEEING.
  4570 | D:4      | 4570 ||| FLEEEEING.
  4571 | D:4      | 4571 ||| FLEEEEING.
  4572 | D:4      | 4572 ||| FLEEEEING.
  4575 | D:4      | 4575 ||| FLEEEEING.
  4576 | D:4      | 4576 ||| FLEEEEING.
  4577 | D:4      | 4577 ||| FLEEEEING.
  4578 | D:4      | 4578 ||| FLEEEEING.
  4579 | D:4      | 4579 ||| FLEEEEING.
  4580 | D:4      | 4580 ||| FLEEEEING.
  4581 | D:4      | 4581 ||| FLEEEEING.
  4582 | D:4      | 4582 ||| FLEEEEING.
  4583 | D:4      | 4583 ||| FLEEEEING.
  4585 | D:4      | 4585 ||| FLEEEEING.
  4586 | D:4      | 4586 ||| FLEEEEING.
  4587 | D:4      | 4587 ||| STAIRDANCE
  4660 | D:3      | 4660 ||| READING scroll labelled ZEOM JINKO.
  4661 | D:3      | 4661 ||| READING scroll labelled TUYFOM HANWEUF.
  4661 | D:3      | Identified a scroll of acquirement
  4661 | D:3      | 4661 ||| ACQUIRING +5 vorpal broad axe
  4661 | D:3      | Acquired a +5 vorpal broad axe
  4663 | D:3      | 4663 ||| SWAPPING to +5 vorpal broad axe.
  4664 | D:3      | 4664 ||| DROPPING +0 war axe of electrocution.
  4665 | D:3      | 4665 ||| READING 2 scrolls of identify.
  4665 | D:3      | 4665 ||| IDENTIFYING clear potion
  4982 | D:5      | Entered Level 5 of the Dungeon
  4982 | D:5      | You fall into a shaft and drop 1 floor!
  5197 | D:5      | Identified the +1 pair of gloves of Defiance {Dex+7}
  5224 | D:5      | 5224 ||| FLEEEEING.
  5230 | D:5      | 5230 ||| FLEEEEING.
  5231 | D:5      | 5231 ||| FLEEEEING.
  5232 | D:5      | 5232 ||| FLEEEEING.
  5233 | D:5      | 5233 ||| FLEEEEING.
  5234 | D:5      | 5234 ||| FLEEEEING.
  5235 | D:5      | 5235 ||| FLEEEEING.
  5236 | D:5      | 5236 ||| FLEEEEING.
  5560 | D:5      | Reached XP level 8. HP: 44/49 MP: 8/8
  5601 | D:5      | Found a blossoming altar of Fedhas.
  5617 | D:5      | 5617 ||| Stepping ~*~*~tactically~*~*~ (stealth).
  5768 | D:5      | 5768 ||| DROPPING +0 whip.
  6516 | D:5      | 6516 ||| UPGRADING to +1 pair of gloves of Defiance
                  | {Dex+7}.
  6521 | D:5      | 6521 ||| DROPPING amulet of faith.
  6522 | D:5      | 6522 ||| READING scroll labelled REZEYFROLUN.
  6635 | D:6      | Noticed Blork the orc
  6642 | D:6      | Killed Blork the orc
  6821 | D:6      | Noticed Sigmund
  6825 | D:6      | Killed Sigmund
  6957 | D:6      | Reached skill level 6 in Fighting
  6978 | D:6      | 6978 ||| Stepping ~*~*~tactically~*~*~ (hiding).
  7510 | D:6      | Reached XP level 9. HP: 48/55 MP: 9/9
  7555 | D:6      | 7555 ||| Stepping ~*~*~tactically~*~*~ (stealth).
  7689 | D:6      | Reached skill level 9 in Axes
  7818 | D:6      | 7818 ||| UPGRADING to +6 ring of strength.
  7819 | D:6      | 7819 ||| UPGRADING to +4 ring of protection.
  7821 | D:6      | 7821 ||| READING 4 scrolls of identify.
  7821 | D:6      | 7821 ||| IDENTIFYING fizzy amethyst potion
  7822 | D:6      | 7822 ||| READING 3 scrolls of identify.
  7822 | D:6      | 7822 ||| IDENTIFYING coppery potion
  7823 | D:6      | 7823 ||| DROPPING potion of berserk rage.
  8116 | D:7      | 8116 ||| Stepping ~*~*~tactically~*~*~ (stealth).
  8131 | D:7      | 8131 ||| READING scroll of enchant armour.
  8131 | D:7      | 8131 ||| ENCHANTING +0 cloak.
  8146 | D:7      | 8146 ||| Stepping ~*~*~tactically~*~*~ (stealth).
  8174 | D:7      | 8174 ||| Stepping ~*~*~tactically~*~*~ (hiding).
  8404 | D:7      | Found a burning altar of Makhleb.
  8409 | D:7      | Found a glowing silver altar of Zin.
  8409 | D:7      | Noticed an angel
  8410 | D:7      | Noticed a cacodemon
  8525 | D:7      | Found a shimmering altar of Xom.
  8525 | D:7      | Found a white marble altar of Elyvilon.
  8526 | D:7      | Found a shadowy altar of Dithmenos.
  8526 | D:7      | Found an iron altar of Okawaru.
  8527 | D:7      | 8527 ||| PLANNING OKAWARU WORSHIP
  8527 | D:7      | 8527 ||| READING 2 scrolls labelled TOWAENONLO.
  8528 | D:7      | 8528 ||| READING 2 scrolls of identify.
  8528 | D:7      | 8528 ||| IDENTIFYING smoky sapphire potion
  8529 | D:7      | 8529 ||| DROPPING scroll of fear.
  8530 | D:7      | 8530 ||| DROPPING potion of degeneration.
  8537 | D:7      | Became a worshipper of Warmaster Okawaru
  8538 | D:7      | 8538 ||| PLANNING D:1-11
  8552 | D:7      | Noticed Joseph
  8553 | D:7      | 8553 ||| Stepping ~*~*~tactically~*~*~ (hiding).
  8568 | D:7      | Killed Joseph
  8888 | D:7      | Found a staircase to the Ecumenical Temple.
  8895 | D:7      | 8895 ||| READING scroll labelled OXAHISHR WAUME.
  8932 | D:8      | 8932 ||| Stepping randomly (cloudy).
  9086 | D:8      | Found a flagged portal.
  9150 | D:8      | Identified the +2 barding "Azoh" {rC- Will++ Dex+5}
  9248 | D:8      | 9248 ||| Stepping ~*~*~tactically~*~*~ (stealth).
  9249 | D:8      | 9249 ||| Stepping ~*~*~tactically~*~*~ (stealth).
  9251 | D:8      | Reached skill level 1 in Throwing
  9392 | D:8      | Found a glowing golden altar of the Shining One.
  9394 | D:8      | Found a radiant altar of Vehumet.
  9531 | D:8      | Reached * piety under Okawaru
  9705 | D:8      | 9705 ||| READING scroll labelled XEURORCHOMAO.
  9737 | D:9      | 9737 ||| INVOKING Heroism.
  9738 | D:9      | 9738 ||| STAIRDANCE
  9792 | D:9      | 9792 ||| STAIRDANCE
  9798 | D:9      | 9798 ||| STAIRDANCE
  9803 | D:8      | Reached skill level 1 in Invocations
  9803 | D:8      | Reached XP level 10. HP: 64/64 MP: 10/10
  9839 | D:9      | 9839 ||| STAIRDANCE
  9985 | D:9      | 9985 ||| INVOKING Heroism.
 10136 | D:9      | Noticed a two-headed ogre
 10137 | D:9      | 10137 ||| INVOKING Heroism.
 10145 | D:9      | Killed a two-headed ogre
 10146 | D:9      | Reached skill level 3 in Dodging
 10201 | D:9      | 10201 ||| INVOKING Heroism.
 10357 | D:9      | 10357 ||| FLEEEEING.
 10363 | D:9      | 10363 ||| FLEEEEING.
 10364 | D:9      | 10364 ||| FLEEEEING.
 10365 | D:9      | 10365 ||| FLEEEEING.
 10366 | D:9      | 10366 ||| FLEEEEING.
 10367 | D:9      | 10367 ||| FLEEEEING.
 10368 | D:9      | 10368 ||| FLEEEEING.
 10373 | D:9      | 10373 ||| FLEEEEING.
 10375 | D:9      | 10375 ||| FLEEEEING.
 10376 | D:9      | 10376 ||| FLEEEEING.
 10377 | D:9      | 10377 ||| FLEEEEING.
 10378 | D:9      | 10378 ||| FLEEEEING.
 10381 | D:9      | 10381 ||| FLEEEEING.
 10382 | D:9      | 10382 ||| FLEEEEING.
 10383 | D:9      | 10383 ||| FLEEEEING.
 10384 | D:9      | 10384 ||| FLEEEEING.
 10385 | D:9      | 10385 ||| STAIRDANCE
 10632 | D:9      | Found an opulent altar of Gozag.
 10820 | D:9      | 10820 ||| UPGRADING to +0 pair of boots.
 10852 | D:10     | Entered Level 10 of the Dungeon
 10852 | D:10     | Noticed Harold
 10853 | D:10     | 10853 ||| INVOKING Heroism.
 10866 | D:10     | Killed Harold
 10866 | D:10     | Reached ** piety under Okawaru
 10867 | D:10     | Reached skill level 6 in Armour
 10873 | D:10     | 10873 ||| STAIRDANCE
 10908 | D:10     | 10908 ||| STAIRDANCE
 10914 | D:10     | 10914 ||| STAIRDANCE
 10927 | D:10     | 10927 ||| Stepping ~*~*~tactically~*~*~ (hiding).
 10941 | D:10     | 10941 ||| Stepping ~*~*~tactically~*~*~ (hiding).
 10975 | D:10     | Found a staircase to the Orcish Mines.
 10976 | D:10     | 10976 ||| INVOKING Heroism.
 10984 | D:10     | 10984 ||| Stepping ~*~*~tactically~*~*~ (hiding).
 11077 | D:10     | Found the +7 Throatcutter {drain, coup de grace}
 11086 | D:10     | Found a staircase to the Lair.
 11086 | D:10     | Noticed an elephant
 11087 | D:10     | 11087 ||| Stepping ~*~*~tactically~*~*~ (hiding).
 11096 | D:10     | Killed an elephant
 11104 | D:10     | 11104 ||| Stepping ~*~*~tactically~*~*~ (stealth).
 11105 | D:10     | 11105 ||| INVOKING Heroism.
 11187 | D:10     | Found a stormy altar of Qazlal.
 11217 | D:10     | 11217 ||| Stepping ~*~*~tactically~*~*~ (hiding).
 11221 | D:10     | Reached *** piety under Okawaru
 11223 | D:10     | 11223 ||| INVOKING Heroism.
 11225 | D:10     | 11225 ||| Stepping ~*~*~tactically~*~*~ (hiding).
 11291 | D:10     | 11291 ||| INVOKING Heroism.
 11304 | D:10     | Reached XP level 11. HP: 57/69 MP: 12/14
 11305 | D:10     | Reached skill level 9 in Fighting
 11310 | D:10     | 11310 ||| INVOKING Heroism.
 11617 | D:10     | Noticed a two-headed ogre
 11618 | D:10     | 11618 ||| INVOKING Heroism.
 11623 | D:10     | Killed a two-headed ogre
 11676 | D:10     | 11676 ||| Stepping ~*~*~tactically~*~*~ (hiding).
 11836 | D:10     | 11836 ||| PLANNING LAIR
 11836 | D:10     | 11836 ||| DROPPING +0 scale mail of cold resistance.
 11837 | D:10     | 11837 ||| UPGRADING to +3 chain mail of willpower.
 11847 | D:10     | 11847 ||| DROPPING +0 chain mail.
 11892 | Lair:1   | Entered Level 1 of the Lair of Beasts
 11893 | Lair:1   | 11893 ||| PLANNING GAUNTLET
 11975 | Lair:1   | 11975 ||| INVOKING Heroism.
 12110 | Lair:1   | 12110 ||| INVOKING Heroism.
 12114 | Lair:1   | 12114 ||| Stepping ~*~*~tactically~*~*~ (stealth).
 12129 | Lair:1   | 12129 ||| INVOKING Heroism.
 12279 | Lair:1   | 12279 ||| Stepping ~*~*~tactically~*~*~ (hiding).
 12283 | Lair:1   | 12283 ||| INVOKING Heroism.
 12458 | Lair:1   | Reached **** piety under Okawaru
 12466 | Lair:1   | 12466 ||| RIP GAUNTLET
 12501 | Lair:1   | 12501 ||| PLANNING LAIR
 12734 | Lair:1   | 12734 ||| INVOKING Heroism.
 12737 | Lair:1   | Reached skill level 12 in Axes
 13340 | Lair:1   | 13340 ||| READING scroll labelled DIOWUT XIXEW.
 13341 | Lair:1   | 13341 ||| READING scroll labelled NIBIAS QUQOIG.
 13425 | Lair:2   | 13425 ||| INVOKING Heroism.
 13478 | Lair:2   | 13478 ||| Stepping ~*~*~tactically~*~*~ (stealth).
 13492 | Lair:2   | 13492 ||| Stepping ~*~*~tactically~*~*~ (stealth).
 13496 | Lair:2   | Reached skill level 6 in Shields
 13500 | Lair:2   | 13500 ||| FLEEEEING.
 13547 | Lair:2   | 13547 ||| Stepping ~*~*~tactically~*~*~ (stealth).
 13548 | Lair:2   | 13548 ||| INVOKING Heroism.
 13562 | Lair:2   | Reached skill level 6 in Invocations
 13568 | Lair:2   | Reached ***** piety under Okawaru
 13598 | Lair:2   | 13598 ||| INVOKING Heroism.
 13608 | Lair:2   | Reached XP level 12. HP: 77/77 MP: 14/16
 13636 | Lair:2   | 13636 ||| INVOKING Heroism.
 13655 | Lair:2   | 13655 ||| INVOKING Heroism.
 13656 | Lair:2   | 13656 ||| Stepping ~*~*~tactically~*~*~ (stealth).
 13702 | Lair:2   | 13702 ||| Stepping ~*~*~tactically~*~*~ (stealth).
 13703 | Lair:2   | 13703 ||| Stepping ~*~*~tactically~*~*~ (stealth).
 13705 | Lair:2   | 13705 ||| INVOKING Heroism.
 13753 | Lair:2   | 13753 ||| Stepping ~*~*~tactically~*~*~ (stealth).
 13754 | Lair:2   | 13754 ||| INVOKING Heroism.
 13804 | Lair:2   | 13804 ||| INVOKING Heroism.
 13827 | Lair:2   | Found a staircase to the Swamp.
 13834 | Lair:2   | 13834 ||| INVOKING Heroism.
 13916 | Lair:2   | 13916 ||| INVOKING Heroism.
 14003 | Lair:2   | Found a hole to the Spider Nest.
 14004 | Lair:2   | 14004 ||| INVOKING Finesse.
 14006 | Lair:2   | 14006 ||| READING 6 scrolls of teleportation.
 14007 | Lair:2   | 14007 ||| Stepping randomly (stuck).
 14008 | Lair:2   | 14008 ||| INVOKING Heroism.
 14183 | Lair:2   | 14183 ||| INVOKING Heroism.
 14224 | Lair:2   | 14224 ||| INVOKING Finesse.
 14225 | Lair:2   | 14225 ||| READING 5 scrolls of teleportation.
 14226 | Lair:2   | 14226 ||| FLEEEEING.
 14227 | Lair:2   | 14227 ||| FLEEEEING.
 14228 | Lair:2   | 14228 ||| FLEEEEING.
 14595 | Lair:2   | 14595 ||| INVOKING Heroism.
 14644 | Lair:2   | Noticed Sonja
 14645 | Lair:2   | 14645 ||| INVOKING Heroism.
 14653 | Lair:2   | Killed Sonja
 14654 | Lair:2   | 14654 ||| INVOKING Finesse.
 14699 | Lair:2   | 14699 ||| READING scroll of enchant weapon.
 14699 | Lair:2   | 14699 ||| ENCHANTING +6 vorpal broad axe.
 14966 | Lair:3   | 14966 ||| Stepping ~*~*~tactically~*~*~ (hiding).
 14973 | Lair:3   | Identified the +2 chain mail "Vonireak" {+Blink rElec}
                  | (Okawaru gifted it to you on level 3 of the Lair of Beasts)
 14973 | Lair:3   | Received a gift from Okawaru
 15123 | Lair:3   | 15123 ||| INVOKING Heroism.
 15138 | Lair:3   | Reached skill level 9 in Invocations
 15163 | Lair:3   | 15163 ||| INVOKING Heroism.
 15164 | Lair:3   | Noticed a death yak
 15165 | Lair:3   | 15165 ||| INVOKING Finesse.
 15171 | Lair:3   | 15171 ||| Stepping randomly (cloudy).
 15185 | Lair:3   | Killed a death yak
 15186 | Lair:3   | Noticed a death yak
 15196 | Lair:3   | Killed a death yak
 15197 | Lair:3   | Reached XP level 13. HP: 45/82 MP: 14/20
 15198 | Lair:3   | 15198 ||| INVOKING Finesse.
 15252 | Lair:3   | 15252 ||| INVOKING Heroism.
 15636 | Lair:3   | 15636 ||| Stepping ~*~*~tactically~*~*~ (stealth).
 15637 | Lair:3   | 15637 ||| Stepping ~*~*~tactically~*~*~ (stealth).
 15638 | Lair:3   | 15638 ||| Stepping ~*~*~tactically~*~*~ (stealth).
 15642 | Lair:3   | 15642 ||| Stepping ~*~*~tactically~*~*~ (stealth).
 15700 | Lair:3   | 15700 ||| INVOKING Heroism.
 15756 | Lair:3   | 15756 ||| INVOKING Heroism.
 15909 | Lair:3   | 15909 ||| INVOKING Heroism.
 15992 | Lair:3   | Noticed a dire elephant
 16013 | Lair:3   | Found a runed translucent door.
 16207 | Lair:3   | 16207 ||| INVOKING Heroism.
 16827 | Lair:3   | 16827 ||| DROPPING +2 chain mail "Vonireak" {+Blink rElec}.
 16906 | Lair:3   | 16906 ||| READING scroll labelled YTIUXT QOULOXA.
 16907 | Lair:3   | 16907 ||| READING 10 scrolls of identify.
 16907 | Lair:3   | 16907 ||| IDENTIFYING white potion
 16908 | Lair:3   | 16908 ||| READING 9 scrolls of identify.
 16908 | Lair:3   | 16908 ||| IDENTIFYING cyan potion
 17168 | Lair:4   | 17168 ||| READING scroll of enchant armour.
 17168 | Lair:4   | 17168 ||| ENCHANTING +0 pair of boots.
 17213 | Lair:4   | 17213 ||| INVOKING Heroism.
 17230 | Lair:4   | Reached skill level 3 in Throwing
 17340 | Lair:4   | 17340 ||| Stepping ~*~*~tactically~*~*~ (stealth).
 17341 | Lair:4   | 17341 ||| INVOKING Heroism.
 17555 | Lair:4   | Reached skill level 9 in Armour
 17574 | Lair:4   | 17574 ||| Stepping ~*~*~tactically~*~*~ (stealth).
 17642 | Lair:4   | 17642 ||| Stepping ~*~*~tactically~*~*~ (stealth).
 17645 | Lair:4   | 17645 ||| INVOKING Heroism.
 18076 | Lair:4   | 18076 ||| READING scroll labelled TUZE EFUITE.
 18177 | Lair:4   | 18177 ||| READING scroll labelled YCARAUG CAIRY.
 18250 | Lair:4   | 18250 ||| READING 9 scrolls of identify.
 18250 | Lair:4   | 18250 ||| IDENTIFYING fuming silvery potion
 18251 | Lair:4   | 18251 ||| READING 8 scrolls of identify.
 18251 | Lair:4   | 18251 ||| IDENTIFYING murky silvery potion
 18252 | Lair:4   | 18252 ||| DROPPING potion of brilliance.
 18253 | Lair:4   | 18253 ||| DROPPING potion of ambrosia.
 18295 | Lair:5   | Entered Level 5 of the Lair of Beasts
 18298 | Lair:5   | 18298 ||| Stepping ~*~*~tactically~*~*~ (stealth).
 18308 | Lair:5   | 18308 ||| Stepping ~*~*~tactically~*~*~ (stealth).
 18312 | Lair:5   | 18312 ||| Stepping ~*~*~tactically~*~*~ (stealth).
 18316 | Lair:5   | 18316 ||| STAIRDANCE
 18355 | Lair:5   | 18355 ||| INVOKING Heroism.
 18356 | Lair:5   | 18356 ||| INVOKING Finesse.
 18497 | Lair:5   | Received a gift from Okawaru
 18514 | Lair:5   | 18514 ||| Stepping ~*~*~tactically~*~*~ (hiding).
 18515 | Lair:5   | 18515 ||| Stepping ~*~*~tactically~*~*~ (hiding).
 18516 | Lair:5   | 18516 ||| Stepping ~*~*~tactically~*~*~ (hiding).
 18543 | Lair:5   | 18543 ||| Stepping ~*~*~tactically~*~*~ (stealth).
 18544 | Lair:5   | 18544 ||| INVOKING Heroism.
 18545 | Lair:5   | 18545 ||| Stepping ~*~*~tactically~*~*~ (stealth).
 18584 | Lair:5   | 18584 ||| Stepping ~*~*~tactically~*~*~ (stealth).
 18650 | Lair:5   | Reached skill level 15 in Axes
 18690 | Lair:5   | 18690 ||| INVOKING Heroism.
 18691 | Lair:5   | 18691 ||| INVOKING Finesse.
 18693 | Lair:5   | 18693 ||| SWAPPING to +0 flail.
 18696 | Lair:5   | 18696 ||| Stepping ~*~*~tactically~*~*~ (outnumbered).
 18697 | Lair:5   | 18697 ||| Stepping ~*~*~tactically~*~*~ (outnumbered).
 18698 | Lair:5   | 18698 ||| Stepping ~*~*~tactically~*~*~ (outnumbered).
 18699 | Lair:5   | 18699 ||| Stepping ~*~*~tactically~*~*~ (outnumbered).
 18700 | Lair:5   | 18700 ||| Stepping ~*~*~tactically~*~*~ (outnumbered).
 18704 | Lair:5   | 18704 ||| Stepping ~*~*~tactically~*~*~ (outnumbered).
 18705 | Lair:5   | 18705 ||| INVOKING Heroism.
 18706 | Lair:5   | 18706 ||| Stepping ~*~*~tactically~*~*~ (outnumbered).
 18707 | Lair:5   | 18707 ||| Stepping ~*~*~tactically~*~*~ (outnumbered).
 18708 | Lair:5   | 18708 ||| Stepping ~*~*~tactically~*~*~ (outnumbered).
 18709 | Lair:5   | 18709 ||| Stepping ~*~*~tactically~*~*~ (outnumbered).
 18710 | Lair:5   | 18710 ||| Stepping ~*~*~tactically~*~*~ (outnumbered).
 18711 | Lair:5   | 18711 ||| Stepping ~*~*~tactically~*~*~ (outnumbered).
 18714 | Lair:5   | Gained mutation: Your large and strong wings let you fly.
                  | [Gargoyle growth]
 18714 | Lair:5   | Reached XP level 14. HP: 60/90 MP: 14/21
 18714 | Lair:5   | 18714 ||| SWAPPING to +7 vorpal broad axe.
 18792 | Lair:5   | 18792 ||| FLEEEEING.
 18801 | Lair:5   | 18801 ||| STAIRDANCE
 18836 | Lair:4   | 18836 ||| UPGRADING to +4 ring of evasion.
 18838 | Lair:4   | 18838 ||| DROPPING +6 ring of strength.
 18856 | Lair:5   | 18856 ||| INVOKING Heroism.
 18857 | Lair:5   | 18857 ||| INVOKING Finesse.
 18862 | Lair:5   | 18862 ||| SWAPPING to +0 flail.
 18872 | Lair:5   | 18872 ||| SWAPPING to +7 vorpal broad axe.
 18911 | Lair:5   | 18911 ||| Stepping ~*~*~tactically~*~*~ (stealth).
 18917 | Lair:5   | 18917 ||| INVOKING Heroism.
 18933 | Lair:5   | Received a gift from Okawaru
 18934 | Lair:5   | Reached skill level 12 in Fighting
 19074 | Lair:5   | 19074 ||| INVOKING Heroism.
 19113 | Lair:5   | Received a gift from Okawaru
 19118 | Lair:5   | 19118 ||| Stepping ~*~*~tactically~*~*~ (stealth).
 19142 | Lair:5   | 19142 ||| Stepping ~*~*~tactically~*~*~ (hiding).
 19143 | Lair:5   | 19143 ||| Stepping ~*~*~tactically~*~*~ (hiding).
 19188 | Lair:5   | 19188 ||| Stepping ~*~*~tactically~*~*~ (hiding).
 19191 | Lair:5   | 19191 ||| INVOKING Heroism.
 19210 | Lair:5   | 19210 ||| Stepping ~*~*~tactically~*~*~ (stealth).
 19405 | Lair:5   | 19405 ||| Stepping ~*~*~tactically~*~*~ (stealth).
 19407 | Lair:5   | 19407 ||| Stepping ~*~*~tactically~*~*~ (stealth).
 19415 | Lair:5   | 19415 ||| Stepping ~*~*~tactically~*~*~ (hiding).
 19417 | Lair:5   | 19417 ||| INVOKING Heroism.
 19419 | Lair:5   | Received a gift from Okawaru
 19419 | Lair:5   | Found the +7 Kryia's mail coat {PotionHeal*2 rC+}
 19488 | Lair:5   | 19488 ||| INVOKING Heroism.
 19506 | Lair:5   | 19506 ||| Stepping ~*~*~tactically~*~*~ (stealth).
 19579 | Lair:5   | 19579 ||| Stepping ~*~*~tactically~*~*~ (stealth).
 19581 | Lair:5   | 19581 ||| Stepping ~*~*~tactically~*~*~ (stealth).
 19596 | Lair:5   | 19596 ||| Stepping ~*~*~tactically~*~*~ (stealth).
 19601 | Lair:5   | 19601 ||| Stepping ~*~*~tactically~*~*~ (stealth).
 19612 | Lair:5   | 19612 ||| INVOKING Heroism.
 19674 | Lair:5   | 19674 ||| INVOKING Heroism.
 19686 | Lair:5   | Reached ****** piety under Okawaru
 19745 | Lair:5   | 19745 ||| INVOKING Heroism.
 19830 | Lair:5   | 19830 ||| Stepping ~*~*~tactically~*~*~ (hiding).
 20124 | Lair:5   | 20124 ||| INVOKING Heroism.
 20125 | Lair:5   | 20125 ||| INVOKING Finesse.
 20130 | Lair:5   | 20130 ||| SWAPPING to +0 flail.
 20138 | Lair:5   | 20138 ||| SWAPPING to +7 vorpal broad axe.
 20243 | Lair:5   | 20243 ||| Stepping ~*~*~tactically~*~*~ (hiding).
 20246 | Lair:5   | 20246 ||| INVOKING Heroism.
 20247 | Lair:5   | 20247 ||| INVOKING Finesse.
 20322 | Lair:5   | Found a runed translucent door.
 20324 | Lair:5   | 20324 ||| INVOKING Heroism.
 20364 | Lair:5   | 20364 ||| Stepping ~*~*~tactically~*~*~ (stealth).
 20366 | Lair:5   | 20366 ||| Stepping ~*~*~tactically~*~*~ (stealth).
 20376 | Lair:5   | 20376 ||| Stepping ~*~*~tactically~*~*~ (stealth).
 20377 | Lair:5   | 20377 ||| Stepping ~*~*~tactically~*~*~ (stealth).
 20378 | Lair:5   | 20378 ||| INVOKING Heroism.
 20387 | Lair:5   | Received a gift from Okawaru
 20521 | Lair:5   | 20521 ||| INVOKING Heroism.
 20677 | Lair:5   | 20677 ||| READING scroll of enchant weapon.
 20677 | Lair:5   | 20677 ||| ENCHANTING +7 vorpal broad axe.
 20700 | Lair:5   | 20700 ||| INVOKING Heroism.
 20707 | Lair:5   | 20707 ||| Stepping ~*~*~tactically~*~*~ (stealth).
 20713 | Lair:5   | Reached XP level 15. HP: 96/96 MP: 22/22
 20832 | Lair:5   | Found a runed translucent door.
 20833 | Lair:5   | Found a viscous altar of Jiyva.
 20835 | Lair:5   | Found a staircase to the Slime Pits.
 20835 | Lair:5   | Noticed an acid blob
 20838 | Lair:5   | 20838 ||| READING scroll of brand weapon.
 20838 | Lair:5   | 20838 ||| BRANDING +8 vorpal broad axe.
 20839 | Lair:5   | 20839 ||| DROPPING +0 flail.
 20949 | Lair:5   | 20949 ||| PLANNING D:1-11
 20949 | Lair:5   | 20949 ||| UPGRADING to +7 Kryia's mail coat {PotionHeal*2
                  | rC+}.
 21202 | D:11     | 21202 ||| Stepping ~*~*~tactically~*~*~ (stealth).
 21216 | D:11     | 21216 ||| INVOKING Heroism.
 21224 | D:11     | 21224 ||| DRINKING 7 potions of curing.
 21224 | D:11     | 21224 ||| (to cure confusion)
 21575 | D:11     | 21575 ||| FLEEEEING.
 21576 | D:11     | 21576 ||| FLEEEEING.
 21577 | D:11     | 21577 ||| FLEEEEING.
 21578 | D:11     | 21578 ||| FLEEEEING.
 21579 | D:11     | 21579 ||| FLEEEEING.
 21580 | D:11     | 21580 ||| FLEEEEING.
 21741 | D:11     | 21741 ||| PLANNING D
 21783 | D:12     | 21783 ||| INVOKING Heroism.
 22069 | D:12     | 22069 ||| INVOKING Heroism.
 22086 | D:12     | 22086 ||| Stepping ~*~*~tactically~*~*~ (stealth).
 22342 | D:12     | Noticed a fire giant
 22342 | D:12     | Noticed a tengu reaver
 22343 | D:12     | Found a runed translucent door.
 22420 | D:12     | Noticed qw's ghost (journeyman GrFi)
 22434 | D:12     | Found a runed translucent gate.
 22434 | D:12     | Found a runed translucent gate.
 22434 | D:12     | Found a runed translucent gate.
 22508 | D:12     | Found a portal to a secret trove of treasure.
 22706 | D:12     | 22706 ||| DROPPING +1 pair of gloves.
 22781 | D:13     | 22781 ||| READING 6 scrolls of teleportation.
 22933 | D:13     | Noticed Jorgrun
 22934 | D:13     | 22934 ||| Stepping ~*~*~tactically~*~*~ (hiding).
 22936 | D:13     | 22936 ||| INVOKING Heroism.
 22937 | D:13     | 22937 ||| INVOKING Finesse.
 22948 | D:13     | Killed Jorgrun
 22948 | D:13     | Received a gift from Okawaru
 23140 | D:13     | 23140 ||| Stepping ~*~*~tactically~*~*~ (stealth).
 23263 | D:13     | 23263 ||| READING scroll of enchant armour.
 23263 | D:13     | 23263 ||| ENCHANTING +1 pair of boots.
 23420 | D:13     | 23420 ||| INVOKING Heroism.
 24305 | D:14     | 24305 ||| INVOKING Heroism.
 24332 | D:14     | 24332 ||| INVOKING Heroism.
 24409 | D:14     | 24409 ||| FLEEEEING.
 24410 | D:14     | 24410 ||| FLEEEEING.
 24411 | D:14     | 24411 ||| FLEEEEING.
 24412 | D:14     | 24412 ||| FLEEEEING.
 24413 | D:14     | 24413 ||| FLEEEEING.
 24414 | D:14     | 24414 ||| FLEEEEING.
 24415 | D:14     | 24415 ||| FLEEEEING.
 24527 | D:14     | Found a stormy altar of Qazlal.
 24542 | D:14     | 24542 ||| Stepping ~*~*~tactically~*~*~ (stealth).
 24680 | D:14     | Identified the +1 cloak of Paranoia {rElec rPois rF+++
                  | Will-} (Okawaru gifted it to you on level 14 of the
                  | Dungeon)
 24680 | D:14     | Received a gift from Okawaru
 24733 | D:14     | 24733 ||| Stepping ~*~*~tactically~*~*~ (stealth).
 24764 | D:14     | 24764 ||| Stepping ~*~*~tactically~*~*~ (stealth).
 24780 | D:14     | 24780 ||| Stepping ~*~*~tactically~*~*~ (stealth).
 24898 | D:14     | 24898 ||| INVOKING Heroism.
 24899 | D:14     | 24899 ||| INVOKING Finesse.
 24902 | D:14     | 24902 ||| Stepping ~*~*~tactically~*~*~ (stealth).
 24909 | D:14     | 24909 ||| Stepping ~*~*~tactically~*~*~ (hiding).
 24915 | D:14     | Reached skill level 6 in Dodging
 25179 | D:14     | Found a gate to the Vaults.
 25249 | D:14     | 25249 ||| UPGRADING to +1 cloak of Paranoia {rElec rPois
                  | rF+++ Will-}.
 25259 | D:14     | 25259 ||| DROPPING +3 chain mail of willpower.
 25260 | D:14     | 25260 ||| UPGRADING to +0 plate armour of willpower.
 25313 | D:15     | Entered Level 15 of the Dungeon
 25316 | D:15     | 25316 ||| Stepping ~*~*~tactically~*~*~ (stealth).
 25317 | D:15     | 25317 ||| Stepping ~*~*~tactically~*~*~ (stealth).
 25334 | D:15     | 25334 ||| INVOKING Heroism.
 25335 | D:15     | 25335 ||| Stepping ~*~*~tactically~*~*~ (stealth).
 25362 | D:15     | 25362 ||| Stepping ~*~*~tactically~*~*~ (stealth).
 25363 | D:15     | 25363 ||| Stepping ~*~*~tactically~*~*~ (stealth).
 25364 | D:15     | 25364 ||| Stepping ~*~*~tactically~*~*~ (stealth).
 25429 | D:15     | 25429 ||| Stepping ~*~*~tactically~*~*~ (stealth).
 25430 | D:15     | 25430 ||| Stepping ~*~*~tactically~*~*~ (stealth).
 25457 | D:15     | Found a white marble altar of Elyvilon.
 25512 | D:15     | 25512 ||| INVOKING Heroism.
 25523 | D:15     | 25523 ||| Stepping ~*~*~tactically~*~*~ (hiding).
 25796 | D:15     | 25796 ||| Stepping ~*~*~tactically~*~*~ (stealth).
 25799 | D:15     | 25799 ||| INVOKING Heroism.
 25800 | D:15     | 25800 ||| Stepping ~*~*~tactically~*~*~ (stealth).
 25807 | D:15     | Reached skill level 12 in Armour
 25884 | D:15     | Noticed Agnes
 25885 | D:15     | 25885 ||| INVOKING Heroism.
 25886 | D:15     | 25886 ||| INVOKING Finesse.
 25894 | D:15     | Killed Agnes
 25895 | D:15     | Reached XP level 16. HP: 104/104 MP: 16/23
 25901 | D:15     | Reached skill level 6 in Throwing
 26115 | D:15     | Found a runed translucent door.
 26119 | D:15     | Noticed qw's ghost (adept GrFi)
 26163 | D:15     | 26163 ||| Stepping ~*~*~tactically~*~*~ (hiding).
 26666 | D:15     | 26666 ||| FLEEEEING.
 26667 | D:15     | 26667 ||| FLEEEEING.
 26668 | D:15     | 26668 ||| FLEEEEING.
 26670 | D:15     | 26670 ||| Stepping ~*~*~tactically~*~*~ (hiding).
 26714 | D:15     | Found a staircase to the Depths.
 26715 | D:15     | 26715 ||| INVOKING Heroism.
 26789 | D:15     | 26789 ||| PLANNING ORC
 26895 | Orc:1    | Entered Level 1 of the Orcish Mines
 26896 | Orc:1    | 26896 ||| INVOKING Heroism.
 26935 | Orc:1    | 26935 ||| INVOKING Heroism.
 27019 | Orc:2    | Entered Level 2 of the Orcish Mines
 27022 | Orc:2    | 27022 ||| INVOKING Heroism.
 27023 | Orc:2    | 27023 ||| INVOKING Finesse.
 27045 | Orc:2    | Received a gift from Okawaru
 27076 | Orc:2    | 27076 ||| Stepping ~*~*~tactically~*~*~ (stealth).
 27085 | Orc:2    | 27085 ||| Stepping ~*~*~tactically~*~*~ (stealth).
 27086 | Orc:2    | 27086 ||| DRINKING 10 potions of curing.
 27086 | Orc:2    | 27086 ||| (to cure confusion)
 27087 | Orc:2    | 27087 ||| Stepping ~*~*~tactically~*~*~ (hiding).
 27088 | Orc:2    | 27088 ||| Stepping ~*~*~tactically~*~*~ (hiding).
 27089 | Orc:2    | 27089 ||| FLEEEEING.
 27090 | Orc:2    | 27090 ||| FLEEEEING.
 27091 | Orc:2    | 27091 ||| FLEEEEING.
 27092 | Orc:2    | 27092 ||| STAIRDANCE
 27134 | Orc:2    | 27134 ||| STAIRDANCE
 27150 | Orc:2    | 27150 ||| STAIRDANCE
 27156 | Orc:2    | 27156 ||| STAIRDANCE
 27166 | Orc:2    | 27166 ||| Stepping ~*~*~tactically~*~*~ (hiding).
 27248 | Orc:2    | 27248 ||| Stepping ~*~*~tactically~*~*~ (hiding).
 27362 | Orc:2    | 27362 ||| INVOKING Heroism.
 27380 | Orc:2    | 27380 ||| Stepping ~*~*~tactically~*~*~ (stealth).
 27382 | Orc:2    | 27382 ||| Stepping ~*~*~tactically~*~*~ (hiding).
 27383 | Orc:2    | 27383 ||| Stepping ~*~*~tactically~*~*~ (hiding).
 27511 | Orc:2    | 27511 ||| FLEEEEING.
 27516 | Orc:2    | 27516 ||| FLEEEEING.
 27517 | Orc:2    | 27517 ||| FLEEEEING.
 27518 | Orc:2    | 27518 ||| FLEEEEING.
 27519 | Orc:2    | 27519 ||| FLEEEEING.
 27520 | Orc:2    | 27520 ||| FLEEEEING.
 27521 | Orc:2    | 27521 ||| FLEEEEING.
 27522 | Orc:2    | 27522 ||| FLEEEEING.
 27523 | Orc:2    | 27523 ||| FLEEEEING.
 27524 | Orc:2    | 27524 ||| FLEEEEING.
 27525 | Orc:2    | 27525 ||| STAIRDANCE
 27527 | Orc:1    | 27527 ||| INVOKING Heroism.
 27571 | Orc:2    | 27571 ||| STAIRDANCE
 27592 | Orc:2    | 27592 ||| Stepping ~*~*~tactically~*~*~ (hiding).
 27595 | Orc:2    | 27595 ||| INVOKING Heroism.
 27607 | Orc:2    | Found a staircase to the Elven Halls.
 27628 | Orc:2    | 27628 ||| Stepping ~*~*~tactically~*~*~ (stealth).
 27629 | Orc:2    | 27629 ||| Stepping ~*~*~tactically~*~*~ (stealth).
 27632 | Orc:2    | 27632 ||| Stepping ~*~*~tactically~*~*~ (hiding).
 27634 | Orc:2    | 27634 ||| Stepping ~*~*~tactically~*~*~ (hiding).
 27644 | Orc:2    | 27644 ||| FLEEEEING.
 27648 | Orc:2    | 27648 ||| FLEEEEING.
 27649 | Orc:2    | 27649 ||| FLEEEEING.
 27650 | Orc:2    | 27650 ||| FLEEEEING.
 27651 | Orc:2    | 27651 ||| FLEEEEING.
 27652 | Orc:2    | 27652 ||| FLEEEEING.
 27653 | Orc:2    | 27653 ||| FLEEEEING.
 27654 | Orc:2    | 27654 ||| FLEEEEING.
 27661 | Orc:2    | 27661 ||| FLEEEEING.
 27662 | Orc:2    | 27662 ||| FLEEEEING.
 27663 | Orc:2    | 27663 ||| FLEEEEING.
 27664 | Orc:2    | 27664 ||| FLEEEEING.
 27665 | Orc:2    | 27665 ||| FLEEEEING.
 27666 | Orc:2    | 27666 ||| FLEEEEING.
 27667 | Orc:2    | 27667 ||| FLEEEEING.
 27668 | Orc:2    | 27668 ||| FLEEEEING.
 27669 | Orc:2    | 27669 ||| FLEEEEING.
 27670 | Orc:2    | 27670 ||| FLEEEEING.
 27671 | Orc:2    | 27671 ||| FLEEEEING.
 27672 | Orc:2    | 27672 ||| STAIRDANCE
 27730 | Orc:2    | Received a gift from Okawaru
 27800 | Orc:2    | Found Duteoff's Magic Scroll Shop.
 27802 | Orc:2    | 27802 ||| INVOKING Heroism.
 27803 | Orc:2    | Found Wecoafuy's Magic Scroll Boutique.
 27818 | Orc:2    | 27818 ||| INVOKING Heroism.
 27828 | Orc:2    | 27828 ||| FLEEEEING.
 27835 | Orc:2    | 27835 ||| FLEEEEING.
 27836 | Orc:2    | 27836 ||| FLEEEEING.
 27837 | Orc:2    | 27837 ||| FLEEEEING.
 27838 | Orc:2    | 27838 ||| FLEEEEING.
 27839 | Orc:2    | 27839 ||| FLEEEEING.
 27840 | Orc:2    | 27840 ||| FLEEEEING.
 27847 | Orc:2    | 27847 ||| FLEEEEING.
 28084 | Orc:2    | 28084 ||| BUYING scroll of enchant armour (105 gold).
 28084 | Orc:2    | Bought a scroll of enchant armour for 105 gold pieces
 28084 | Orc:2    | 28084 ||| BUYING scroll of teleportation (42 gold).
 28084 | Orc:2    | Bought a scroll of teleportation for 42 gold pieces
 28084 | Orc:2    | 28084 ||| READING scroll of enchant armour.
 28084 | Orc:2    | 28084 ||| ENCHANTING +0 plate armour of willpower.
 28087 | Orc:2    | 28087 ||| BUYING scroll of enchant armour (112 gold).
 28087 | Orc:2    | Bought a scroll of enchant armour for 112 gold pieces
 28087 | Orc:2    | 28087 ||| BUYING scroll of teleportation (45 gold).
 28087 | Orc:2    | Bought a scroll of teleportation for 45 gold pieces
 28087 | Orc:2    | 28087 ||| READING scroll of enchant armour.
 28087 | Orc:2    | 28087 ||| ENCHANTING +1 plate armour of willpower.
 28103 | Orc:2    | 28103 ||| INVOKING Heroism.
 28117 | Orc:2    | 28117 ||| Stepping ~*~*~tactically~*~*~ (hiding).
 28134 | Orc:2    | 28134 ||| INVOKING Heroism.
 28154 | Orc:2    | HP: 21/104 [orc warrior/+0 trident (9)]
 28154 | Orc:2    | HP: 8/104 [orc priest/divine providence (13)]
 28155 | Orc:2    | 28155 ||| READING 10 scrolls of teleportation.
 28156 | Orc:2    | 28156 ||| DRINKING 5 potions of heal wounds.
 28157 | Orc:2    | 28157 ||| DRINKING 4 potions of heal wounds.
 28568 | Orc:2    | 28568 ||| INVOKING Heroism.
 28589 | Orc:2    | 28589 ||| Stepping ~*~*~tactically~*~*~ (hiding).
 28597 | Orc:2    | Received a gift from Okawaru
 28611 | Orc:2    | 28611 ||| Stepping ~*~*~tactically~*~*~ (hiding).
 28613 | Orc:2    | 28613 ||| INVOKING Heroism.
 28622 | Orc:2    | Reached skill level 18 in Axes
 28675 | Orc:2    | 28675 ||| Stepping ~*~*~tactically~*~*~ (stealth).
 28683 | Orc:2    | 28683 ||| FLEEEEING.
 28684 | Orc:2    | 28684 ||| FLEEEEING.
 28685 | Orc:2    | 28685 ||| FLEEEEING.
 28686 | Orc:2    | 28686 ||| FLEEEEING.
 28687 | Orc:2    | 28687 ||| FLEEEEING.
 28692 | Orc:2    | 28692 ||| FLEEEEING.
 28693 | Orc:2    | 28693 ||| FLEEEEING.
 28694 | Orc:2    | 28694 ||| FLEEEEING.
 28695 | Orc:2    | 28695 ||| FLEEEEING.
 28700 | Orc:2    | 28700 ||| FLEEEEING.
 28704 | Orc:2    | 28704 ||| FLEEEEING.
 28705 | Orc:2    | 28705 ||| FLEEEEING.
 28706 | Orc:2    | 28706 ||| FLEEEEING.
 28707 | Orc:2    | 28707 ||| FLEEEEING.
 28708 | Orc:2    | 28708 ||| FLEEEEING.
 28709 | Orc:2    | 28709 ||| FLEEEEING.
 28714 | Orc:2    | 28714 ||| FLEEEEING.
 28715 | Orc:2    | 28715 ||| FLEEEEING.
 28716 | Orc:2    | 28716 ||| FLEEEEING.
 28717 | Orc:2    | 28717 ||| FLEEEEING.
 28718 | Orc:2    | 28718 ||| FLEEEEING.
 28719 | Orc:2    | 28719 ||| FLEEEEING.
 28720 | Orc:2    | 28720 ||| FLEEEEING.
 28721 | Orc:2    | 28721 ||| FLEEEEING.
 28722 | Orc:2    | 28722 ||| FLEEEEING.
 28723 | Orc:2    | 28723 ||| FLEEEEING.
 28724 | Orc:2    | 28724 ||| STAIRDANCE
 28782 | Orc:1    | 28782 ||| Stepping ~*~*~tactically~*~*~ (stealth).
 28809 | Orc:2    | 28809 ||| INVOKING Heroism.
 28898 | Orc:2    | 28898 ||| DROPPING +0 broad axe of venom.
 28906 | Orc:2    | 28906 ||| INVOKING Heroism.
 28982 | Orc:2    | Found Dajesyhete's Antique Weapon Emporium.
 28982 | Orc:2    | Found Wuysmar's Jewellery Shoppe.
 28983 | Orc:2    | Found a one-way gate leading to the halls of Pandemonium.
 28987 | Orc:2    | 28987 ||| BUYING amulet of the acrobat (390 gold).
 28987 | Orc:2    | Bought an amulet of the acrobat for 390 gold pieces
 28987 | Orc:2    | 28987 ||| BUYING ring of Naw Guchial {Ice Fly Will+ Dex+3}
                  | (598 gold).
 28987 | Orc:2    | Bought the ring of Naw Guchial {Ice Fly Will+ Dex+3} for
                  | 598 gold pieces
 29037 | Orc:2    | 29037 ||| UPGRADING to amulet of the acrobat.
 29042 | Orc:2    | 29042 ||| DROPPING ring of ice.
 29043 | Orc:2    | 29043 ||| UPGRADING to ring of Naw Guchial {Ice Fly Will+
                  | Dex+3}.
 29113 | Orc:1    | Noticed Josephine
 29114 | Orc:1    | 29114 ||| Stepping ~*~*~tactically~*~*~ (hiding).
 29115 | Orc:1    | 29115 ||| Stepping ~*~*~tactically~*~*~ (hiding).
 29118 | Orc:1    | 29118 ||| INVOKING Heroism.
 29124 | Orc:1    | Killed Josephine
 29125 | Orc:1    | Reached skill level 9 in Shields
 29126 | Orc:1    | 29126 ||| Stepping ~*~*~tactically~*~*~ (stealth).
 29127 | Orc:1    | 29127 ||| Stepping ~*~*~tactically~*~*~ (stealth).
 29128 | Orc:1    | 29128 ||| Stepping ~*~*~tactically~*~*~ (stealth).
 29273 | Orc:1    | 29273 ||| Stepping ~*~*~tactically~*~*~ (stealth).
 29274 | Orc:1    | 29274 ||| Stepping ~*~*~tactically~*~*~ (stealth).
 29293 | Orc:1    | 29293 ||| Stepping ~*~*~tactically~*~*~ (hiding).
 29294 | Orc:1    | 29294 ||| Stepping ~*~*~tactically~*~*~ (stealth).
 29506 | Orc:1    | 29506 ||| PLANNING SWAMP:1-3
 29667 | Swamp:1  | Entered Level 1 of the Swamp
 29668 | Swamp:1  | 29668 ||| INVOKING Heroism.
 30054 | Swamp:1  | 30054 ||| INVOKING Heroism.
 30060 | Swamp:1  | Identified the +0 troll leather armour of Olaotepp {rElec
                  | rPois Regen+ Dex+4} (Okawaru gifted it to you on level 1 of
                  | the Swamp)
 30060 | Swamp:1  | Received a gift from Okawaru
 30072 | Swamp:1  | 30072 ||| INVOKING Finesse.
 30084 | Swamp:1  | Found a frozen archway.
 30086 | Swamp:1  | 30086 ||| Stepping ~*~*~tactically~*~*~ (stealth).
 30117 | Swamp:1  | 30117 ||| INVOKING Heroism.
 30125 | Swamp:1  | 30125 ||| INVOKING Finesse.
 30131 | Swamp:1  | 30131 ||| Stepping ~*~*~tactically~*~*~ (cloud).
 30229 | Swamp:1  | 30229 ||| INVOKING Heroism.
 30668 | Swamp:1  | 30668 ||| UPGRADING to +0 helmet.
 30682 | Swamp:2  | 30682 ||| INVOKING Heroism.
 30877 | Swamp:2  | 30877 ||| Stepping ~*~*~tactically~*~*~ (hiding).
 30879 | Swamp:2  | 30879 ||| INVOKING Heroism.
 30969 | Swamp:2  | 30969 ||| Stepping ~*~*~tactically~*~*~ (stealth).
 30970 | Swamp:2  | 30970 ||| INVOKING Heroism.
 31124 | Swamp:2  | Noticed Donald
 31125 | Swamp:2  | 31125 ||| INVOKING Heroism.
 31126 | Swamp:2  | 31126 ||| INVOKING Finesse.
 31140 | Swamp:2  | Killed Donald
 31447 | Swamp:2  | 31447 ||| Stepping ~*~*~tactically~*~*~ (hiding).
 31450 | Swamp:2  | 31450 ||| INVOKING Heroism.
 31482 | Swamp:2  | 31482 ||| Stepping ~*~*~tactically~*~*~ (hiding).
 31502 | Swamp:2  | Reached XP level 17. HP: 73/111 MP: 24/24
 31515 | Swamp:2  | 31515 ||| INVOKING Heroism.
 31559 | Swamp:2  | 31559 ||| Stepping ~*~*~tactically~*~*~ (stealth).
 31646 | Swamp:2  | 31646 ||| Stepping ~*~*~tactically~*~*~ (stealth).
 31647 | Swamp:2  | 31647 ||| Stepping ~*~*~tactically~*~*~ (stealth).
 31694 | Swamp:2  | 31694 ||| Stepping ~*~*~tactically~*~*~ (hiding).
 31698 | Swamp:2  | 31698 ||| INVOKING Heroism.
 31727 | Swamp:2  | 31727 ||| Stepping ~*~*~tactically~*~*~ (hiding).
 31741 | Swamp:2  | 31741 ||| INVOKING Heroism.
 32112 | Swamp:2  | 32112 ||| UPGRADING to +0 kite shield of reflection.
 32122 | Swamp:2  | 32122 ||| DROPPING +0 buckler.
 32123 | Swamp:2  | 32123 ||| DROPPING +6 ring of intelligence.
 32161 | Swamp:3  | 32161 ||| INVOKING Heroism.
 32421 | Swamp:3  | 32421 ||| Stepping ~*~*~tactically~*~*~ (hiding).
 32430 | Swamp:3  | 32430 ||| INVOKING Heroism.
 32697 | Swamp:3  | 32697 ||| PLANNING SPIDER:1-3
 32697 | Swamp:3  | 32697 ||| DROPPING +1 cloak.
 32774 | Lair:2   | 32774 ||| INVOKING Heroism.
 33016 | Spider:1 | Entered Level 1 of the Spider Nest
 33030 | Spider:1 | 33030 ||| READING scroll of enchant weapon.
 33030 | Spider:1 | 33030 ||| ENCHANTING +8 broad axe of flaming.
 33074 | Spider:1 | 33074 ||| INVOKING Heroism.
 33316 | Spider:1 | 33316 ||| Stepping ~*~*~tactically~*~*~ (stealth).
 33355 | Spider:1 | 33355 ||| INVOKING Heroism.
 33590 | Spider:1 | 33590 ||| Stepping ~*~*~tactically~*~*~ (stealth).
 33594 | Spider:1 | 33594 ||| Stepping ~*~*~tactically~*~*~ (stealth).
 33596 | Spider:1 | 33596 ||| Stepping ~*~*~tactically~*~*~ (stealth).
 33597 | Spider:1 | 33597 ||| INVOKING Heroism.
 33600 | Spider:1 | 33600 ||| Stepping ~*~*~tactically~*~*~ (stealth).
 33631 | Spider:1 | 33631 ||| Stepping ~*~*~tactically~*~*~ (stealth).
 33636 | Spider:1 | Received a gift from Okawaru
 33658 | Spider:1 | 33658 ||| INVOKING Heroism.
 33666 | Spider:1 | Reached skill level 12 in Shields
 33675 | Spider:1 | 33675 ||| INVOKING Finesse.
 33919 | Spider:1 | 33919 ||| Stepping ~*~*~tactically~*~*~ (stealth).
 33920 | Spider:1 | 33920 ||| Stepping ~*~*~tactically~*~*~ (stealth).
 33925 | Spider:1 | 33925 ||| Stepping ~*~*~tactically~*~*~ (stealth).
 34060 | Spider:2 | 34060 ||| STAIRDANCE
 34307 | Spider:2 | 34307 ||| Stepping ~*~*~tactically~*~*~ (stealth).
 34308 | Spider:2 | 34308 ||| Stepping ~*~*~tactically~*~*~ (stealth).
 34311 | Spider:2 | 34311 ||| Stepping ~*~*~tactically~*~*~ (stealth).
 34355 | Spider:2 | 34355 ||| Stepping ~*~*~tactically~*~*~ (stealth).
 34357 | Spider:2 | 34357 ||| Stepping ~*~*~tactically~*~*~ (stealth).
 34378 | Spider:2 | 34378 ||| Stepping ~*~*~tactically~*~*~ (stealth).
 34382 | Spider:2 | 34382 ||| Stepping ~*~*~tactically~*~*~ (stealth).
 34426 | Spider:2 | 34426 ||| Stepping ~*~*~tactically~*~*~ (stealth).
 34556 | Spider:2 | 34556 ||| Stepping ~*~*~tactically~*~*~ (stealth).
 34699 | Spider:2 | 34699 ||| INVOKING Finesse.
 34819 | Spider:2 | 34819 ||| Stepping ~*~*~tactically~*~*~ (stealth).
 34859 | Spider:2 | 34859 ||| INVOKING Heroism.
 34860 | Spider:2 | 34860 ||| Stepping ~*~*~tactically~*~*~ (hiding).
 34913 | Spider:2 | 34913 ||| INVOKING Finesse.
 34917 | Spider:2 | Received a gift from Okawaru
 35018 | Spider:2 | 35018 ||| INVOKING Heroism.
 35021 | Spider:2 | 35021 ||| Stepping ~*~*~tactically~*~*~ (stealth).
 35492 | Spider:2 | 35492 ||| UPGRADING to amulet of reflection.
 35502 | Spider:2 | 35502 ||| DROPPING amulet of the acrobat.
 35688 | Spider:3 | 35688 ||| FLEEEEING.
 35689 | Spider:3 | 35689 ||| FLEEEEING.
 35690 | Spider:3 | 35690 ||| FLEEEEING.
 35691 | Spider:3 | 35691 ||| FLEEEEING.
 35692 | Spider:3 | 35692 ||| FLEEEEING.
 35693 | Spider:3 | 35693 ||| FLEEEEING.
 35694 | Spider:3 | 35694 ||| FLEEEEING.
 35695 | Spider:3 | 35695 ||| FLEEEEING.
 35696 | Spider:3 | 35696 ||| FLEEEEING.
 35697 | Spider:3 | 35697 ||| FLEEEEING.
 35698 | Spider:3 | 35698 ||| FLEEEEING.
 35699 | Spider:3 | 35699 ||| FLEEEEING.
 35700 | Spider:3 | 35700 ||| FLEEEEING.
 35701 | Spider:3 | 35701 ||| STAIRDANCE
 35705 | Spider:3 | 35705 ||| STAIRDANCE
 35709 | Spider:2 | Identified the +9 hand crossbow of the Tooth {flame, rC+
                  | rN+ Dex-5 Stlth+} (Okawaru gifted it to you on level 2 of
                  | the Spider Nest)
 35709 | Spider:2 | Received a gift from Okawaru
 35749 | Spider:3 | 35749 ||| Stepping ~*~*~tactically~*~*~ (hiding).
 35752 | Spider:3 | 35752 ||| INVOKING Heroism.
 35928 | Spider:3 | 35928 ||| Stepping ~*~*~tactically~*~*~ (hiding).
 35936 | Spider:3 | 35936 ||| INVOKING Heroism.
 35947 | Spider:3 | 35947 ||| Stepping ~*~*~tactically~*~*~ (stealth).
 35955 | Spider:3 | Reached XP level 18. HP: 57/118 MP: 25/25
 35973 | Spider:3 | 35973 ||| Stepping ~*~*~tactically~*~*~ (stealth).
 35975 | Spider:3 | 35975 ||| Stepping ~*~*~tactically~*~*~ (stealth).
 35976 | Spider:3 | 35976 ||| INVOKING Heroism.
 35995 | Spider:3 | 35995 ||| Stepping ~*~*~tactically~*~*~ (stealth).
 36089 | Spider:3 | 36089 ||| Stepping ~*~*~tactically~*~*~ (stealth).
 36202 | Spider:3 | 36202 ||| Stepping ~*~*~tactically~*~*~ (stealth).
 36204 | Spider:3 | 36204 ||| Stepping ~*~*~tactically~*~*~ (stealth).
 36205 | Spider:3 | 36205 ||| INVOKING Heroism.
 36218 | Spider:3 | Reached skill level 15 in Fighting
 36247 | Spider:3 | 36247 ||| Stepping ~*~*~tactically~*~*~ (stealth).
 36251 | Spider:3 | 36251 ||| Stepping ~*~*~tactically~*~*~ (stealth).
 36510 | Spider:3 | 36510 ||| Stepping ~*~*~tactically~*~*~ (stealth).
 36590 | Spider:3 | 36590 ||| Stepping ~*~*~tactically~*~*~ (stealth).
 36659 | Spider:3 | 36659 ||| Stepping ~*~*~tactically~*~*~ (stealth).
 36662 | Spider:3 | 36662 ||| INVOKING Heroism.
 36904 | Spider:3 | 36904 ||| PLANNING SWAMP:4
 36904 | Spider:3 | 36904 ||| DROPPING ring of see invisible.
 37052 | Swamp:4  | Entered Level 4 of the Swamp
 37060 | Swamp:4  | 37060 ||| INVOKING Heroism.
 37130 | Swamp:4  | Reached skill level 15 in Armour
 37149 | Swamp:4  | 37149 ||| FLEEEEING.
 37150 | Swamp:4  | 37150 ||| FLEEEEING.
 37182 | Swamp:4  | 37182 ||| Stepping ~*~*~tactically~*~*~ (hiding).
 37184 | Swamp:4  | 37184 ||| Stepping ~*~*~tactically~*~*~ (hiding).
 37247 | Swamp:4  | 37247 ||| INVOKING Heroism.
 37279 | Swamp:4  | 37279 ||| Stepping ~*~*~tactically~*~*~ (hiding).
 37401 | Swamp:4  | 37401 ||| Stepping ~*~*~tactically~*~*~ (hiding).
 37403 | Swamp:4  | 37403 ||| INVOKING Heroism.
 37439 | Swamp:4  | Noticed the 27-headed Lernaean hydra
 37448 | Swamp:4  | Killed the 22-headed Lernaean hydra
 37473 | Swamp:4  | 37473 ||| FLEEEEING.
 37482 | Swamp:4  | 37482 ||| INVOKING Heroism.
 37565 | Swamp:4  | 37565 ||| FLEEEEING.
 37566 | Swamp:4  | 37566 ||| FLEEEEING.
 37568 | Swamp:4  | 37568 ||| FLEEEEING.
 37569 | Swamp:4  | 37569 ||| STAIRDANCE
 37692 | Swamp:4  | 37692 ||| STAIRDANCE
 37808 | Swamp:4  | 37808 ||| INVOKING Heroism.
 37817 | Swamp:4  | Reached skill level 15 in Shields
 37844 | Swamp:4  | Identified the +2 robe "Rexkyth" {-Tele +Inv rN++}
 37960 | Swamp:4  | 37960 ||| Stepping ~*~*~tactically~*~*~ (hiding).
 38077 | Swamp:4  | 38077 ||| Stepping ~*~*~tactically~*~*~ (hiding).
 38082 | Swamp:4  | 38082 ||| INVOKING Heroism.
 38120 | Swamp:4  | 38120 ||| INVOKING Heroism.
 38145 | Swamp:4  | Identified the +7 scale mail of Weirdness {rPois Int+5}
                  | (Okawaru gifted it to you on level 4 of the Swamp)
 38145 | Swamp:4  | Received a gift from Okawaru
 38155 | Swamp:4  | 38155 ||| INVOKING Heroism.
 38366 | Swamp:4  | 38366 ||| Stepping ~*~*~tactically~*~*~ (stealth).
 38410 | Swamp:4  | 38410 ||| Stepping ~*~*~tactically~*~*~ (hiding).
 38411 | Swamp:4  | 38411 ||| INVOKING Heroism.
 38423 | Swamp:4  | 38423 ||| Stepping ~*~*~tactically~*~*~ (stealth).
 38424 | Swamp:4  | 38424 ||| Stepping ~*~*~tactically~*~*~ (stealth).
 38426 | Swamp:4  | 38426 ||| Stepping ~*~*~tactically~*~*~ (stealth).
 38431 | Swamp:4  | 38431 ||| Stepping ~*~*~tactically~*~*~ (stealth).
 38433 | Swamp:4  | 38433 ||| Stepping ~*~*~tactically~*~*~ (stealth).
 38434 | Swamp:4  | 38434 ||| Stepping ~*~*~tactically~*~*~ (stealth).
 38435 | Swamp:4  | 38435 ||| Stepping ~*~*~tactically~*~*~ (stealth).
 38438 | Swamp:4  | 38438 ||| Stepping ~*~*~tactically~*~*~ (stealth).
 38465 | Swamp:4  | Got a decaying rune of Zot
 38483 | Swamp:4  | 38483 ||| Stepping ~*~*~tactically~*~*~ (stealth).
 38699 | Swamp:4  | 38699 ||| PLANNING VAULTS:1-4
 38963 | Vaults:1 | Entered Level 1 of the Vaults
 38989 | Vaults:1 | 38989 ||| Stepping ~*~*~tactically~*~*~ (hiding).
 39005 | Vaults:1 | 39005 ||| Stepping ~*~*~tactically~*~*~ (hiding).
 39006 | Vaults:1 | 39006 ||| Stepping ~*~*~tactically~*~*~ (hiding).
 39008 | Vaults:1 | 39008 ||| INVOKING Heroism.
 39074 | Vaults:1 | 39074 ||| INVOKING Heroism.
 39079 | Vaults:1 | 39079 ||| Stepping ~*~*~tactically~*~*~ (hiding).
 39423 | Vaults:1 | 39423 ||| INVOKING Heroism.
 39428 | Vaults:1 | Reached XP level 19. HP: 107/125 MP: 23/26
 39529 | Vaults:1 | 39529 ||| INVOKING Heroism.
 39566 | Vaults:1 | 39566 ||| INVOKING Finesse.
 39628 | Vaults:1 | 39628 ||| INVOKING Heroism.
 39632 | Vaults:1 | 39632 ||| INVOKING Finesse.
 39698 | Vaults:1 | Identified the +8 plate armour of Amorality {Drain Dex+5}
                  | (Okawaru gifted it to you on level 1 of the Vaults)
 39698 | Vaults:1 | Received a gift from Okawaru
 39702 | Vaults:1 | 39702 ||| INVOKING Heroism.
 39703 | Vaults:1 | 39703 ||| INVOKING Finesse.
 40507 | Vaults:1 | 40507 ||| Stepping ~*~*~tactically~*~*~ (stealth).
 40583 | Vaults:1 | Found Masiklou's Antique Armour Shop.
 40617 | Vaults:1 | 40617 ||| INVOKING Heroism.
 40788 | Vaults:1 | 40788 ||| INVOKING Heroism.
 40803 | Vaults:1 | 40803 ||| Stepping ~*~*~tactically~*~*~ (stealth).
 40849 | Vaults:1 | 40849 ||| Stepping ~*~*~tactically~*~*~ (stealth).
 41028 | Vaults:1 | 41028 ||| DROPPING +7 Kryia's mail coat {PotionHeal*2 rC+}.
 41029 | Vaults:1 | 41029 ||| DROPPING +0 fire dragon scales.
 41030 | Vaults:1 | 41030 ||| UPGRADING to +2 tower shield.
 41040 | Vaults:1 | 41040 ||| DROPPING +0 kite shield of reflection.
 41041 | Vaults:1 | 41041 ||| UPGRADING to +8 plate armour of Amorality {Drain
                  | Dex+5}.
 41051 | Vaults:1 | 41051 ||| DROPPING +2 plate armour of willpower.
 41052 | Vaults:1 | 41052 ||| READING 24 scrolls of identify.
 41052 | Vaults:1 | 41052 ||| IDENTIFYING pink potion
 41053 | Vaults:1 | 41053 ||| DROPPING potion of invisibility.
 41289 | Vaults:2 | 41289 ||| INVOKING Heroism.
 41306 | Vaults:2 | 41306 ||| Stepping ~*~*~tactically~*~*~ (stealth).
 41340 | Vaults:2 | 41340 ||| Stepping ~*~*~tactically~*~*~ (stealth).
 41568 | Vaults:2 | 41568 ||| INVOKING Heroism.
 41675 | Vaults:2 | 41675 ||| Stepping ~*~*~tactically~*~*~ (hiding).
 41683 | Vaults:2 | 41683 ||| INVOKING Heroism.
 41714 | Vaults:2 | 41714 ||| Stepping ~*~*~tactically~*~*~ (hiding).
 41723 | Vaults:2 | 41723 ||| Stepping ~*~*~tactically~*~*~ (hiding).
 41745 | Vaults:2 | 41745 ||| INVOKING Heroism.
 41808 | Vaults:2 | 41808 ||| INVOKING Heroism.
 41816 | Vaults:2 | 41816 ||| INVOKING Finesse.
 41817 | Vaults:2 | 41817 ||| INVOKING Finesse.
 41827 | Vaults:2 | Received a gift from Okawaru
 42345 | Vaults:2 | 42345 ||| Stepping ~*~*~tactically~*~*~ (stealth).
 42346 | Vaults:2 | 42346 ||| Stepping ~*~*~tactically~*~*~ (hiding).
 42352 | Vaults:2 | 42352 ||| Stepping ~*~*~tactically~*~*~ (hiding).
 42353 | Vaults:2 | 42353 ||| INVOKING Heroism.
 42395 | Vaults:2 | Reached XP level 20. HP: 94/134 MP: 27/27
 42834 | Vaults:2 | Reached skill level 18 in Shields
 42907 | Vaults:2 | 42907 ||| INVOKING Heroism.
 43028 | Vaults:2 | 43028 ||| Stepping ~*~*~tactically~*~*~ (hiding).
 43029 | Vaults:2 | 43029 ||| Stepping ~*~*~tactically~*~*~ (hiding).
 43486 | Vaults:3 | 43486 ||| STAIRDANCE
 43608 | Vaults:3 | 43608 ||| INVOKING Heroism.
 43612 | Vaults:3 | Received a gift from Okawaru
 43634 | Vaults:3 | Found a staircase to the Crypt.
 43635 | Vaults:3 | 43635 ||| Stepping ~*~*~tactically~*~*~ (stealth).
 43637 | Vaults:3 | 43637 ||| Stepping ~*~*~tactically~*~*~ (hiding).
 43723 | Vaults:3 | 43723 ||| Stepping ~*~*~tactically~*~*~ (hiding).
 43724 | Vaults:3 | 43724 ||| Stepping ~*~*~tactically~*~*~ (hiding).
 43747 | Vaults:3 | 43747 ||| Stepping ~*~*~tactically~*~*~ (hiding).
 43749 | Vaults:3 | 43749 ||| INVOKING Heroism.
 43847 | Vaults:3 | 43847 ||| Stepping ~*~*~tactically~*~*~ (stealth).
 43854 | Vaults:3 | 43854 ||| INVOKING Heroism.
 44120 | Vaults:3 | 44120 ||| Stepping ~*~*~tactically~*~*~ (stealth).
 44124 | Vaults:3 | 44124 ||| INVOKING Heroism.
 44208 | Vaults:3 | 44208 ||| Stepping ~*~*~tactically~*~*~ (hiding).
 44367 | Vaults:3 | 44367 ||| INVOKING Heroism.
 44406 | Vaults:3 | 44406 ||| Stepping ~*~*~tactically~*~*~ (hiding).
 44408 | Vaults:3 | 44408 ||| Stepping ~*~*~tactically~*~*~ (stealth).
 44431 | Vaults:3 | 44431 ||| INVOKING Heroism.
 44622 | Vaults:3 | 44622 ||| INVOKING Heroism.
 44630 | Vaults:3 | 44630 ||| Stepping ~*~*~tactically~*~*~ (hiding).
 44652 | Vaults:3 | 44652 ||| Stepping ~*~*~tactically~*~*~ (stealth).
 44665 | Vaults:3 | 44665 ||| Stepping ~*~*~tactically~*~*~ (hiding).
 44673 | Vaults:3 | Reached skill level 9 in Throwing
 44908 | Vaults:3 | 44908 ||| Stepping ~*~*~tactically~*~*~ (stealth).
 44910 | Vaults:3 | 44910 ||| Stepping ~*~*~tactically~*~*~ (stealth).
 44913 | Vaults:3 | 44913 ||| INVOKING Heroism.
 44926 | Vaults:3 | Received a gift from Okawaru
 44962 | Vaults:3 | 44962 ||| Stepping ~*~*~tactically~*~*~ (hiding).
 45483 | Vaults:4 | 45483 ||| INVOKING Heroism.
 45490 | Vaults:4 | Reached skill level 9 in Dodging
 45532 | Vaults:4 | Received a gift from Okawaru
 45535 | Vaults:4 | 45535 ||| Stepping ~*~*~tactically~*~*~ (hiding).
 45536 | Vaults:4 | 45536 ||| Stepping ~*~*~tactically~*~*~ (hiding).
 45539 | Vaults:4 | 45539 ||| INVOKING Heroism.
 45564 | Vaults:4 | Received a gift from Okawaru
 45601 | Vaults:4 | 45601 ||| INVOKING Heroism.
 45623 | Vaults:4 | 45623 ||| Stepping ~*~*~tactically~*~*~ (hiding).
 45630 | Vaults:4 | 45630 ||| Stepping ~*~*~tactically~*~*~ (hiding).
 45640 | Vaults:4 | 45640 ||| INVOKING Heroism.
 45872 | Vaults:4 | Found Hoeweiv's Antique Weapon Shoppe.
 45885 | Vaults:4 | 45885 ||| INVOKING Heroism.
 45890 | Vaults:4 | Reached XP level 21. HP: 127/139 MP: 25/28
 46063 | Vaults:4 | Identified the ring of Uruuduxt {rPois MP+9 Str+2}
 46090 | Vaults:4 | 46090 ||| Stepping ~*~*~tactically~*~*~ (hiding).
 46096 | Vaults:4 | Received a gift from Okawaru
 46400 | Vaults:4 | Identified the +11 quarterstaff of Cocytus {venom, Int+4}
 46459 | Vaults:4 | 46459 ||| INVOKING Heroism.
 46632 | Vaults:4 | 46632 ||| INVOKING Heroism.
 46663 | Vaults:4 | 46663 ||| Stepping ~*~*~tactically~*~*~ (stealth).
 46664 | Vaults:4 | 46664 ||| Stepping ~*~*~tactically~*~*~ (stealth).
 46667 | Vaults:4 | 46667 ||| Stepping ~*~*~tactically~*~*~ (stealth).
 46670 | Vaults:4 | 46670 ||| INVOKING Finesse.
 46702 | Vaults:4 | 46702 ||| INVOKING Heroism.
 46703 | Vaults:4 | 46703 ||| Stepping ~*~*~tactically~*~*~ (stealth).
 46704 | Vaults:4 | 46704 ||| Stepping ~*~*~tactically~*~*~ (stealth).
 46705 | Vaults:4 | 46705 ||| Stepping ~*~*~tactically~*~*~ (stealth).
 46889 | Vaults:4 | 46889 ||| INVOKING Heroism.
 46993 | Vaults:4 | 46993 ||| DROPPING ring of Uruuduxt {rPois MP+9 Str+2}.
 46994 | Vaults:4 | 46994 ||| DRINKING 2 viscous golden potions.
 46994 | Vaults:4 | Reached skill level 18 in Fighting
 46994 | Vaults:4 | Reached XP level 22. HP: 148/148 MP: 29/29
 46995 | Vaults:4 | 46995 ||| DRINKING potion of experience.
 46995 | Vaults:4 | Reached XP level 23. HP: 153/153 MP: 30/30
 47012 | Vaults:3 | 47012 ||| PLANNING SPIDER:4
 47473 | Spider:4 | Entered Level 4 of the Spider Nest
 47474 | Spider:4 | 47474 ||| INVOKING Heroism.
 47475 | Spider:4 | 47475 ||| STAIRDANCE
 47485 | Spider:4 | 47485 ||| STAIRDANCE
 47598 | Spider:4 | 47598 ||| STAIRDANCE
 47646 | Spider:4 | 47646 ||| Stepping ~*~*~tactically~*~*~ (hiding).
 47656 | Spider:4 | 47656 ||| READING 17 scrolls of teleportation.
 47659 | Spider:4 | 47659 ||| READING 16 scrolls of teleportation.
 47663 | Spider:4 | 47663 ||| INVOKING Heroism.
 47686 | Spider:4 | 47686 ||| Stepping ~*~*~tactically~*~*~ (stealth).
 47823 | Spider:4 | 47823 ||| Stepping ~*~*~tactically~*~*~ (stealth).
 47894 | Spider:4 | 47894 ||| Stepping ~*~*~tactically~*~*~ (stealth).
 47896 | Spider:4 | 47896 ||| Stepping ~*~*~tactically~*~*~ (stealth).
 47900 | Spider:4 | Received a gift from Okawaru
 48125 | Spider:4 | 48125 ||| Stepping ~*~*~tactically~*~*~ (stealth).
 48198 | Spider:4 | 48198 ||| Stepping ~*~*~tactically~*~*~ (stealth).
 48281 | Spider:4 | 48281 ||| INVOKING Heroism.
 48285 | Spider:4 | Received a gift from Okawaru
 48285 | Spider:4 | Found the +18 Lear's hauberk
 48327 | Spider:4 | Got a gossamer rune of Zot
 48406 | Spider:4 | 48406 ||| Stepping ~*~*~tactically~*~*~ (stealth).
 48412 | Spider:4 | 48412 ||| Stepping ~*~*~tactically~*~*~ (stealth).
 48478 | Spider:4 | 48478 ||| Stepping ~*~*~tactically~*~*~ (hiding).
 48482 | Spider:4 | 48482 ||| INVOKING Heroism.
 48659 | Spider:4 | Reached skill level 18 in Armour
 48698 | Spider:4 | Noticed Mara
 48699 | Spider:4 | 48699 ||| INVOKING Heroism.
 48700 | Spider:4 | Noticed qw's illusion
 48700 | Spider:4 | 48700 ||| INVOKING Finesse.
 48748 | Spider:4 | Killed Mara
 48849 | Spider:4 | 48849 ||| PLANNING DEPTHS
 48849 | Spider:4 | 48849 ||| DROPPING +1 hat.
 48850 | Spider:4 | 48850 ||| DROPPING scarf of harm.
 49169 | Depths:1 | Entered Level 1 of the Depths
 49171 | Depths:1 | Found a runed translucent door.
 49175 | Depths:1 | 49175 ||| INVOKING Heroism.
 49178 | Depths:1 | 49178 ||| INVOKING Finesse.
 49242 | Depths:1 | 49242 ||| Stepping ~*~*~tactically~*~*~ (stealth).
 49243 | Depths:1 | 49243 ||| Stepping ~*~*~tactically~*~*~ (stealth).
 49359 | Depths:1 | 49359 ||| INVOKING Heroism.
 49360 | Depths:1 | 49360 ||| DRINKING 12 potions of curing.
 49360 | Depths:1 | 49360 ||| (to cure confusion)
 49371 | Depths:1 | Found a gateway to Hell.
 49382 | Depths:1 | 49382 ||| INVOKING Finesse.
 49464 | Depths:1 | 49464 ||| READING scroll of brand weapon.
 49464 | Depths:1 | 49464 ||| BRANDING +9 broad axe of flaming.
 49679 | Depths:1 | 49679 ||| INVOKING Heroism.
 49867 | Depths:1 | 49867 ||| Stepping ~*~*~tactically~*~*~ (hiding).
 49872 | Depths:1 | 49872 ||| Stepping ~*~*~tactically~*~*~ (hiding).
 49977 | Depths:2 | 49977 ||| INVOKING Heroism.
 49978 | Depths:2 | 49978 ||| INVOKING Finesse.
 49995 | Depths:2 | 49995 ||| Stepping ~*~*~tactically~*~*~ (hiding).
 50060 | Depths:2 | 50060 ||| Stepping ~*~*~tactically~*~*~ (hiding).
 50066 | Depths:2 | 50066 ||| INVOKING Heroism.
 50067 | Depths:2 | 50067 ||| INVOKING Finesse.
 50124 | Depths:2 | 50124 ||| Stepping ~*~*~tactically~*~*~ (stealth).
 50125 | Depths:2 | 50125 ||| Stepping ~*~*~tactically~*~*~ (stealth).
 50128 | Depths:2 | 50128 ||| INVOKING Heroism.
 50129 | Depths:2 | 50129 ||| INVOKING Finesse.
 50188 | Depths:2 | 50188 ||| READING scroll of brand weapon.
 50188 | Depths:2 | 50188 ||| BRANDING +9 broad axe of protection.
 50205 | Depths:2 | 50205 ||| Stepping ~*~*~tactically~*~*~ (hiding).
 50206 | Depths:2 | 50206 ||| Stepping ~*~*~tactically~*~*~ (hiding).
 50268 | Depths:2 | 50268 ||| Stepping ~*~*~tactically~*~*~ (stealth).
 50269 | Depths:2 | Noticed lmSkywalker's ghost (adept DrTm)
 50270 | Depths:2 | 50270 ||| INVOKING Heroism.
 50271 | Depths:2 | 50271 ||| INVOKING Finesse.
 50313 | Depths:2 | Found a runed translucent gate.
 50313 | Depths:2 | Found a runed translucent gate.
 50313 | Depths:2 | Found a runed translucent gate.
 50320 | Depths:2 | 50320 ||| Stepping ~*~*~tactically~*~*~ (hiding).
 50330 | Depths:2 | Reached XP level 24. HP: 153/160 MP: 30/30
 50364 | Depths:2 | 50364 ||| FLEEEEING.
 50378 | Depths:2 | 50378 ||| Stepping ~*~*~tactically~*~*~ (hiding).
 50454 | Depths:2 | Identified the ring "Ymioluzi" {Fire Drain rPois Int+2}
 50489 | Depths:2 | 50489 ||| INVOKING Heroism.
 50502 | Depths:2 | Received a gift from Okawaru
 50784 | Depths:2 | 50784 ||| Stepping ~*~*~tactically~*~*~ (hiding).
 50788 | Depths:2 | 50788 ||| Stepping ~*~*~tactically~*~*~ (hiding).
 50801 | Depths:2 | 50801 ||| INVOKING Heroism.
 50810 | Depths:2 | 50810 ||| INVOKING Finesse.
 50824 | Depths:2 | 50824 ||| Stepping ~*~*~tactically~*~*~ (stealth).
 51206 | Depths:2 | Found a one-way gateway to a ziggurat.
 51215 | Depths:2 | 51215 ||| Stepping ~*~*~tactically~*~*~ (hiding).
 51223 | Depths:2 | Received a gift from Okawaru
 51298 | Depths:2 | 51298 ||| INVOKING Finesse.
 51474 | Depths:2 | 51474 ||| Stepping ~*~*~tactically~*~*~ (hiding).
 51515 | Depths:2 | 51515 ||| READING scroll of acquirement.
 51515 | Depths:2 | 51515 ||| ACQUIRING 1199 gold pieces
 51515 | Depths:2 | Acquired 1199 gold pieces
 51627 | Depths:2 | Found a one-way gate to the infinite horrors of the Abyss.
 51840 | Depths:2 | 51840 ||| Stepping ~*~*~tactically~*~*~ (hiding).
 51844 | Depths:2 | 51844 ||| INVOKING Heroism.
 51990 | Depths:2 | 51990 ||| READING 30 scrolls of identify.
 51990 | Depths:2 | 51990 ||| IDENTIFYING ruby potion
 51993 | Depths:2 | 51993 ||| DRINKING 6 potions of resistance.
 51994 | Depths:2 | 51994 ||| INVOKING Heroism.
 51995 | Depths:2 | 51995 ||| INVOKING Finesse.
 52020 | Depths:2 | HP: 37/160 [lmSkywalker's ghost (9)]
 52021 | Depths:2 | 52021 ||| READING 18 scrolls of teleportation.
 52022 | Depths:2 | 52022 ||| DRINKING 12 potions of heal wounds.
 52028 | Depths:2 | Killed lmSkywalker's ghost
 52028 | Depths:2 | Received a gift from Okawaru
 52041 | Depths:2 | 52041 ||| Stepping ~*~*~tactically~*~*~ (stealth).
 52362 | Depths:2 | 52362 ||| READING 17 scrolls of teleportation.
 52370 | Depths:2 | 52370 ||| Stepping ~*~*~tactically~*~*~ (stealth).
 52372 | Depths:2 | 52372 ||| Stepping ~*~*~tactically~*~*~ (hiding).
 52432 | Depths:2 | 52432 ||| Stepping ~*~*~tactically~*~*~ (stealth).
 52434 | Depths:2 | 52434 ||| Stepping randomly (cloudy).
 52440 | Depths:2 | 52440 ||| Stepping ~*~*~tactically~*~*~ (cloud).
 52485 | Depths:2 | 52485 ||| Stepping ~*~*~tactically~*~*~ (stealth).
 52486 | Depths:2 | 52486 ||| Stepping ~*~*~tactically~*~*~ (stealth).
 52500 | Depths:2 | Identified the ring "Kemoigus" {rCorr Int+6 Dex-3 Slay+3}
 52504 | Depths:2 | 52504 ||| DROPPING ring of resist corrosion.
 52563 | Depths:3 | Found a corrupted altar of Lugonu.
 52574 | Depths:3 | 52574 ||| Stepping ~*~*~tactically~*~*~ (hiding).
 52802 | Depths:3 | 52802 ||| Stepping ~*~*~tactically~*~*~ (stealth).
 52803 | Depths:3 | 52803 ||| Stepping ~*~*~tactically~*~*~ (stealth).
 52835 | Depths:3 | 52835 ||| Stepping ~*~*~tactically~*~*~ (hiding).
 52836 | Depths:3 | 52836 ||| Stepping ~*~*~tactically~*~*~ (hiding).
 52849 | Depths:3 | 52849 ||| Stepping ~*~*~tactically~*~*~ (stealth).
 52853 | Depths:3 | 52853 ||| INVOKING Finesse.
 52892 | Depths:3 | 52892 ||| DRINKING 13 potions of curing.
 52892 | Depths:3 | 52892 ||| (to cure confusion)
 52893 | Depths:3 | 52893 ||| Stepping ~*~*~tactically~*~*~ (hiding).
 52910 | Depths:3 | 52910 ||| Stepping ~*~*~tactically~*~*~ (stealth).
 52911 | Depths:3 | 52911 ||| Stepping ~*~*~tactically~*~*~ (stealth).
 52916 | Depths:3 | 52916 ||| FLEEEEING.
 52917 | Depths:3 | 52917 ||| FLEEEEING.
 52918 | Depths:3 | 52918 ||| FLEEEEING.
 52919 | Depths:3 | 52919 ||| FLEEEEING.
 52925 | Depths:3 | 52925 ||| FLEEEEING.
 52937 | Depths:3 | 52937 ||| FLEEEEING.
 52945 | Depths:3 | 52945 ||| FLEEEEING.
 52946 | Depths:3 | 52946 ||| FLEEEEING.
 52947 | Depths:3 | 52947 ||| FLEEEEING.
 52955 | Depths:3 | 52955 ||| STAIRDANCE
 53128 | Depths:3 | Paralysed by a vampire knight for 5 turns
 53140 | Depths:3 | Received a gift from Okawaru
 53194 | Depths:3 | 53194 ||| INVOKING Heroism.
 53259 | Depths:3 | 53259 ||| INVOKING Finesse.
 53522 | Depths:3 | 53522 ||| Stepping ~*~*~tactically~*~*~ (stealth).
 53524 | Depths:3 | 53524 ||| Stepping ~*~*~tactically~*~*~ (stealth).
 53526 | Depths:3 | 53526 ||| Stepping ~*~*~tactically~*~*~ (hiding).
 53726 | Depths:3 | 53726 ||| Stepping ~*~*~tactically~*~*~ (hiding).
 53826 | Depths:3 | 53826 ||| READING scroll of enchant armour.
 53826 | Depths:3 | 53826 ||| ENCHANTING +0 helmet.
 53841 | Depths:3 | 53841 ||| Stepping ~*~*~tactically~*~*~ (stealth).
 53843 | Depths:3 | 53843 ||| Stepping ~*~*~tactically~*~*~ (stealth).
 53855 | Depths:3 | 53855 ||| INVOKING Heroism.
 53875 | Depths:3 | 53875 ||| Stepping ~*~*~tactically~*~*~ (stealth).
 53877 | Depths:3 | 53877 ||| Stepping ~*~*~tactically~*~*~ (stealth).
 53912 | Depths:3 | 53912 ||| INVOKING Heroism.
 53917 | Depths:3 | 53917 ||| Stepping ~*~*~tactically~*~*~ (stealth).
 53957 | Depths:3 | 53957 ||| INVOKING Finesse.
 54160 | Depths:3 | 54160 ||| INVOKING Heroism.
 54429 | Depths:3 | 54429 ||| Stepping ~*~*~tactically~*~*~ (stealth).
 54431 | Depths:3 | 54431 ||| Stepping ~*~*~tactically~*~*~ (stealth).
 54434 | Depths:3 | 54434 ||| INVOKING Heroism.
 54731 | Depths:4 | Entered Level 4 of the Depths
 54799 | Depths:4 | 54799 ||| Stepping ~*~*~tactically~*~*~ (stealth).
 54801 | Depths:4 | 54801 ||| Stepping ~*~*~tactically~*~*~ (hiding).
 54894 | Depths:4 | Found a gate to the Realm of Zot.
 54895 | Depths:4 | 54895 ||| Stepping ~*~*~tactically~*~*~ (hiding).
 54897 | Depths:4 | 54897 ||| Stepping ~*~*~tactically~*~*~ (hiding).
 54918 | Depths:4 | Reached skill level 21 in Shields
 54919 | Depths:4 | 54919 ||| INVOKING Heroism.
 55223 | Depths:4 | 55223 ||| Stepping ~*~*~tactically~*~*~ (hiding).
 55268 | Depths:4 | 55268 ||| INVOKING Heroism.
 55269 | Depths:4 | 55269 ||| INVOKING Finesse.
 55375 | Depths:4 | 55375 ||| Stepping ~*~*~tactically~*~*~ (stealth).
 55376 | Depths:4 | 55376 ||| INVOKING Heroism.
 55423 | Depths:4 | Reached XP level 25. HP: 54/170 MP: 30/30
 55450 | Depths:4 | 55450 ||| FLEEEEING.
 55456 | Depths:4 | 55456 ||| FLEEEEING.
 55457 | Depths:4 | 55457 ||| FLEEEEING.
 55458 | Depths:4 | 55458 ||| FLEEEEING.
 55460 | Depths:4 | 55460 ||| STAIRDANCE
 55819 | Depths:4 | 55819 ||| Stepping ~*~*~tactically~*~*~ (stealth).
 55820 | Depths:4 | 55820 ||| Stepping ~*~*~tactically~*~*~ (stealth).
 55823 | Depths:4 | 55823 ||| INVOKING Heroism.
 55824 | Depths:4 | 55824 ||| INVOKING Finesse.
 55829 | Depths:4 | Reached skill level 21 in Fighting
 56076 | Depths:4 | Noticed a juggernaut
 56077 | Depths:4 | 56077 ||| Stepping ~*~*~tactically~*~*~ (stealth).
 56083 | Depths:4 | 56083 ||| INVOKING Heroism.
 56084 | Depths:4 | 56084 ||| INVOKING Finesse.
 56097 | Depths:4 | Killed a juggernaut
 56110 | Depths:4 | Received a gift from Okawaru
 56176 | Depths:4 | Found Omofaq's Antique Weapon Shoppe.
 56324 | Depths:4 | 56324 ||| INVOKING Heroism.
 56342 | Depths:4 | 56342 ||| INVOKING Heroism.
 56361 | Depths:4 | 56361 ||| INVOKING Finesse.
 56364 | Depths:4 | Received a gift from Okawaru
 56378 | Depths:4 | 56378 ||| FLEEEEING.
 56380 | Depths:4 | 56380 ||| FLEEEEING.
 56666 | Depths:4 | 56666 ||| INVOKING Heroism.
 56667 | Depths:4 | 56667 ||| INVOKING Finesse.
 56928 | Depths:4 | Found Odeoxt's Weapon Boutique.
 56938 | Depths:4 | Identified the +7 quarterstaff "Heosm" {spect, Fragile
                  | rPois rC+++ SInv}
 57009 | Depths:4 | Found an ancient bone altar of Kikubaaqudgha.
 57046 | Depths:4 | 57046 ||| PLANNING VAULTS:5
 57432 | Vaults:5 | Entered Level 5 of the Vaults
 57433 | Vaults:5 | 57433 ||| INVOKING Heroism.
 57434 | Vaults:5 | 57434 ||| STAIRDANCE
 57495 | Vaults:5 | 57495 ||| STAIRDANCE
 57497 | Vaults:4 | 57497 ||| INVOKING Heroism.
 57507 | Vaults:4 | Received a gift from Okawaru
 57578 | Vaults:5 | 57578 ||| STAIRDANCE
 57580 | Vaults:4 | 57580 ||| INVOKING Heroism.
 57716 | Vaults:5 | 57716 ||| STAIRDANCE
 57736 | Vaults:5 | 57736 ||| INVOKING Heroism.
 57737 | Vaults:5 | 57737 ||| STAIRDANCE
 57765 | Vaults:5 | Reached skill level 12 in Throwing
 57818 | Vaults:5 | 57818 ||| INVOKING Heroism.
 57833 | Vaults:5 | Received a gift from Okawaru
 57834 | Vaults:5 | Reached skill level 21 in Armour
 57836 | Vaults:5 | Found the +8 orange crystal plate armour {Archmagi, Int+3
                  | Clar}
 57858 | Vaults:5 | HP: 37/171 [???[a deep elf demonologist] (9)]
 57859 | Vaults:5 | 57859 ||| READING 16 scrolls of teleportation.
 57860 | Vaults:5 | 57860 ||| DRINKING 13 potions of heal wounds.
 57861 | Vaults:5 | 57861 ||| DRINKING 12 potions of heal wounds.
 57910 | Vaults:5 | 57910 ||| INVOKING Heroism.
 57983 | Vaults:5 | 57983 ||| Stepping ~*~*~tactically~*~*~ (stealth).
 57984 | Vaults:5 | 57984 ||| INVOKING Heroism.
 57992 | Vaults:5 | Received a gift from Okawaru
 58001 | Abyss:2  | Cast into level 2 of the Abyss (a deep elf demonologist)
 58096 | Abyss:2  | 58096 ||| Stepping ~*~*~tactically~*~*~ (stealth).
 58163 | Abyss:2  | 58163 ||| INVOKING Heroism.
 58202 | Abyss:2  | 58202 ||| Stepping ~*~*~tactically~*~*~ (hiding).
 58203 | Abyss:2  | 58203 ||| Stepping ~*~*~tactically~*~*~ (hiding).
 58204 | Abyss:2  | 58204 ||| Stepping ~*~*~tactically~*~*~ (hiding).
 58223 | Abyss:2  | 58223 ||| Stepping ~*~*~tactically~*~*~ (stealth).
 58258 | Abyss:2  | 58258 ||| Stepping ~*~*~tactically~*~*~ (hiding).
 58259 | Abyss:2  | 58259 ||| Stepping ~*~*~tactically~*~*~ (hiding).
 58308 | Abyss:2  | 58308 ||| Stepping ~*~*~tactically~*~*~ (stealth).
 58311 | Abyss:2  | 58311 ||| Stepping ~*~*~tactically~*~*~ (stealth).
 58312 | Abyss:2  | 58312 ||| Stepping ~*~*~tactically~*~*~ (stealth).
 58313 | Abyss:2  | 58313 ||| Stepping ~*~*~tactically~*~*~ (stealth).
 58314 | Abyss:2  | 58314 ||| Stepping ~*~*~tactically~*~*~ (stealth).
 58315 | Abyss:2  | 58315 ||| Stepping ~*~*~tactically~*~*~ (stealth).
 58317 | Abyss:2  | 58317 ||| Stepping ~*~*~tactically~*~*~ (stealth).
 58319 | Abyss:2  | 58319 ||| Stepping ~*~*~tactically~*~*~ (stealth).
 58320 | Abyss:2  | 58320 ||| Stepping ~*~*~tactically~*~*~ (stealth).
 58323 | Abyss:2  | 58323 ||| INVOKING Heroism.
 58330 | Abyss:2  | Reached skill level 12 in Dodging
 58342 | Abyss:2  | 58342 ||| Stepping ~*~*~tactically~*~*~ (stealth).
 58343 | Abyss:2  | 58343 ||| Stepping ~*~*~tactically~*~*~ (stealth).
 58344 | Abyss:2  | 58344 ||| Stepping ~*~*~tactically~*~*~ (stealth).
 58345 | Abyss:2  | 58345 ||| Stepping ~*~*~tactically~*~*~ (stealth).
 58346 | Abyss:2  | 58346 ||| Stepping ~*~*~tactically~*~*~ (stealth).
 58348 | Abyss:2  | 58348 ||| Stepping ~*~*~tactically~*~*~ (hiding).
 58367 | Abyss:2  | 58367 ||| Stepping ~*~*~tactically~*~*~ (stealth).
 58391 | Abyss:2  | 58391 ||| Stepping ~*~*~tactically~*~*~ (hiding).
 58394 | Abyss:2  | 58394 ||| INVOKING Heroism.
 58406 | Abyss:2  | 58406 ||| Stepping ~*~*~tactically~*~*~ (stealth).
 58407 | Abyss:2  | 58407 ||| Stepping ~*~*~tactically~*~*~ (stealth).
 58410 | Abyss:2  | 58410 ||| Stepping ~*~*~tactically~*~*~ (stealth).
 58441 | Abyss:2  | 58441 ||| INVOKING Heroism.
 58460 | Abyss:2  | 58460 ||| Stepping ~*~*~tactically~*~*~ (stealth).
 58461 | Abyss:2  | 58461 ||| Stepping ~*~*~tactically~*~*~ (stealth).
 58462 | Abyss:2  | 58462 ||| Stepping ~*~*~tactically~*~*~ (stealth).
 58525 | Abyss:2  | 58525 ||| Stepping ~*~*~tactically~*~*~ (stealth).
 58528 | Abyss:2  | 58528 ||| INVOKING Heroism.
 58554 | Abyss:2  | 58554 ||| Stepping randomly (disturbance).
 58574 | Abyss:2  | Gained mutation: You are frail. (-10% HP) [a neqoxec]
 58576 | Abyss:2  | 58576 ||| Stepping ~*~*~tactically~*~*~ (hiding).
 58577 | Abyss:2  | 58577 ||| Stepping ~*~*~tactically~*~*~ (hiding).
 58578 | Abyss:2  | 58578 ||| DRINKING 5 potions of mutation.
 58578 | Abyss:2  | Lost mutation: You are frail. (-10% HP) [potion of
                  | mutation]
 58578 | Abyss:2  | Gained mutation: Your mind is acute. (Int +4, Str/Dex -1)
                  | [potion of mutation]
 58622 | Abyss:2  | 58622 ||| Stepping ~*~*~tactically~*~*~ (stealth).
 58625 | Abyss:2  | 58625 ||| Stepping ~*~*~tactically~*~*~ (stealth).
 58629 | Abyss:2  | 58629 ||| Stepping ~*~*~tactically~*~*~ (stealth).
 58630 | Abyss:2  | 58630 ||| Stepping ~*~*~tactically~*~*~ (stealth).
 58645 | Abyss:2  | 58645 ||| Stepping ~*~*~tactically~*~*~ (hiding).
 58667 | Abyss:2  | 58667 ||| Stepping ~*~*~tactically~*~*~ (stealth).
 58672 | Abyss:2  | 58672 ||| INVOKING Heroism.
 58742 | Abyss:2  | 58742 ||| INVOKING Heroism.
 58747 | Vaults:5 | Escaped the Abyss
 58750 | Vaults:5 | Received a gift from Okawaru
 58902 | Vaults:5 | 58902 ||| Stepping ~*~*~tactically~*~*~ (stealth).
 58906 | Vaults:5 | 58906 ||| Stepping ~*~*~tactically~*~*~ (hiding).
 58909 | Vaults:5 | 58909 ||| INVOKING Heroism.
 59020 | Vaults:5 | 59020 ||| Stepping ~*~*~tactically~*~*~ (hiding).
 59029 | Vaults:5 | 59029 ||| INVOKING Heroism.
 59032 | Vaults:5 | 59032 ||| Stepping ~*~*~tactically~*~*~ (hiding).
 59056 | Vaults:5 | 59056 ||| Stepping ~*~*~tactically~*~*~ (hiding).
 59178 | Vaults:5 | Identified the +0 leather armour of the Dwarven Hall
                  | {*Corrode +Blink rElec Int+4}
 59178 | Vaults:5 | Identified the ring of the Queen {Str+4 Int+6 Slay+4}
 59179 | Vaults:5 | 59179 ||| Stepping ~*~*~tactically~*~*~ (hiding).
 59185 | Vaults:5 | 59185 ||| INVOKING Heroism.
 59212 | Vaults:5 | Identified the +5 scale mail of the Circus Animal {rF+
                  | Int-3 Stlth+}
 59254 | Vaults:5 | 59254 ||| INVOKING Heroism.
 59275 | Vaults:5 | Received a gift from Okawaru
 59288 | Vaults:5 | Noticed an ancient lich
 59288 | Vaults:5 | HP: 42/171 [hell knight/+4 glaive (2)]
 59289 | Vaults:5 | 59289 ||| READING 21 scrolls of teleportation.
 59290 | Vaults:5 | 59290 ||| DRINKING 11 potions of heal wounds.
 59301 | Vaults:5 | Reached XP level 26. HP: 74/179 MP: 28/30
 59309 | Vaults:5 | 59309 ||| INVOKING Heroism.
 59311 | Vaults:5 | 59311 ||| INVOKING Finesse.
 59315 | Vaults:5 | Received a gift from Okawaru
 59319 | Vaults:5 | Noticed Bai Suzhen
 59319 | Vaults:5 | HP: 31/179 [hell knight/+4 glaive (16)]
 59320 | Vaults:5 | 59320 ||| READING 20 scrolls of teleportation.
 59321 | Vaults:5 | 59321 ||| DRINKING 10 potions of heal wounds.
 59322 | Vaults:5 | 59322 ||| DRINKING 9 potions of heal wounds.
 59350 | Vaults:5 | HP: 11/179 [something/bolt of acid (47)]
 59351 | Vaults:5 | 59351 ||| READING 19 scrolls of teleportation.
 59352 | Vaults:5 | 59352 ||| DRINKING 8 potions of heal wounds.
 59353 | Vaults:5 | 59353 ||| DRINKING 7 potions of heal wounds.
 59355 | Vaults:5 | Killed an ancient lich
 59361 | Vaults:5 | 59361 ||| FLEEEEING.
 59362 | Vaults:5 | 59362 ||| FLEEEEING.
 59366 | Vaults:5 | 59366 ||| FLEEEEING.
 59378 | Vaults:5 | 59378 ||| FLEEEEING.
 59379 | Vaults:5 | 59379 ||| FLEEEEING.
 59380 | Vaults:5 | 59380 ||| FLEEEEING.
 59381 | Vaults:5 | 59381 ||| FLEEEEING.
 59383 | Vaults:5 | 59383 ||| STAIRDANCE
 59659 | Vaults:4 | 59659 ||| UPGRADING to ring of the Queen {Str+4 Int+6
                  | Slay+4}.
 59661 | Vaults:4 | 59661 ||| DROPPING +4 ring of protection.
 59662 | Vaults:4 | 59662 ||| UPGRADING to ring of Naw Guchial {Ice Fly Will+
                  | Dex+3}.
 59667 | Vaults:5 | 59667 ||| Stepping ~*~*~tactically~*~*~ (hiding).
 59673 | Vaults:5 | 59673 ||| INVOKING Heroism.
 59676 | Vaults:5 | Killed Bai Suzhen
 59856 | Vaults:5 | 59856 ||| INVOKING Heroism.
 59902 | Vaults:5 | Got a silver rune of Zot
 60019 | Vaults:5 | 60019 ||| DROPPING +2 vorpal broad axe.
 60060 | Vaults:5 | 60060 ||| Stepping ~*~*~tactically~*~*~ (hiding).
 60063 | Vaults:5 | 60063 ||| Stepping ~*~*~tactically~*~*~ (hiding).
 60064 | Vaults:5 | 60064 ||| INVOKING Heroism.
 60078 | Vaults:5 | Received a gift from Okawaru
 60198 | Vaults:5 | 60198 ||| Stepping ~*~*~tactically~*~*~ (stealth).
 60248 | Vaults:5 | 60248 ||| READING scroll of enchant armour.
 60248 | Vaults:5 | 60248 ||| ENCHANTING +1 helmet.
 60251 | Vaults:5 | Found Ykhutif's Armour Shop.
 60259 | Vaults:5 | Received a gift from Okawaru
 60529 | Vaults:5 | Found the +9 sword of Zonguldrok {reap}
 60531 | Vaults:5 | Identified the +3 scale mail of the Present {rC+}
 60547 | Vaults:5 | Identified the amulet "Pumuis" {Spirit Will+ Str+5 SInv}
 60621 | Vaults:5 | 60621 ||| PLANNING SHOPPING SPREE
 60621 | Vaults:5 | 60621 ||| UPGRADING to +8 orange crystal plate armour
                  | {Archmagi, Int+3 Clar}.
 60631 | Vaults:5 | 60631 ||| DROPPING +8 plate armour of Amorality {Drain
                  | Dex+5}.
 60632 | Vaults:5 | 60632 ||| DROPPING amulet of guardian spirit.
 60633 | Vaults:5 | 60633 ||| UPGRADING to amulet "Pumuis" {Spirit Will+ Str+5
                  | SInv}.
 60643 | Vaults:5 | 60643 ||| DROPPING +6 ring of dexterity.
 60644 | Vaults:5 | 60644 ||| PLANNING ZOT:1-4
 61013 | Zot:1    | Entered Level 1 of the Realm of Zot
 61021 | Zot:1    | 61021 ||| Stepping ~*~*~tactically~*~*~ (stealth).
 61079 | Zot:1    | 61079 ||| Stepping ~*~*~tactically~*~*~ (hiding).
 61081 | Zot:1    | 61081 ||| Stepping ~*~*~tactically~*~*~ (hiding).
 61084 | Zot:1    | 61084 ||| INVOKING Heroism.
 61099 | Zot:1    | Received a gift from Okawaru
 61151 | Zot:1    | 61151 ||| Stepping ~*~*~tactically~*~*~ (stealth).
 61270 | Zot:1    | Noticed an orb of fire
 61271 | Zot:1    | 61271 ||| Stepping ~*~*~tactically~*~*~ (hiding).
 61273 | Zot:1    | 61273 ||| DRINKING 7 potions of resistance.
 61274 | Zot:1    | 61274 ||| INVOKING Heroism.
 61275 | Zot:1    | 61275 ||| INVOKING Finesse.
 61275 | Zot:1    | Gained mutation: You are frail. (-10% HP) [an orb of fire]
 61285 | Zot:1    | Killed an orb of fire
 61285 | Zot:1    | Received a gift from Okawaru
 61321 | Zot:1    | 61321 ||| DRINKING 4 potions of mutation.
 61321 | Zot:1    | Lost mutation: You are frail. (-10% HP) [potion of
                  | mutation]
 61321 | Zot:1    | Lost mutation: Your mind is acute. (Int +4, Str/Dex -1)
                  | [potion of mutation]
 61321 | Zot:1    | Gained mutation: Your muscles are strong. (Str +4, Int/Dex
                  | -1) [potion of mutation]
 61321 | Zot:1    | Gained mutation: You expend magic power (3 MP) to
                  | strengthen your wands. [potion of mutation]
 61614 | Zot:1    | 61614 ||| Stepping ~*~*~tactically~*~*~ (hiding).
 61617 | Zot:1    | 61617 ||| Stepping ~*~*~tactically~*~*~ (hiding).
 61651 | Zot:1    | 61651 ||| Stepping ~*~*~tactically~*~*~ (stealth).
 61654 | Zot:1    | 61654 ||| Stepping ~*~*~tactically~*~*~ (stealth).
 61660 | Zot:1    | 61660 ||| INVOKING Heroism.
 62035 | Zot:1    | 62035 ||| Stepping ~*~*~tactically~*~*~ (hiding).
 62036 | Zot:1    | 62036 ||| Stepping ~*~*~tactically~*~*~ (hiding).
 62038 | Zot:1    | 62038 ||| Stepping ~*~*~tactically~*~*~ (hiding).
 62041 | Zot:1    | 62041 ||| Stepping ~*~*~tactically~*~*~ (hiding).
 62044 | Zot:1    | 62044 ||| INVOKING Heroism.
 62047 | Zot:1    | 62047 ||| Stepping ~*~*~tactically~*~*~ (hiding).
 62394 | Zot:1    | 62394 ||| DROPPING ring of wizardry.
 62395 | Zot:1    | 62395 ||| UPGRADING to +4 ring of evasion.
 62461 | Zot:2    | 62461 ||| INVOKING Heroism.
 62525 | Zot:2    | 62525 ||| INVOKING Heroism.
 62548 | Zot:2    | 62548 ||| INVOKING Heroism.
 62618 | Zot:2    | 62618 ||| Stepping ~*~*~tactically~*~*~ (stealth).
 62847 | Zot:2    | 62847 ||| INVOKING Heroism.
 62861 | Zot:2    | Identified the +4 broad axe of Radicalism {protect, Str+2}
                  | (Okawaru gifted it to you on level 2 of the Realm of Zot)
 62861 | Zot:2    | Received a gift from Okawaru
 63139 | Zot:2    | 63139 ||| DROPPING +4 broad axe of Radicalism {protect,
                  | Str+2}.
 63160 | Zot:2    | 63160 ||| Stepping ~*~*~tactically~*~*~ (hiding).
 63167 | Zot:2    | 63167 ||| INVOKING Heroism.
 63184 | Zot:2    | 63184 ||| Stepping ~*~*~tactically~*~*~ (stealth).
 63210 | Zot:2    | 63210 ||| Stepping ~*~*~tactically~*~*~ (stealth).
 63211 | Zot:2    | 63211 ||| Stepping ~*~*~tactically~*~*~ (stealth).
 63220 | Zot:2    | 63220 ||| Stepping ~*~*~tactically~*~*~ (stealth).
 63414 | Zot:2    | 63414 ||| Stepping ~*~*~tactically~*~*~ (stealth).
 63417 | Zot:2    | 63417 ||| Stepping ~*~*~tactically~*~*~ (hiding).
 63443 | Zot:2    | 63443 ||| INVOKING Heroism.
 63449 | Zot:2    | Reached skill level 24 in Fighting
 63691 | Zot:2    | Identified the +5 chain mail of Winter {Str+5}
 63901 | Zot:2    | 63901 ||| Stepping ~*~*~tactically~*~*~ (stealth).
 63903 | Zot:2    | 63903 ||| Stepping ~*~*~tactically~*~*~ (hiding).
 63905 | Zot:2    | 63905 ||| INVOKING Heroism.
 64031 | Zot:2    | 64031 ||| Stepping ~*~*~tactically~*~*~ (hiding).
 64063 | Zot:2    | 64063 ||| INVOKING Heroism.
 64157 | Zot:2    | 64157 ||| DROPPING amulet of magic regeneration.
 64272 | Zot:3    | 64272 ||| INVOKING Heroism.
 64278 | Zot:3    | Reached XP level 27. HP: 190/190 MP: 29/30
 64278 | Zot:3    | 64278 ||| Stepping ~*~*~tactically~*~*~ (hiding).
 64372 | Zot:3    | Noticed Vv
 64373 | Zot:3    | 64373 ||| Stepping ~*~*~tactically~*~*~ (stealth).
 64376 | Zot:3    | 64376 ||| Stepping ~*~*~tactically~*~*~ (stealth).
 64378 | Zot:3    | 64378 ||| Stepping ~*~*~tactically~*~*~ (hiding).
 64379 | Zot:3    | 64379 ||| Stepping ~*~*~tactically~*~*~ (hiding).
 64384 | Zot:3    | 64384 ||| DRINKING 6 potions of resistance.
 64385 | Zot:3    | 64385 ||| INVOKING Heroism.
 64386 | Zot:3    | 64386 ||| INVOKING Finesse.
 64397 | Zot:3    | Killed Vv
 64753 | Zot:3    | 64753 ||| Stepping ~*~*~tactically~*~*~ (hiding).
 64897 | Zot:3    | 64897 ||| Stepping ~*~*~tactically~*~*~ (stealth).
 64898 | Zot:3    | 64898 ||| Stepping ~*~*~tactically~*~*~ (stealth).
 64989 | Zot:3    | 64989 ||| INVOKING Heroism.
 65117 | Zot:3    | Identified the +8 dagger of Generosity {freeze, rPois rF+
                  | SInv}
 65400 | Zot:4    | Noticed Parghit
 65401 | Zot:4    | 65401 ||| INVOKING Heroism.
 65402 | Zot:4    | 65402 ||| INVOKING Finesse.
 65411 | Zot:4    | Killed Parghit
 65545 | Zot:4    | 65545 ||| INVOKING Heroism.
 65727 | Zot:4    | 65727 ||| INVOKING Heroism.
 65986 | Zot:4    | 65986 ||| Stepping ~*~*~tactically~*~*~ (hiding).
 65989 | Zot:4    | 65989 ||| Stepping ~*~*~tactically~*~*~ (hiding).
 66048 | Zot:4    | Found a runed translucent gate.
 66048 | Zot:4    | Found a runed translucent gate.
 66048 | Zot:4    | Found a runed translucent gate.
 66065 | Zot:4    | Noticed qw's ghost (veteran GrFi)
 66074 | Zot:4    | 66074 ||| INVOKING Heroism.
 66456 | Zot:4    | Found a viscous altar of Jiyva.
 66458 | Zot:4    | 66458 ||| PLANNING THE SHINING ONE WORSHIP
 66458 | Zot:4    | 66458 ||| DROPPING +0 gold dragon scales.
 66459 | Zot:4    | 66459 ||| UPGRADING to ring of Naw Guchial {Ice Fly Will+
                  | Dex+3}.
 66770 | D:8      | Fell from the grace of Okawaru
 66770 | D:8      | Became a worshipper of the Shining One
 66771 | D:8      | 66771 ||| PLANNING CRYPT
 67027 | Crypt:1  | Entered Level 1 of the Crypt
 67058 | Crypt:1  | 67058 ||| Stepping ~*~*~tactically~*~*~ (stealth).
 67062 | Crypt:1  | 67062 ||| Stepping ~*~*~tactically~*~*~ (hiding).
 67070 | Crypt:1  | 67070 ||| Stepping ~*~*~tactically~*~*~ (hiding).
 67076 | Crypt:1  | Noticed Mennas
 67077 | Crypt:1  | Reached * piety under the Shining One
 67078 | Crypt:1  | 67078 ||| Stepping ~*~*~tactically~*~*~ (hiding).
 67119 | Crypt:1  | Killed Mennas
 67206 | Crypt:1  | Noticed Sojobo
 67207 | Crypt:1  | 67207 ||| Stepping ~*~*~tactically~*~*~ (stealth).
 67218 | Crypt:1  | 67218 ||| Stepping ~*~*~tactically~*~*~ (stealth).
 67219 | Crypt:1  | 67219 ||| Stepping ~*~*~tactically~*~*~ (stealth).
 67280 | Crypt:1  | 67280 ||| Stepping ~*~*~tactically~*~*~ (stealth).
 67323 | Crypt:1  | 67323 ||| Stepping ~*~*~tactically~*~*~ (stealth).
 67325 | Crypt:1  | 67325 ||| Stepping ~*~*~tactically~*~*~ (hiding).
 67337 | Crypt:1  | Reached ** piety under the Shining One
 67339 | Crypt:1  | 67339 ||| Stepping ~*~*~tactically~*~*~ (hiding).
 67346 | Crypt:1  | Identified the +7 mace "Qost" {flame, rElec}
 67348 | Crypt:1  | 67348 ||| UPGRADING to amulet of reflection.
 67369 | Crypt:1  | Paralysed by an air elemental for 1 turns
 67371 | Crypt:1  | Killed Sojobo
 67372 | Crypt:1  | Reached skill level 12 in Invocations
 67377 | Crypt:1  | Reached *** piety under the Shining One
 67398 | Crypt:1  | 67398 ||| Stepping ~*~*~tactically~*~*~ (hiding).
 67416 | Crypt:1  | 67416 ||| Stepping ~*~*~tactically~*~*~ (hiding).
 67423 | Crypt:1  | Reached **** piety under the Shining One
 67440 | Crypt:1  | 67440 ||| Stepping ~*~*~tactically~*~*~ (hiding).
 67763 | Crypt:1  | 67763 ||| Stepping ~*~*~tactically~*~*~ (hiding).
 67764 | Crypt:1  | 67764 ||| Stepping ~*~*~tactically~*~*~ (hiding).
 67765 | Crypt:1  | 67765 ||| Stepping ~*~*~tactically~*~*~ (hiding).
 67769 | Crypt:1  | 67769 ||| Stepping ~*~*~tactically~*~*~ (hiding).
 67860 | Crypt:1  | 67860 ||| UPGRADING to amulet of reflection.
 67913 | Crypt:2  | Reached ***** piety under the Shining One
 67914 | Crypt:2  | 67914 ||| FLEEEEING.
 67915 | Crypt:2  | 67915 ||| FLEEEEING.
 67916 | Crypt:2  | 67916 ||| FLEEEEING.
 67917 | Crypt:2  | 67917 ||| FLEEEEING.
 67918 | Crypt:2  | 67918 ||| FLEEEEING.
 67935 | Crypt:2  | 67935 ||| Stepping ~*~*~tactically~*~*~ (cloud).
 68009 | Crypt:2  | 68009 ||| Stepping ~*~*~tactically~*~*~ (hiding).
 68010 | Crypt:2  | 68010 ||| Stepping ~*~*~tactically~*~*~ (hiding).
 68011 | Crypt:2  | 68011 ||| Stepping ~*~*~tactically~*~*~ (hiding).
 68012 | Crypt:2  | 68012 ||| Stepping ~*~*~tactically~*~*~ (hiding).
 68013 | Crypt:2  | 68013 ||| Stepping ~*~*~tactically~*~*~ (hiding).
 68014 | Crypt:2  | 68014 ||| Stepping ~*~*~tactically~*~*~ (hiding).
 68015 | Crypt:2  | 68015 ||| Stepping ~*~*~tactically~*~*~ (hiding).
 68016 | Crypt:2  | 68016 ||| Stepping ~*~*~tactically~*~*~ (hiding).
 68325 | Crypt:2  | 68325 ||| INVOKING Cleansing Flame.
 68328 | Crypt:2  | 68328 ||| FLEEEEING.
 68329 | Crypt:2  | 68329 ||| FLEEEEING.
 68330 | Crypt:2  | 68330 ||| FLEEEEING.
 68331 | Crypt:2  | 68331 ||| FLEEEEING.
 68332 | Crypt:2  | 68332 ||| FLEEEEING.
 68333 | Crypt:2  | 68333 ||| FLEEEEING.
 68334 | Crypt:2  | 68334 ||| FLEEEEING.
 68335 | Crypt:2  | 68335 ||| FLEEEEING.
 68336 | Crypt:2  | 68336 ||| FLEEEEING.
 68337 | Crypt:2  | 68337 ||| FLEEEEING.
 68338 | Crypt:2  | 68338 ||| FLEEEEING.
 68339 | Crypt:2  | 68339 ||| FLEEEEING.
 68340 | Crypt:2  | 68340 ||| FLEEEEING.
 68344 | Crypt:2  | 68344 ||| FLEEEEING.
 68345 | Crypt:2  | 68345 ||| FLEEEEING.
 68346 | Crypt:2  | 68346 ||| FLEEEEING.
 68347 | Crypt:2  | 68347 ||| FLEEEEING.
 68348 | Crypt:2  | 68348 ||| FLEEEEING.
 68355 | Crypt:2  | 68355 ||| FLEEEEING.
 68543 | Crypt:2  | 68543 ||| INVOKING Summon Divine Warrior.
 68551 | Crypt:2  | 68551 ||| INVOKING Summon Divine Warrior.
 68566 | Crypt:2  | 68566 ||| INVOKING Summon Divine Warrior.
 68569 | Crypt:2  | 68569 ||| INVOKING Summon Divine Warrior.
 68577 | Crypt:2  | HP: 41/192 [fire giant/+1 great sword of flaming[the fury
                  | of Okawaru] (11)]
 68578 | Crypt:2  | 68578 ||| READING 21 scrolls of teleportation.
 68579 | Crypt:2  | 68579 ||| DRINKING 8 potions of heal wounds.
 68583 | Crypt:2  | 68583 ||| INVOKING Cleansing Flame.
 68584 | Crypt:2  | 68584 ||| INVOKING Summon Divine Warrior.
 68801 | Crypt:2  | 68801 ||| Stepping ~*~*~tactically~*~*~ (stealth).
 68818 | Crypt:2  | 68818 ||| Stepping ~*~*~tactically~*~*~ (stealth).
 68820 | Crypt:2  | 68820 ||| Stepping ~*~*~tactically~*~*~ (stealth).
 69100 | Crypt:2  | 69100 ||| Stepping ~*~*~tactically~*~*~ (stealth).
 69101 | Crypt:2  | 69101 ||| Stepping ~*~*~tactically~*~*~ (stealth).
 69102 | Crypt:2  | 69102 ||| Stepping ~*~*~tactically~*~*~ (stealth).
 69103 | Crypt:2  | 69103 ||| Stepping ~*~*~tactically~*~*~ (stealth).
 69144 | Crypt:2  | 69144 ||| Stepping ~*~*~tactically~*~*~ (hiding).
 69158 | Crypt:2  | 69158 ||| Stepping ~*~*~tactically~*~*~ (hiding).
 69160 | Crypt:2  | 69160 ||| Stepping ~*~*~tactically~*~*~ (hiding).
 69167 | Crypt:2  | 69167 ||| Stepping ~*~*~tactically~*~*~ (hiding).
 69168 | Crypt:2  | 69168 ||| Stepping ~*~*~tactically~*~*~ (hiding).
 69185 | Crypt:2  | 69185 ||| FLEEEEING.
 69813 | Crypt:2  | 69813 ||| DROPPING +1 hat.
 69842 | Crypt:3  | Entered Level 3 of the Crypt
 69842 | Crypt:3  | Found a staircase to the Tomb.
 69843 | Crypt:3  | 69843 ||| PLANNING WIZLAB
 69847 | Crypt:3  | 69847 ||| Stepping ~*~*~tactically~*~*~ (hiding).
 69848 | Crypt:3  | 69848 ||| Stepping ~*~*~tactically~*~*~ (hiding).
 69849 | Crypt:3  | 69849 ||| INVOKING Cleansing Flame.
 69850 | Crypt:3  | 69850 ||| STAIRDANCE
 69956 | Crypt:3  | 69956 ||| STAIRDANCE
 69962 | Crypt:3  | 69962 ||| STAIRDANCE
 69971 | Crypt:3  | 69971 ||| STAIRDANCE
 69988 | Crypt:3  | 69988 ||| STAIRDANCE
 70003 | Crypt:3  | 70003 ||| STAIRDANCE
 70028 | Crypt:3  | 70028 ||| STAIRDANCE
 70036 | Crypt:3  | 70036 ||| STAIRDANCE
 70044 | Crypt:3  | 70044 ||| STAIRDANCE
 70111 | Crypt:3  | Reached ****** piety under the Shining One
 70142 | Crypt:3  | 70142 ||| INVOKING Brand Weapon With Holy Wrath.
 70142 | Crypt:3  | Identified a +9 broad axe of holy wrath (a +9 spectral
                  | broad axe blessed by the Shining One)
 70142 | Crypt:3  | Received a gift from the Shining One
 70185 | Crypt:3  | 70185 ||| Stepping ~*~*~tactically~*~*~ (hiding).
 70186 | Crypt:3  | 70186 ||| Stepping ~*~*~tactically~*~*~ (hiding).
 70303 | Crypt:3  | Found an ancient bone altar of Kikubaaqudgha.
 70338 | Crypt:3  | Reached skill level 15 in Invocations
 70405 | Crypt:3  | 70405 ||| Stepping ~*~*~tactically~*~*~ (stealth).
 70538 | Crypt:3  | 70538 ||| Stepping ~*~*~tactically~*~*~ (hiding).
 70539 | Crypt:3  | 70539 ||| Stepping ~*~*~tactically~*~*~ (hiding).
 70545 | Crypt:3  | 70545 ||| RIP WIZLAB
 70614 | Crypt:3  | 70614 ||| PLANNING CRYPT
 70614 | Crypt:3  | 70614 ||| Stepping ~*~*~tactically~*~*~ (stealth).
 70772 | Crypt:3  | Identified the +7 arbalest "Faizoff" {elec, rC+ Will+}
 70774 | Crypt:3  | Identified the +8 sling of Res Nullius {speed, rCorr Dex+4}
 70776 | Crypt:3  | Identified the +11 flail of Discord {vamp, Stlth+}
 70857 | Crypt:3  | Was forgiven by Okawaru
 71137 | Crypt:3  | 71137 ||| Stepping ~*~*~tactically~*~*~ (stealth).
 71379 | Crypt:3  | 71379 ||| Stepping ~*~*~tactically~*~*~ (hiding).
 71410 | Crypt:3  | Reached skill level 24 in Armour
 71513 | Crypt:3  | 71513 ||| PLANNING TOMB
 71555 | Tomb:1   | Entered Level 1 of the Tomb of the Ancients
 72061 | Tomb:1   | Noticed a royal mummy
 72062 | Tomb:1   | 72062 ||| INVOKING Summon Divine Warrior.
 72063 | Tomb:1   | Noticed a royal mummy
 72066 | Tomb:1   | 72066 ||| INVOKING Cleansing Flame.
 72067 | Tomb:1   | 72067 ||| INVOKING Cleansing Flame.
 72069 | Tomb:1   | Noticed a royal mummy
 72073 | Tomb:1   | Killed a royal mummy
 72073 | Tomb:1   | Killed a royal mummy
 72077 | Tomb:1   | 72077 ||| INVOKING Cleansing Flame.
 72078 | Tomb:1   | 72078 ||| INVOKING Cleansing Flame.
 72079 | Tomb:1   | Killed a royal mummy
 72080 | Tomb:1   | 72080 ||| INVOKING Summon Divine Warrior.
 72082 | Tomb:1   | HP: 43/192 [mummy priest/divine providence (12)]
 72083 | Tomb:1   | 72083 ||| READING 22 scrolls of teleportation.
 72084 | Tomb:1   | 72084 ||| DRINKING 10 potions of heal wounds.
 72364 | Tomb:1   | 72364 ||| INVOKING Cleansing Flame.
 72365 | Tomb:1   | 72365 ||| INVOKING Cleansing Flame.
 72677 | Tomb:1   | 72677 ||| INVOKING Cleansing Flame.
 72752 | Tomb:1   | 72752 ||| INVOKING Cleansing Flame.
 72773 | Tomb:1   | 72773 ||| INVOKING Cleansing Flame.
 73119 | Tomb:2   | 73119 ||| DRINKING 15 potions of haste.
 73120 | Tomb:2   | 73120 ||| DRINKING 10 potions of attraction.
 73121 | Tomb:2   | 73121 ||| INVOKING Cleansing Flame.
 73123 | Tomb:2   | 73123 ||| INVOKING Cleansing Flame.
 73123 | Tomb:2   | Noticed a royal mummy
 73123 | Tomb:2   | Noticed a royal mummy
 73123 | Tomb:2   | Noticed a royal mummy
 73124 | Tomb:2   | 73124 ||| INVOKING Summon Divine Warrior.
 73124 | Tomb:2   | Noticed a royal mummy
 73125 | Tomb:2   | 73125 ||| INVOKING Cleansing Flame.
 73125 | Tomb:2   | Noticed a royal mummy
 73127 | Tomb:2   | 73127 ||| INVOKING Cleansing Flame.
 73128 | Tomb:2   | 73128 ||| INVOKING Cleansing Flame.
 73129 | Tomb:2   | 73129 ||| INVOKING Cleansing Flame.
 73129 | Tomb:2   | Killed a royal mummy
 73130 | Tomb:2   | Killed a royal mummy
 73130 | Tomb:2   | Killed a royal mummy
 73130 | Tomb:2   | Killed a royal mummy
 73131 | Tomb:2   | Killed a royal mummy
 73222 | Tomb:2   | 73222 ||| INVOKING Cleansing Flame.
 73252 | Tomb:2   | Reached skill level 18 in Invocations
 73626 | Tomb:1   | Noticed a royal mummy
 73627 | Tomb:1   | 73627 ||| INVOKING Summon Divine Warrior.
 73629 | Tomb:1   | Noticed a royal mummy
 73632 | Tomb:1   | Killed a royal mummy
 73635 | Tomb:1   | Killed a royal mummy
 73637 | Tomb:1   | Noticed a royal mummy
 73638 | Tomb:1   | Noticed a royal mummy
 73638 | Tomb:1   | Noticed a royal mummy
 73638 | Tomb:1   | Noticed a royal mummy
 73644 | Tomb:1   | Killed a royal mummy
 73646 | Tomb:1   | Killed a royal mummy
 73651 | Tomb:1   | Killed a royal mummy
 73657 | Tomb:1   | Killed a royal mummy
 73900 | Tomb:1   | Noticed a royal mummy
 73901 | Tomb:1   | 73901 ||| INVOKING Summon Divine Warrior.
 73901 | Tomb:1   | Identified the +6 tower shield "Pumulamm" {Drain rN++ Int+3
                  | Stlth+}
 73902 | Tomb:1   | Noticed a royal mummy
 73905 | Tomb:1   | Noticed a royal mummy
 73909 | Tomb:1   | Killed a royal mummy
 73914 | Tomb:1   | Noticed a royal mummy
 73915 | Tomb:1   | 73915 ||| INVOKING Cleansing Flame.
 73916 | Tomb:1   | 73916 ||| INVOKING Cleansing Flame.
 73917 | Tomb:1   | 73917 ||| INVOKING Cleansing Flame.
 73917 | Tomb:1   | Killed a royal mummy
 73920 | Tomb:1   | Killed a royal mummy
 73921 | Tomb:1   | 73921 ||| INVOKING Cleansing Flame.
 73922 | Tomb:1   | 73922 ||| INVOKING Cleansing Flame.
 73926 | Tomb:1   | Killed a royal mummy
 73926 | Tomb:1   | Noticed a royal mummy
 73930 | Tomb:1   | 73930 ||| INVOKING Cleansing Flame.
 73933 | Tomb:1   | Killed a royal mummy
 74002 | Tomb:1   | Noticed a royal mummy
 74006 | Tomb:1   | 74006 ||| INVOKING Cleansing Flame.
 74007 | Tomb:1   | 74007 ||| INVOKING Cleansing Flame.
 74009 | Tomb:1   | Killed a royal mummy
 74195 | Tomb:1   | 74195 ||| INVOKING Cleansing Flame.
 74203 | Tomb:1   | Noticed a royal mummy
 74204 | Tomb:1   | 74204 ||| INVOKING Summon Divine Warrior.
 74211 | Tomb:1   | 74211 ||| INVOKING Cleansing Flame.
 74212 | Tomb:1   | 74212 ||| INVOKING Summon Divine Warrior.
 74216 | Tomb:1   | Killed a royal mummy
 74218 | Tomb:1   | Noticed a royal mummy
 74219 | Tomb:1   | Noticed a royal mummy
 74221 | Tomb:1   | Noticed a royal mummy
 74221 | Tomb:1   | Killed a royal mummy
 74222 | Tomb:1   | 74222 ||| INVOKING Cleansing Flame.
 74222 | Tomb:1   | Noticed a royal mummy
 74223 | Tomb:1   | 74223 ||| INVOKING Cleansing Flame.
 74224 | Tomb:1   | Killed a royal mummy
 74224 | Tomb:1   | Noticed a royal mummy
 74225 | Tomb:1   | 74225 ||| INVOKING Cleansing Flame.
 74225 | Tomb:1   | Noticed a royal mummy
 74226 | Tomb:1   | Killed a royal mummy
 74227 | Tomb:1   | 74227 ||| INVOKING Cleansing Flame.
 74227 | Tomb:1   | HP: 35/192 [royal mummy/divine providence (14)]
 74227 | Tomb:1   | Noticed a royal mummy
 74228 | Tomb:1   | 74228 ||| READING 21 scrolls of teleportation.
 74229 | Tomb:1   | 74229 ||| DRINKING 9 potions of heal wounds.
 74230 | Tomb:1   | 74230 ||| DRINKING 8 potions of heal wounds.
 74737 | Tomb:1   | 74737 ||| INVOKING Summon Divine Warrior.
 74741 | Tomb:1   | 74741 ||| INVOKING Cleansing Flame.
 74742 | Tomb:1   | 74742 ||| INVOKING Cleansing Flame.
 74743 | Tomb:1   | 74743 ||| INVOKING Cleansing Flame.
 74745 | Tomb:1   | Killed a royal mummy
 74746 | Tomb:1   | 74746 ||| INVOKING Cleansing Flame.
 74747 | Tomb:1   | 74747 ||| INVOKING Cleansing Flame.
 74749 | Tomb:1   | Killed a royal mummy
 74761 | Tomb:1   | 74761 ||| INVOKING Cleansing Flame.
 74762 | Tomb:1   | 74762 ||| INVOKING Cleansing Flame.
 74763 | Tomb:1   | 74763 ||| INVOKING Cleansing Flame.
 74764 | Tomb:1   | 74764 ||| DRINKING 3 potions of magic.
 74765 | Tomb:1   | 74765 ||| INVOKING Cleansing Flame.
 74765 | Tomb:1   | Killed a royal mummy
 74924 | Tomb:1   | Killed a royal mummy
 75337 | Tomb:2   | Reached skill level 21 in Invocations
 75338 | Tomb:2   | 75338 ||| INVOKING Cleansing Flame.
 75339 | Tomb:2   | 75339 ||| INVOKING Cleansing Flame.
 75341 | Tomb:2   | 75341 ||| INVOKING Summon Divine Warrior.
 75342 | Tomb:2   | 75342 ||| INVOKING Cleansing Flame.
 75347 | Tomb:2   | 75347 ||| INVOKING Cleansing Flame.
 75361 | Tomb:2   | 75361 ||| INVOKING Cleansing Flame.
 75368 | Tomb:2   | 75368 ||| INVOKING Cleansing Flame.
 75543 | Tomb:3   | Entered Level 3 of the Tomb of the Ancients
 75544 | Tomb:3   | 75544 ||| DRINKING 14 potions of haste.
 75545 | Tomb:3   | 75545 ||| DRINKING 9 potions of attraction.
 75580 | Tomb:3   | 75580 ||| INVOKING Cleansing Flame.
 75580 | Tomb:3   | Noticed a royal mummy
 75581 | Tomb:3   | 75581 ||| INVOKING Cleansing Flame.
 75582 | Tomb:3   | 75582 ||| INVOKING Summon Divine Warrior.
 75586 | Tomb:3   | Noticed a royal mummy
 75587 | Tomb:3   | 75587 ||| INVOKING Cleansing Flame.
 75588 | Tomb:3   | Noticed a royal mummy
 75590 | Tomb:3   | Killed a royal mummy
 75596 | Tomb:3   | 75596 ||| INVOKING Cleansing Flame.
 75597 | Tomb:3   | 75597 ||| INVOKING Cleansing Flame.
 75597 | Tomb:3   | Noticed a royal mummy
 75598 | Tomb:3   | 75598 ||| INVOKING Cleansing Flame.
 75603 | Tomb:3   | 75603 ||| INVOKING Cleansing Flame.
 75603 | Tomb:3   | Killed a royal mummy
 75604 | Tomb:3   | 75604 ||| INVOKING Cleansing Flame.
 75605 | Tomb:3   | 75605 ||| INVOKING Cleansing Flame.
 75606 | Tomb:3   | 75606 ||| INVOKING Cleansing Flame.
 75607 | Tomb:3   | 75607 ||| INVOKING Cleansing Flame.
 75607 | Tomb:3   | Killed a royal mummy
 75607 | Tomb:3   | HP: 41/192 [torment (8)]
 75608 | Tomb:3   | 75608 ||| READING 20 scrolls of teleportation.
 75609 | Tomb:3   | 75609 ||| DRINKING 7 potions of heal wounds.
 75610 | Tomb:3   | 75610 ||| INVOKING Cleansing Flame.
 75619 | Tomb:3   | 75619 ||| INVOKING Summon Divine Warrior.
 75625 | Tomb:3   | 75625 ||| DRINKING 2 potions of magic.
 75632 | Tomb:3   | 75632 ||| INVOKING Cleansing Flame.
 75633 | Tomb:3   | 75633 ||| INVOKING Cleansing Flame.
 75633 | Tomb:3   | HP: 46/192 [??? (9)]
 75634 | Tomb:3   | 75634 ||| READING 19 scrolls of teleportation.
 75635 | Tomb:3   | 75635 ||| DRINKING 6 potions of heal wounds.
 75636 | Tomb:3   | 75636 ||| INVOKING Cleansing Flame.
 75637 | Tomb:3   | 75637 ||| INVOKING Cleansing Flame.
 75637 | Tomb:3   | Killed a royal mummy
 75637 | Tomb:3   | Found the +3 pair of seven-league boots {Rampage+∞}
 75640 | Tomb:3   | 75640 ||| INVOKING Summon Divine Warrior.
 75642 | Tomb:3   | 75642 ||| DRINKING potion of magic.
 75646 | Tomb:3   | Noticed a royal mummy
 75646 | Tomb:3   | Noticed a royal mummy
 75647 | Tomb:3   | Noticed a royal mummy
 75649 | Tomb:3   | 75649 ||| INVOKING Cleansing Flame.
 75650 | Tomb:3   | 75650 ||| INVOKING Cleansing Flame.
 75650 | Tomb:3   | HP: 46/192 [??? (8)]
 75651 | Tomb:3   | 75651 ||| READING 18 scrolls of teleportation.
 75652 | Tomb:3   | 75652 ||| DRINKING 5 potions of heal wounds.
 75653 | Tomb:3   | 75653 ||| INVOKING Cleansing Flame.
 75653 | Tomb:3   | Killed a royal mummy
 75654 | Tomb:3   | 75654 ||| INVOKING Summon Divine Warrior.
 75654 | Tomb:3   | Noticed a royal mummy
 75656 | Tomb:3   | 75656 ||| INVOKING Cleansing Flame.
 75657 | Tomb:3   | 75657 ||| INVOKING Cleansing Flame.
 75658 | Tomb:3   | Killed a royal mummy
 75659 | Tomb:3   | 75659 ||| DRINKING 6 potions of resistance.
 75660 | Tomb:3   | HP: 44/192 [royal mummy/divine providence (10)]
 75661 | Tomb:3   | 75661 ||| READING 17 scrolls of teleportation.
 75662 | Tomb:3   | 75662 ||| DRINKING 4 potions of heal wounds.
 75663 | Tomb:3   | 75663 ||| DRINKING 3 potions of heal wounds.
 75664 | Tomb:3   | 75664 ||| READING 16 scrolls of teleportation.
 75665 | Tomb:3   | 75665 ||| DRINKING 2 potions of heal wounds.
 75666 | Tomb:3   | 75666 ||| INVOKING Cleansing Flame.
 75667 | Tomb:3   | 75667 ||| INVOKING Cleansing Flame.
 75668 | Tomb:3   | 75668 ||| INVOKING Cleansing Flame.
 75675 | Tomb:3   | 75675 ||| Stepping ~*~*~tactically~*~*~ (hiding).
 75677 | Tomb:3   | 75677 ||| INVOKING Summon Divine Warrior.
 75682 | Tomb:3   | HP: 39/192 [royal mummy/divine providence (16)]
 75683 | Tomb:3   | 75683 ||| READING 15 scrolls of teleportation.
 75684 | Tomb:3   | 75684 ||| DRINKING potion of heal wounds.
 75685 | Tomb:3   | 75685 ||| INVOKING Cleansing Flame.
 75686 | Tomb:3   | 75686 ||| INVOKING Cleansing Flame.
 75688 | Tomb:3   | 75688 ||| INVOKING Summon Divine Warrior.
 75691 | Tomb:3   | HP: 39/192 [something (11)]
 75692 | Tomb:3   | 75692 ||| READING 14 scrolls of teleportation.
 75724 | Tomb:3   | HP: 38/192 [royal mummy/divine providence (14)]
 75725 | Tomb:3   | 75725 ||| READING 13 scrolls of teleportation.
 75725 | Tomb:3   | Killed a royal mummy
 75725 | Tomb:3   | HP: 11/192 [something (28)]
 75751 | Tomb:3   | Killed a royal mummy
 75751 | Tomb:3   | HP: 19/192 [torment (3)]
 75753 | Tomb:3   | 75753 ||| READING 12 scrolls of teleportation.
 76197 | Tomb:3   | Identified the amulet "Ahouleb" {Regen+ SInv}
 76210 | Tomb:3   | Identified the +1 robe of the Butcher {Contam rF+ Str+2}
 76229 | Tomb:3   | Identified the amulet "Qany" {Reflect Will+ MP+9 Str+4
                  | SH+5}
 76237 | Tomb:3   | Identified the +6 battleaxe "Giantslayer" {drain, rPois
                  | rCorr Int+2}
 76255 | Tomb:3   | Identified the +11 triple crossbow of the Pyrrhic Victory
                  | {penet, rCorr}
 76389 | Tomb:3   | Identified the ring "Mepsooh" {Fly Will+}
 76482 | Tomb:3   | Got a golden rune of Zot
 76550 | Tomb:3   | 76550 ||| PLANNING PAN
 76550 | Tomb:3   | 76550 ||| DROPPING +2 hat.
 76551 | Tomb:3   | 76551 ||| DROPPING +0 pair of boots of rampaging.
 76552 | Tomb:3   | 76552 ||| UPGRADING to +3 pair of seven-league boots
                  | {Rampage+∞}.
 76562 | Tomb:3   | 76562 ||| DROPPING +2 pair of boots.
 76563 | Tomb:3   | 76563 ||| DROPPING amulet "Ahouleb" {Regen+ SInv}.
 76564 | Tomb:3   | 76564 ||| DROPPING amulet "Pumuis" {Spirit Will+ Str+5
                  | SInv}.
 76565 | Tomb:3   | 76565 ||| UPGRADING to amulet "Qany" {Reflect Will+ MP+9
                  | Str+4 SH+5}.
 76575 | Tomb:3   | 76575 ||| DROPPING amulet of reflection.
 76576 | Tomb:3   | 76576 ||| DROPPING ring "Mepsooh" {Fly Will+}.
 77122 | Pan      | Entered the realm of Cerebov.
 77122 | Pan      | Entered Pandemonium
 77199 | Pan      | 77199 ||| Stepping ~*~*~tactically~*~*~ (stealth).
 77201 | Pan      | 77201 ||| Stepping ~*~*~tactically~*~*~ (hiding).
 77250 | Pan      | Reached skill level 24 in Invocations
 77341 | Pan      | 77341 ||| Stepping ~*~*~tactically~*~*~ (hiding).
 77342 | Pan      | 77342 ||| Stepping ~*~*~tactically~*~*~ (hiding).
 77344 | Pan      | 77344 ||| Stepping ~*~*~tactically~*~*~ (hiding).
 77431 | Pan      | 77431 ||| Stepping ~*~*~tactically~*~*~ (stealth).
 77468 | Pan      | 77468 ||| Stepping ~*~*~tactically~*~*~ (stealth).
 77472 | Pan      | 77472 ||| Stepping ~*~*~tactically~*~*~ (hiding).
 77473 | Pan      | 77473 ||| Stepping ~*~*~tactically~*~*~ (hiding).
 77474 | Pan      | 77474 ||| Stepping ~*~*~tactically~*~*~ (hiding).
 77595 | Pan      | 77595 ||| Stepping ~*~*~tactically~*~*~ (hiding).
 77692 | Pan      | 77692 ||| Stepping ~*~*~tactically~*~*~ (stealth).
 77693 | Pan      | 77693 ||| Stepping ~*~*~tactically~*~*~ (stealth).
 77699 | Pan      | 77699 ||| Stepping ~*~*~tactically~*~*~ (hiding).
 77705 | Pan      | Found the +6 sword of Cerebov {flame}
 77705 | Pan      | Noticed Cerebov
 77706 | Pan      | 77706 ||| DRINKING 13 potions of haste.
 77707 | Pan      | 77707 ||| DRINKING 5 potions of resistance.
 77708 | Pan      | 77708 ||| INVOKING Summon Divine Warrior.
 77709 | Pan      | 77709 ||| DRINKING 10 potions of might.
 77710 | Pan      | 77710 ||| INVOKING Cleansing Flame.
 77711 | Pan      | 77711 ||| INVOKING Cleansing Flame.
 77712 | Pan      | 77712 ||| INVOKING Cleansing Flame.
 77713 | Pan      | 77713 ||| INVOKING Summon Divine Warrior.
 77725 | Pan      | Killed Cerebov
 77986 | Pan      | 77986 ||| Stepping ~*~*~tactically~*~*~ (hiding).
 77990 | Pan      | 77990 ||| INVOKING Cleansing Flame.
 77991 | Pan      | 77991 ||| INVOKING Summon Divine Warrior.
 78028 | Pan      | Got a fiery rune of Zot
 78200 | Pan      | Identified the ring of the Ancients {Fire rN+ Will+ Str-3
                  | SInv}
 78299 | Pan      | 78299 ||| INVOKING Cleansing Flame.
 78300 | Pan      | 78300 ||| INVOKING Cleansing Flame.
 78430 | Pan      | 78430 ||| DROPPING +2 broad axe of flaming.
 78441 | Pan      | Identified the ring of Xom's Ringing Laughter {rF- Will+
                  | Str+8 Dex+5}
 78639 | Pan      | 78639 ||| INVOKING Summon Divine Warrior.
 78761 | Pan      | 78761 ||| UPGRADING to ring of Xom's Ringing Laughter {rF-
                  | Will+ Str+8 Dex+5}.
 78763 | Pan      | 78763 ||| DROPPING ring "Ymioluzi" {Fire Drain rPois
                  | Int+2}.
 78764 | Pan      | 78764 ||| UPGRADING to ring of the Queen {Str+4 Int+6
                  | Slay+4}.
 78852 | Pan      | Found a transporter.
 78878 | Pan      | 78878 ||| Stepping ~*~*~tactically~*~*~ (hiding).
 78880 | Pan      | 78880 ||| Stepping ~*~*~tactically~*~*~ (hiding).
 78977 | Pan      | Found a transporter.
 79076 | Pan      | Identified the amulet "Qanniol" {Faith +Inv rElec rCorr
                  | Int+6}
 79140 | Pan      | Found an exit through the horrors of the Abyss.
 79375 | Pan      | 79375 ||| Stepping ~*~*~tactically~*~*~ (stealth).
 79500 | Pan      | 79500 ||| Stepping ~*~*~tactically~*~*~ (stealth).
 79518 | Pan      | 79518 ||| Stepping ~*~*~tactically~*~*~ (stealth).
 79520 | Pan      | 79520 ||| Stepping ~*~*~tactically~*~*~ (hiding).
 79551 | Pan      | 79551 ||| Stepping ~*~*~tactically~*~*~ (stealth).
 79554 | Pan      | 79554 ||| Stepping ~*~*~tactically~*~*~ (stealth).
 79690 | Pan      | 79690 ||| INVOKING Summon Divine Warrior.
 79692 | Pan      | 79692 ||| INVOKING Summon Divine Warrior.
 79892 | Pan      | 79892 ||| Stepping ~*~*~tactically~*~*~ (hiding).
 79893 | Pan      | 79893 ||| Stepping ~*~*~tactically~*~*~ (hiding).
 79898 | Pan      | 79898 ||| Stepping ~*~*~tactically~*~*~ (hiding).
 79913 | Pan      | 79913 ||| Stepping ~*~*~tactically~*~*~ (stealth).
 79968 | Pan      | 79968 ||| Stepping ~*~*~tactically~*~*~ (stealth).
 80017 | Pan      | 80017 ||| Stepping ~*~*~tactically~*~*~ (hiding).
 80030 | Pan      | 80030 ||| Stepping ~*~*~tactically~*~*~ (hiding).
 80174 | Pan      | Noticed Nunugg the pandemonium lord
 80175 | Pan      | 80175 ||| Stepping ~*~*~tactically~*~*~ (stealth).
 80177 | Pan      | 80177 ||| INVOKING Summon Divine Warrior.
 80192 | Pan      | Killed Nunugg the pandemonium lord
 80216 | Pan      | Got a demonic rune of Zot
 80236 | Pan      | 80236 ||| Stepping ~*~*~tactically~*~*~ (stealth).
 80245 | Pan      | 80245 ||| Stepping ~*~*~tactically~*~*~ (hiding).
 80252 | Pan      | 80252 ||| INVOKING Summon Divine Warrior.
 80326 | Pan      | 80326 ||| INVOKING Cleansing Flame.
 80351 | Pan      | 80351 ||| PLANNING D:1-11
 80359 | Pan      | 80359 ||| Stepping ~*~*~tactically~*~*~ (hiding).
 80360 | Pan      | 80360 ||| Stepping ~*~*~tactically~*~*~ (hiding).
 80367 | Pan      | 80367 ||| Stepping ~*~*~tactically~*~*~ (stealth).
 80370 | Pan      | 80370 ||| DRINKING 4 potions of resistance.
 80371 | Pan      | 80371 ||| INVOKING Summon Divine Warrior.
 80373 | Pan      | 80373 ||| INVOKING Cleansing Flame.
 80375 | Pan      | 80375 ||| INVOKING Cleansing Flame.
 80376 | Pan      | 80376 ||| INVOKING Cleansing Flame.
 80377 | Pan      | Noticed Semeluc the pandemonium lord
 80384 | Pan      | 80384 ||| DRINKING 6 potions of cancellation.
 80391 | Pan      | 80391 ||| INVOKING Summon Divine Warrior.
 80392 | Pan      | 80392 ||| INVOKING Cleansing Flame.
 80393 | Pan      | Killed Semeluc the pandemonium lord
 80397 | Pan      | 80397 ||| INVOKING Summon Divine Warrior.
 80397 | Abyss:4  | Found a corrupted altar of Lugonu.
 80397 | Abyss:4  | Cast into level 4 of the Abyss (+3 demon trident of
                  | distortion)
 80401 | Abyss:4  | 80401 ||| INVOKING Summon Divine Warrior.
 80401 | Abyss:4  | Identified the +6 tower shield of Free Will {+Blink Fly rF-
                  | Int+5}
 80454 | Pan      | Escaped the Abyss
 80494 | Pan      | 80494 ||| Stepping ~*~*~tactically~*~*~ (hiding).
 80505 | Pan      | 80505 ||| Stepping ~*~*~tactically~*~*~ (hiding).
 80548 | Pan      | Found an exit through the horrors of the Abyss.
 80571 | Pan      | 80571 ||| DRINKING 3 potions of resistance.
 80572 | Pan      | 80572 ||| INVOKING Summon Divine Warrior.
 80581 | Pan      | 80581 ||| INVOKING Cleansing Flame.
 80634 | Pan      | Gained mutation: Your body sometimes deteriorates upon
                  | taking damage. [a neqoxec]
 80635 | Pan      | Noticed Foemy the pandemonium lord
 80636 | Pan      | 80636 ||| INVOKING Summon Divine Warrior.
 80641 | Pan      | 80641 ||| INVOKING Cleansing Flame.
 80642 | Pan      | Killed Foemy the pandemonium lord
 80677 | Pan      | 80677 ||| INVOKING Cleansing Flame.
 80732 | Pan      | 80732 ||| Stepping ~*~*~tactically~*~*~ (hiding).
 80733 | Pan      | 80733 ||| INVOKING Summon Divine Warrior.
 80735 | Pan      | 80735 ||| INVOKING Cleansing Flame.
 80921 | Pan      | 80921 ||| Stepping ~*~*~tactically~*~*~ (stealth).
 81015 | Pan      | Gained mutation: You are clumsy. (Dex -2) [a neqoxec]
 81017 | Pan      | 81017 ||| INVOKING Cleansing Flame.
 81018 | Pan      | 81018 ||| INVOKING Cleansing Flame.
 81019 | Pan      | 81019 ||| INVOKING Cleansing Flame.
 81020 | Pan      | 81020 ||| INVOKING Cleansing Flame.
 81031 | Pan      | Gained mutation: You do not regenerate when monsters are
                  | visible. [a cacodemon]
 81136 | Pan      | 81136 ||| DRINKING 8 potions of mutation.
 81136 | Pan      | Lost mutation: Your body sometimes deteriorates upon taking
                  | damage. [potion of mutation]
 81136 | Pan      | Lost mutation: You are clumsy. (Dex -2) [potion of
                  | mutation]
 81136 | Pan      | Lost mutation: You expend magic power (3 MP) to strengthen
                  | your wands. [potion of mutation]
 81136 | Pan      | Gained mutation: You possess an exceptional clarity of
                  | mind. [potion of mutation]
 81136 | Pan      | Gained mutation: Your flesh is heat resistant. (rF+)
                  | [potion of mutation]
 81136 | Pan      | Gained mutation: You are frail. (-10% HP) [potion of
                  | mutation]
 81137 | Pan      | 81137 ||| DRINKING 7 potions of mutation.
 81137 | Pan      | Lost mutation: You possess an exceptional clarity of mind.
                  | [potion of mutation]
 81137 | Pan      | Lost mutation: Your flesh is heat resistant. (rF+) [potion
                  | of mutation]
 81137 | Pan      | Lost mutation: You do not regenerate when monsters are
                  | visible. [potion of mutation]
 81137 | Pan      | Gained mutation: You are clumsy. (Dex -2) [potion of
                  | mutation]
 81137 | Pan      | Gained mutation: Your mind is acute. (Int +4, Str/Dex -1)
                  | [potion of mutation]
 81137 | Pan      | Gained mutation: You have very sharp teeth. [potion of
                  | mutation]
 81138 | Pan      | 81138 ||| DRINKING 6 potions of mutation.
 81138 | Pan      | Lost mutation: You are clumsy. (Dex -2) [potion of
                  | mutation]
 81138 | Pan      | Lost mutation: Your mind is acute. (Int +4, Str/Dex -1)
                  | [potion of mutation]
 81138 | Pan      | Gained mutation: You sometimes lose your temper in combat.
                  | [potion of mutation]
 81138 | Pan      | Gained mutation: You have hidden genetic potential. [potion
                  | of mutation]
 81138 | Pan      | Gained mutation: You have a pair of small horns on your
                  | head. [potion of mutation]
 81139 | Pan      | 81139 ||| DRINKING 5 potions of mutation.
 81139 | Pan      | Lost mutation: You have hidden genetic potential. [potion
                  | of mutation]
 81139 | Pan      | Lost mutation: You have a pair of small horns on your head.
                  | [potion of mutation]
 81139 | Pan      | Gained mutation: You have large cloven feet. [potion of
                  | mutation]
 81139 | Pan      | Gained mutation: You have an increased reservoir of magic.
                  | (+10% MP) [potion of mutation]
 81140 | Pan      | 81140 ||| DRINKING 4 potions of mutation.
 81140 | Pan      | Lost mutation: You have very sharp teeth. [potion of
                  | mutation]
 81140 | Pan      | Lost mutation: Your muscles are strong. (Str +4, Int/Dex
                  | -1) [potion of mutation]
 81140 | Pan      | Lost mutation: You sometimes lose your temper in combat.
                  | [potion of mutation]
 81140 | Pan      | Lost mutation: You are frail. (-10% HP) [potion of
                  | mutation]
 81140 | Pan      | Gained mutation: Your spells are a little harder to cast,
                  | but a little more powerful. [potion of mutation]
 81140 | Pan      | Gained mutation: Your mind is acute. (Int +4, Str/Dex -1)
                  | [potion of mutation]
 81314 | Pan      | Entered the realm of Lom Lobon.
 81455 | Pan      | 81455 ||| Stepping ~*~*~tactically~*~*~ (stealth).
 81460 | Pan      | 81460 ||| Stepping ~*~*~tactically~*~*~ (stealth).
 81573 | Pan      | 81573 ||| Stepping ~*~*~tactically~*~*~ (hiding).
 81574 | Pan      | 81574 ||| Stepping ~*~*~tactically~*~*~ (hiding).
 81608 | Pan      | 81608 ||| Stepping ~*~*~tactically~*~*~ (hiding).
 81751 | Pan      | 81751 ||| Stepping ~*~*~tactically~*~*~ (stealth).
 81837 | Pan      | 81837 ||| Stepping ~*~*~tactically~*~*~ (hiding).
 81839 | Pan      | 81839 ||| Stepping ~*~*~tactically~*~*~ (hiding).
 81840 | Pan      | 81840 ||| Stepping ~*~*~tactically~*~*~ (hiding).
 81841 | Pan      | 81841 ||| Stepping ~*~*~tactically~*~*~ (hiding).
 81842 | Pan      | 81842 ||| Stepping ~*~*~tactically~*~*~ (hiding).
 81914 | Pan      | 81914 ||| Stepping ~*~*~tactically~*~*~ (hiding).
 82213 | Pan      | 82213 ||| Stepping ~*~*~tactically~*~*~ (hiding).
 82271 | Pan      | Noticed Lom Lobon
 82272 | Pan      | 82272 ||| Stepping ~*~*~tactically~*~*~ (stealth).
 82274 | Pan      | 82274 ||| Stepping ~*~*~tactically~*~*~ (hiding).
 82281 | Pan      | 82281 ||| DRINKING 12 potions of haste.
 82282 | Pan      | 82282 ||| INVOKING Cleansing Flame.
 82283 | Pan      | 82283 ||| INVOKING Cleansing Flame.
 82284 | Pan      | 82284 ||| INVOKING Cleansing Flame.
 82285 | Pan      | 82285 ||| INVOKING Summon Divine Warrior.
 82286 | Pan      | 82286 ||| DRINKING 10 potions of might.
 82290 | Pan      | 82290 ||| INVOKING Summon Divine Warrior.
 82291 | Pan      | 82291 ||| INVOKING Summon Divine Warrior.
 82291 | Pan      | HP: 44/194 [Lom Lobon/vortex (10)]
 82294 | Pan      | 82294 ||| READING 12 scrolls of teleportation.
 82294 | Pan      | HP: 20/194 [Lom Lobon] (15)]
 82295 | Pan      | 82295 ||| Stepping randomly (stuck).
 82296 | Pan      | HP: 8/194 [spore (3)]
 82298 | Pan      | 82298 ||| Stepping ~*~*~tactically~*~*~ (cloud).
 82877 | Pan      | 82877 ||| Stepping ~*~*~tactically~*~*~ (hiding).
 82883 | Pan      | 82883 ||| Stepping ~*~*~tactically~*~*~ (hiding).
 82943 | Pan      | 82943 ||| Stepping ~*~*~tactically~*~*~ (stealth).
 82944 | Pan      | 82944 ||| Stepping ~*~*~tactically~*~*~ (stealth).
 82945 | Pan      | 82945 ||| Stepping ~*~*~tactically~*~*~ (stealth).
 82948 | Pan      | 82948 ||| Stepping ~*~*~tactically~*~*~ (stealth).
 82950 | Pan      | 82950 ||| Stepping ~*~*~tactically~*~*~ (stealth).
 82955 | Pan      | 82955 ||| Stepping ~*~*~tactically~*~*~ (stealth).
 82975 | Pan      | 82975 ||| Stepping ~*~*~tactically~*~*~ (hiding).
 82999 | Pan      | 82999 ||| Stepping ~*~*~tactically~*~*~ (stealth).
 83064 | Pan      | 83064 ||| Stepping ~*~*~tactically~*~*~ (hiding).
 83067 | Pan      | 83067 ||| DRINKING 11 potions of haste.
 83068 | Pan      | 83068 ||| INVOKING Summon Divine Warrior.
 83069 | Pan      | 83069 ||| DRINKING 9 potions of might.
 83072 | Pan      | 83072 ||| Stepping ~*~*~tactically~*~*~ (cloud).
 83075 | Pan      | 83075 ||| Stepping randomly (cloudy).
 83076 | Pan      | 83076 ||| Stepping ~*~*~tactically~*~*~ (cloud).
 83077 | Pan      | 83077 ||| INVOKING Summon Divine Warrior.
 83078 | Pan      | 83078 ||| Stepping randomly (cloudy).
 83079 | Pan      | 83079 ||| INVOKING Cleansing Flame.
 83080 | Pan      | 83080 ||| Stepping ~*~*~tactically~*~*~ (cloud).
 83093 | Pan      | Killed Lom Lobon
 83094 | Pan      | Reached skill level 27 in Armour
 83268 | Pan      | Got a magical rune of Zot
 83307 | Pan      | 83307 ||| Stepping ~*~*~tactically~*~*~ (hiding).
 83308 | Pan      | 83308 ||| Stepping ~*~*~tactically~*~*~ (hiding).
 83310 | Pan      | 83310 ||| Stepping ~*~*~tactically~*~*~ (hiding).
 83337 | Pan      | 83337 ||| Stepping ~*~*~tactically~*~*~ (stealth).
 83339 | Pan      | 83339 ||| Stepping ~*~*~tactically~*~*~ (hiding).
 83602 | Pan      | 83602 ||| Stepping ~*~*~tactically~*~*~ (hiding).
 83605 | Pan      | 83605 ||| Stepping ~*~*~tactically~*~*~ (hiding).
 83610 | Pan      | 83610 ||| Stepping ~*~*~tactically~*~*~ (hiding).
 83611 | Pan      | 83611 ||| Stepping ~*~*~tactically~*~*~ (hiding).
 83614 | Pan      | 83614 ||| Stepping ~*~*~tactically~*~*~ (hiding).
 83630 | Pan      | 83630 ||| Stepping ~*~*~tactically~*~*~ (stealth).
 83633 | Pan      | 83633 ||| Stepping ~*~*~tactically~*~*~ (hiding).
 83642 | Pan      | 83642 ||| Stepping ~*~*~tactically~*~*~ (hiding).
 83646 | Pan      | 83646 ||| INVOKING Summon Divine Warrior.
 83648 | Pan      | 83648 ||| INVOKING Cleansing Flame.
 83649 | Pan      | 83649 ||| INVOKING Cleansing Flame.
 83703 | Pan      | Found an exit through the horrors of the Abyss.
 83758 | Pan      | Lost mutation: Your spells are a little harder to cast, but
                  | a little more powerful. [a cacodemon]
 83805 | Pan      | 83805 ||| DRINKING 5 potions of cancellation.
 83817 | Pan      | 83817 ||| INVOKING Cleansing Flame.
 83884 | Pan      | 83884 ||| Stepping ~*~*~tactically~*~*~ (stealth).
 83949 | Pan      | 83949 ||| Stepping ~*~*~tactically~*~*~ (hiding).
 84228 | Pan      | 84228 ||| Stepping ~*~*~tactically~*~*~ (stealth).
 84245 | Pan      | 84245 ||| Stepping ~*~*~tactically~*~*~ (hiding).
 84408 | Pan      | 84408 ||| Stepping ~*~*~tactically~*~*~ (hiding).
 84473 | Pan      | 84473 ||| Stepping ~*~*~tactically~*~*~ (stealth).
 84490 | Pan      | 84490 ||| Stepping ~*~*~tactically~*~*~ (stealth).
 84492 | Pan      | 84492 ||| Stepping ~*~*~tactically~*~*~ (hiding).
 84635 | Pan      | Entered the realm of Mnoleg.
 84674 | Pan      | 84674 ||| Stepping ~*~*~tactically~*~*~ (stealth).
 84675 | Pan      | 84675 ||| Stepping ~*~*~tactically~*~*~ (stealth).
 84858 | Pan      | Found an exit through the horrors of the Abyss.
 84898 | Pan      | 84898 ||| Stepping ~*~*~tactically~*~*~ (hiding).
 84902 | Pan      | 84902 ||| Stepping ~*~*~tactically~*~*~ (stealth).
 84903 | Pan      | Gained mutation: You expend magic power (3 MP) to
                  | strengthen your wands. [a neqoxec]
 84906 | Pan      | 84906 ||| Stepping ~*~*~tactically~*~*~ (hiding).
 84913 | Pan      | Gained mutation: You are vulnerable to heat. (rF-) [a
                  | neqoxec]
 85049 | Pan      | Gained mutation: You are weak. (Str -2) [a shining eye]
 85051 | Pan      | Paralysed by a floating eye for 4 turns
 85052 | Pan      | Lost mutation: You have an increased reservoir of magic.
                  | (+10% MP) [a shining eye]
 85055 | Pan      | Gained mutation: Armour fits poorly on your strangely
                  | shaped body. [a shining eye]
 85064 | Pan      | 85064 ||| DRINKING 3 potions of mutation.
 85064 | Pan      | Lost mutation: Your mind is acute. (Int +4, Str/Dex -1)
                  | [potion of mutation]
 85064 | Pan      | Lost mutation: You are vulnerable to heat. (rF-) [potion of
                  | mutation]
 85064 | Pan      | Lost mutation: You expend magic power (3 MP) to strengthen
                  | your wands. [potion of mutation]
 85064 | Pan      | Gained mutation: Your magical capacity is low. (-10% MP)
                  | [potion of mutation]
 85064 | Pan      | Gained mutation: You have sharp fingernails. [potion of
                  | mutation]
 85064 | Pan      | Lost mutation: Your magical capacity is low. (-10% MP)
                  | [potion of mutation]
 85065 | Pan      | 85065 ||| DRINKING 2 potions of mutation.
 85065 | Pan      | Lost mutation: Armour fits poorly on your strangely shaped
                  | body. [potion of mutation]
 85065 | Pan      | Lost mutation: You have large cloven feet. [potion of
                  | mutation]
 85065 | Pan      | Lost mutation: You are weak. (Str -2) [potion of mutation]
 85065 | Pan      | Gained mutation: You have large cloven feet. [potion of
                  | mutation]
 85065 | Pan      | Gained mutation: You are dopey. (Int -2) [potion of
                  | mutation]
 85065 | Pan      | Lost mutation: You have large cloven feet. [potion of
                  | mutation]
 85132 | Pan      | 85132 ||| Stepping ~*~*~tactically~*~*~ (hiding).
 85184 | Pan      | 85184 ||| Stepping ~*~*~tactically~*~*~ (stealth).
 85455 | Pan      | Noticed Mnoleg
 85456 | Pan      | 85456 ||| INVOKING Summon Divine Warrior.
 85456 | Pan      | Gained mutation: You sometimes lose your temper in combat.
                  | [a shining eye]
 85458 | Pan      | 85458 ||| INVOKING Summon Divine Warrior.
 85469 | Pan      | 85469 ||| INVOKING Cleansing Flame.
 85469 | Pan      | Gained mutation: Your body sometimes deteriorates upon
                  | taking damage. [a cacodemon]
 85473 | Pan      | Killed Mnoleg
 85474 | Pan      | Gained mutation: Your magical capacity is low. (-10% MP) [a
                  | cacodemon]
 85482 | Pan      | 85482 ||| DRINKING potion of mutation.
 85482 | Pan      | Lost mutation: Your body sometimes deteriorates upon taking
                  | damage. [potion of mutation]
 85482 | Pan      | Lost mutation: You have sharp fingernails. [potion of
                  | mutation]
 85482 | Pan      | Lost mutation: You sometimes lose your temper in combat.
                  | [potion of mutation]
 85482 | Pan      | Gained mutation: You are agile. (Dex +4, Str/Int -1)
                  | [potion of mutation]
 85508 | Pan      | Got a glowing rune of Zot
 85564 | Pan      | Entered the realm of Gloorx Vloq.
 85669 | Pan      | 85669 ||| Stepping ~*~*~tactically~*~*~ (stealth).
 85869 | Pan      | 85869 ||| INVOKING Cleansing Flame.
 85870 | Pan      | 85870 ||| INVOKING Cleansing Flame.
 85885 | Pan      | Noticed Gloorx Vloq
 85886 | Pan      | 85886 ||| INVOKING Summon Divine Warrior.
 85900 | Pan      | Killed Gloorx Vloq
 85901 | Pan      | Reached skill level 15 in Dodging
 86264 | Pan      | Identified the +3 sling "Kuowauqe" {flame, Str+3 Dex+4}
 86435 | Pan      | 86435 ||| Stepping ~*~*~tactically~*~*~ (stealth).
 86480 | Pan      | 86480 ||| Stepping ~*~*~tactically~*~*~ (stealth).
 86541 | Pan      | Got a dark rune of Zot
 86542 | Pan      | 86542 ||| UPGRADING to +2 helmet.
 86547 | Pan      | 86547 ||| DROPPING +1 cloak.
 86639 | Pan      | 86639 ||| Stepping ~*~*~tactically~*~*~ (stealth).
 86641 | Pan      | 86641 ||| Stepping ~*~*~tactically~*~*~ (hiding).
 86824 | Pan      | 86824 ||| DROPPING ring of magical power.
 86825 | Pan      | 86825 ||| Stepping randomly (cloudy).
 86957 | Pan      | Found an exit through the horrors of the Abyss.
 86960 | Pan      | 86960 ||| Stepping ~*~*~tactically~*~*~ (stealth).
 86963 | Pan      | 86963 ||| Stepping ~*~*~tactically~*~*~ (hiding).
 86964 | Pan      | 86964 ||| Stepping ~*~*~tactically~*~*~ (hiding).
 86984 | Pan      | 86984 ||| Stepping ~*~*~tactically~*~*~ (hiding).
 86986 | Pan      | 86986 ||| Stepping ~*~*~tactically~*~*~ (hiding).
 86988 | Pan      | 86988 ||| Stepping ~*~*~tactically~*~*~ (hiding).
 86990 | Pan      | 86990 ||| Stepping ~*~*~tactically~*~*~ (hiding).
 86991 | Pan      | 86991 ||| Stepping ~*~*~tactically~*~*~ (hiding).
 86998 | Pan      | 86998 ||| Stepping ~*~*~tactically~*~*~ (hiding).
 86999 | Pan      | 86999 ||| Stepping ~*~*~tactically~*~*~ (hiding).
 87000 | Pan      | 87000 ||| Stepping ~*~*~tactically~*~*~ (hiding).
 87004 | Pan      | 87004 ||| Stepping ~*~*~tactically~*~*~ (hiding).
 87005 | Pan      | 87005 ||| Stepping ~*~*~tactically~*~*~ (hiding).
 87018 | Pan      | 87018 ||| Stepping ~*~*~tactically~*~*~ (hiding).
 87019 | Pan      | 87019 ||| Stepping ~*~*~tactically~*~*~ (hiding).
 87141 | Pan      | 87141 ||| Stepping ~*~*~tactically~*~*~ (hiding).
 87144 | Pan      | 87144 ||| INVOKING Cleansing Flame.
 87156 | Pan      | 87156 ||| INVOKING Cleansing Flame.
 87318 | Pan      | 87318 ||| Stepping ~*~*~tactically~*~*~ (hiding).
 87420 | Pan      | Found a runed translucent door.
 87507 | Pan      | 87507 ||| Stepping ~*~*~tactically~*~*~ (stealth).
 87510 | Pan      | 87510 ||| Stepping ~*~*~tactically~*~*~ (hiding).
 87581 | Pan      | 87581 ||| Stepping ~*~*~tactically~*~*~ (hiding).
 87582 | Pan      | 87582 ||| INVOKING Cleansing Flame.
 87583 | Pan      | 87583 ||| INVOKING Summon Divine Warrior.
 87603 | Pan      | Noticed Qeoxisu the pandemonium lord
 87604 | Pan      | 87604 ||| INVOKING Cleansing Flame.
 87614 | Pan      | Killed Qeoxisu the pandemonium lord
 87626 | Pan      | Reached skill level 1 in Short Blades
 87631 | Pan      | 87631 ||| INVOKING Cleansing Flame.
 87688 | Pan      | 87688 ||| Stepping ~*~*~tactically~*~*~ (stealth).
 87729 | Pan      | Identified the +9 war axe of the Healing Fulmar {vorpal,
                  | rC+}
 87757 | Pan      | Found an exit through the horrors of the Abyss.
 87768 | Pan      | 87768 ||| Stepping ~*~*~tactically~*~*~ (stealth).
 87867 | Pan      | 87867 ||| INVOKING Summon Divine Warrior.
 87870 | Pan      | 87870 ||| INVOKING Summon Divine Warrior.
 87872 | Pan      | Noticed Ankaz the pandemonium lord
 87875 | Pan      | Killed Ankaz the pandemonium lord
 87881 | Pan      | Reached skill level 3 in Short Blades
 88280 | Pan      | 88280 ||| Stepping ~*~*~tactically~*~*~ (stealth).
 88296 | Pan      | Paralysed by accursed screaming for 1 turns
 88301 | Pan      | 88301 ||| DRINKING 2 potions of resistance.
 88302 | Pan      | 88302 ||| INVOKING Cleansing Flame.
 88316 | Pan      | 88316 ||| Stepping ~*~*~tactically~*~*~ (hiding).
 88317 | Pan      | 88317 ||| INVOKING Summon Divine Warrior.
 88319 | Pan      | 88319 ||| INVOKING Cleansing Flame.
 88328 | Pan      | Noticed Vaemyoc the pandemonium lord
 88332 | Pan      | 88332 ||| INVOKING Cleansing Flame.
 88333 | Pan      | Killed Vaemyoc the pandemonium lord
 88334 | Pan      | Reached skill level 27 in Fighting
 88343 | Pan      | Gained mutation: You are frail. (-10% HP) [a cacodemon]
 88465 | Pan      | Found an exit through the horrors of the Abyss.
 88840 | Pan      | 88840 ||| UPGRADING to +2 tower shield of protection.
 88850 | Pan      | 88850 ||| DROPPING +2 tower shield.
 88875 | Pan      | 88875 ||| Stepping ~*~*~tactically~*~*~ (stealth).
 88888 | Pan      | Noticed Ignacio
 88889 | Pan      | 88889 ||| Stepping ~*~*~tactically~*~*~ (hiding).
 88890 | Pan      | 88890 ||| INVOKING Cleansing Flame.
 88900 | Pan      | Killed Ignacio
 88963 | Pan      | 88963 ||| Stepping ~*~*~tactically~*~*~ (stealth).
 89057 | Pan      | 89057 ||| Stepping ~*~*~tactically~*~*~ (stealth).
 89107 | Pan      | 89107 ||| Stepping ~*~*~tactically~*~*~ (stealth).
 89112 | Pan      | 89112 ||| Stepping ~*~*~tactically~*~*~ (stealth).
 89114 | Pan      | 89114 ||| Stepping ~*~*~tactically~*~*~ (stealth).
 89115 | Pan      | 89115 ||| INVOKING Cleansing Flame.
 89118 | Pan      | 89118 ||| DRINKING potion of resistance.
 89119 | Pan      | 89119 ||| INVOKING Cleansing Flame.
 89120 | Pan      | 89120 ||| INVOKING Summon Divine Warrior.
 89145 | Pan      | 89145 ||| Stepping randomly (cloudy).
 89258 | Pan      | Found an exit through the horrors of the Abyss.
 89440 | Pan      | Noticed Ytosa the pandemonium lord
 89441 | Pan      | 89441 ||| INVOKING Summon Divine Warrior.
 89445 | Pan      | 89445 ||| INVOKING Cleansing Flame.
 89446 | Pan      | 89446 ||| INVOKING Cleansing Flame.
 89446 | Pan      | Killed Ytosa the pandemonium lord
 89493 | Pan      | 89493 ||| Stepping randomly (cloudy).
 89494 | Pan      | 89494 ||| Stepping ~*~*~tactically~*~*~ (cloud).
 89619 | Pan      | 89619 ||| Stepping ~*~*~tactically~*~*~ (hiding).
 89626 | Pan      | 89626 ||| Stepping ~*~*~tactically~*~*~ (hiding).
 89674 | Pan      | 89674 ||| Stepping ~*~*~tactically~*~*~ (hiding).
 89683 | Pan      | 89683 ||| Stepping ~*~*~tactically~*~*~ (hiding).
 89686 | Pan      | 89686 ||| Stepping ~*~*~tactically~*~*~ (hiding).
 89758 | Pan      | 89758 ||| Stepping ~*~*~tactically~*~*~ (stealth).
 89813 | Pan      | 89813 ||| Stepping ~*~*~tactically~*~*~ (stealth).
 89826 | Pan      | 89826 ||| Stepping ~*~*~tactically~*~*~ (stealth).
 89828 | Pan      | 89828 ||| INVOKING Cleansing Flame.
 89829 | Pan      | 89829 ||| INVOKING Summon Divine Warrior.
 89966 | Pan      | 89966 ||| READING 18 scrolls of teleportation.
 90339 | Pan      | 90339 ||| READING 17 scrolls of teleportation.
 90365 | Pan      | Reached skill level 18 in Dodging
 90422 | Depths:2 | Escaped Pandemonium
 90423 | Depths:2 | 90423 ||| READING 16 scrolls of teleportation.
 90428 | Depths:2 | 90428 ||| READING 15 scrolls of teleportation.
 90433 | Depths:2 | 90433 ||| READING 14 scrolls of teleportation.
 90492 | D:15     | 90492 ||| READING 13 scrolls of teleportation.
 90524 | D:15     | 90524 ||| READING 12 scrolls of teleportation.
 90597 | D:15     | 90597 ||| READING 11 scrolls of teleportation.
 90634 | D:15     | 90634 ||| READING 10 scrolls of teleportation.
 90668 | D:15     | 90668 ||| READING 9 scrolls of teleportation.
 90680 | D:14     | 90680 ||| READING 8 scrolls of teleportation.
 90790 | D:14     | 90790 ||| READING 7 scrolls of teleportation.
 90840 | D:14     | 90840 ||| READING 6 scrolls of teleportation.
 90932 | D:14     | 90932 ||| READING 5 scrolls of teleportation.
 90937 | D:14     | 90937 ||| READING 4 scrolls of teleportation.
 90942 | D:14     | 90942 ||| READING 3 scrolls of teleportation.
 90947 | D:14     | 90947 ||| READING 2 scrolls of teleportation.
 90957 | D:13     | 90957 ||| READING scroll of teleportation.
 91008 | D:13     | 91008 ||| Stepping randomly (stuck).
 91029 | D:13     | 91029 ||| Stepping randomly (stuck).
 91035 | D:13     | 91035 ||| Stepping randomly (stuck).
 91041 | D:13     | 91041 ||| Stepping randomly (stuck).
 91047 | D:13     | 91047 ||| Stepping randomly (stuck).
 91053 | D:13     | 91053 ||| Stepping randomly (stuck).
 91059 | D:13     | 91059 ||| Stepping randomly (stuck).
 91065 | D:13     | 91065 ||| Stepping randomly (stuck).
 91071 | D:13     | 91071 ||| Stepping randomly (stuck).
 91077 | D:13     | 91077 ||| Stepping randomly (stuck).
 91083 | D:13     | 91083 ||| Stepping randomly (stuck).
 91089 | D:13     | 91089 ||| Stepping randomly (stuck).
 91095 | D:13     | 91095 ||| Stepping randomly (stuck).
 91101 | D:13     | 91101 ||| Stepping randomly (stuck).
 91107 | D:13     | 91107 ||| Stepping randomly (stuck).
 91113 | D:13     | 91113 ||| Stepping randomly (stuck).
 91119 | D:13     | 91119 ||| Stepping randomly (stuck).
 91125 | D:13     | 91125 ||| Stepping randomly (stuck).
 91131 | D:13     | 91131 ||| Stepping randomly (stuck).
 91137 | D:13     | 91137 ||| Stepping randomly (stuck).
 91143 | D:13     | 91143 ||| Stepping randomly (stuck).
 91149 | D:13     | 91149 ||| Stepping randomly (stuck).
 91155 | D:13     | 91155 ||| Stepping randomly (stuck).
 91161 | D:13     | 91161 ||| Stepping randomly (stuck).
 91167 | D:13     | 91167 ||| Stepping randomly (stuck).
 91173 | D:13     | 91173 ||| Stepping randomly (stuck).
 91179 | D:13     | 91179 ||| Stepping randomly (stuck).
 91185 | D:13     | 91185 ||| Stepping randomly (stuck).
 91191 | D:13     | 91191 ||| Stepping randomly (stuck).
 91197 | D:13     | 91197 ||| Stepping randomly (stuck).
 91203 | D:13     | 91203 ||| Stepping randomly (stuck).
 91209 | D:13     | 91209 ||| Stepping randomly (stuck).
 91215 | D:13     | 91215 ||| Stepping randomly (stuck).
 91221 | D:13     | 91221 ||| Stepping randomly (stuck).
 91227 | D:13     | 91227 ||| Stepping randomly (stuck).
 91233 | D:13     | 91233 ||| Stepping randomly (stuck).
 91239 | D:13     | 91239 ||| Stepping randomly (stuck).
 91245 | D:13     | 91245 ||| Stepping randomly (stuck).
 91251 | D:13     | 91251 ||| Stepping randomly (stuck).
 91257 | D:13     | 91257 ||| Stepping randomly (stuck).
 91263 | D:13     | 91263 ||| Stepping randomly (stuck).
 91269 | D:13     | 91269 ||| Stepping randomly (stuck).
 91275 | D:13     | 91275 ||| Stepping randomly (stuck).
 91281 | D:13     | 91281 ||| Stepping randomly (stuck).
 91287 | D:13     | 91287 ||| Stepping randomly (stuck).
 91293 | D:13     | 91293 ||| Stepping randomly (stuck).
 91299 | D:13     | 91299 ||| Stepping randomly (stuck).
 91305 | D:13     | 91305 ||| Stepping randomly (stuck).
 91311 | D:13     | 91311 ||| Stepping randomly (stuck).
 91317 | D:13     | 91317 ||| Stepping randomly (stuck).
 91323 | D:13     | 91323 ||| Stepping randomly (stuck).
 91329 | D:13     | 91329 ||| Stepping randomly (stuck).
 91335 | D:13     | 91335 ||| Stepping randomly (stuck).
 91341 | D:13     | 91341 ||| Stepping randomly (stuck).
 91347 | D:13     | 91347 ||| Stepping randomly (stuck).
 91353 | D:13     | 91353 ||| Stepping randomly (stuck).
 91359 | D:13     | 91359 ||| Stepping randomly (stuck).
 91365 | D:13     | 91365 ||| Stepping randomly (stuck).
 91371 | D:13     | 91371 ||| Stepping randomly (stuck).
 91377 | D:13     | 91377 ||| Stepping randomly (stuck).
 91383 | D:13     | 91383 ||| Stepping randomly (stuck).
 91389 | D:13     | 91389 ||| Stepping randomly (stuck).
 91395 | D:13     | 91395 ||| Stepping randomly (stuck).
 91401 | D:13     | 91401 ||| Stepping randomly (stuck).
 91407 | D:13     | 91407 ||| Stepping randomly (stuck).
 91413 | D:13     | 91413 ||| Stepping randomly (stuck).
 91419 | D:13     | 91419 ||| Stepping randomly (stuck).
 91425 | D:13     | 91425 ||| Stepping randomly (stuck).
 91431 | D:13     | 91431 ||| Stepping randomly (stuck).
 91437 | D:13     | 91437 ||| Stepping randomly (stuck).
 91443 | D:13     | 91443 ||| Stepping randomly (stuck).
 91449 | D:13     | 91449 ||| Stepping randomly (stuck).
 91455 | D:13     | 91455 ||| Stepping randomly (stuck).
 91461 | D:13     | 91461 ||| Stepping randomly (stuck).
 91467 | D:13     | 91467 ||| Stepping randomly (stuck).
 91473 | D:13     | 91473 ||| Stepping randomly (stuck).
 91479 | D:13     | 91479 ||| Stepping randomly (stuck).
 91485 | D:13     | 91485 ||| Stepping randomly (stuck).
 91491 | D:13     | 91491 ||| Stepping randomly (stuck).
 91497 | D:13     | 91497 ||| Stepping randomly (stuck).
 91503 | D:13     | 91503 ||| Stepping randomly (stuck).
 91509 | D:13     | 91509 ||| Stepping randomly (stuck).
 91515 | D:13     | 91515 ||| Stepping randomly (stuck).
 91521 | D:13     | 91521 ||| Stepping randomly (stuck).
 91527 | D:13     | 91527 ||| Stepping randomly (stuck).
 91533 | D:13     | 91533 ||| Stepping randomly (stuck).
 91539 | D:13     | 91539 ||| Stepping randomly (stuck).
 91545 | D:13     | 91545 ||| Stepping randomly (stuck).
 91551 | D:13     | 91551 ||| Stepping randomly (stuck).
 91557 | D:13     | 91557 ||| Stepping randomly (stuck).
 91563 | D:13     | 91563 ||| Stepping randomly (stuck).
 91569 | D:13     | 91569 ||| Stepping randomly (stuck).
 91575 | D:13     | 91575 ||| Stepping randomly (stuck).
 91581 | D:13     | 91581 ||| Stepping randomly (stuck).
 91587 | D:13     | 91587 ||| Stepping randomly (stuck).
 91593 | D:13     | 91593 ||| Stepping randomly (stuck).
 91599 | D:13     | 91599 ||| Stepping randomly (stuck).
 91605 | D:13     | 91605 ||| Stepping randomly (stuck).
 91611 | D:13     | 91611 ||| Stepping randomly (stuck).
 91617 | D:13     | 91617 ||| Stepping randomly (stuck).
 91623 | D:13     | 91623 ||| Stepping randomly (stuck).
 91629 | D:13     | 91629 ||| Stepping randomly (stuck).
 91635 | D:13     | 91635 ||| Stepping randomly (stuck).
 91641 | D:13     | 91641 ||| Stepping randomly (stuck).
 91647 | D:13     | 91647 ||| Stepping randomly (stuck).
 91653 | D:13     | 91653 ||| Stepping randomly (stuck).
 91659 | D:13     | 91659 ||| Stepping randomly (stuck).
 91665 | D:13     | 91665 ||| Stepping randomly (stuck).
 91671 | D:13     | 91671 ||| Stepping randomly (stuck).
 91677 | D:13     | 91677 ||| Stepping randomly (stuck).
 91683 | D:13     | 91683 ||| Stepping randomly (stuck).
 91689 | D:13     | 91689 ||| Stepping randomly (stuck).
 91695 | D:13     | 91695 ||| Stepping randomly (stuck).
 91701 | D:13     | 91701 ||| Stepping randomly (stuck).
 91707 | D:13     | 91707 ||| Stepping randomly (stuck).
 91713 | D:13     | 91713 ||| Stepping randomly (stuck).
 91719 | D:13     | 91719 ||| Stepping randomly (stuck).
 91725 | D:13     | 91725 ||| Stepping randomly (stuck).
 91731 | D:13     | 91731 ||| Stepping randomly (stuck).
 91737 | D:13     | 91737 ||| Stepping randomly (stuck).
 91743 | D:13     | 91743 ||| Stepping randomly (stuck).
 91749 | D:13     | 91749 ||| Stepping randomly (stuck).
 91755 | D:13     | 91755 ||| Stepping randomly (stuck).
 91761 | D:13     | 91761 ||| Stepping randomly (stuck).
 91767 | D:13     | 91767 ||| Stepping randomly (stuck).
 91773 | D:13     | 91773 ||| Stepping randomly (stuck).
 91779 | D:13     | 91779 ||| Stepping randomly (stuck).
 91785 | D:13     | 91785 ||| Stepping randomly (stuck).
 91791 | D:13     | 91791 ||| Stepping randomly (stuck).
 91797 | D:13     | 91797 ||| Stepping randomly (stuck).
 91803 | D:13     | 91803 ||| Stepping randomly (stuck).
 91809 | D:13     | 91809 ||| Stepping randomly (stuck).
 91815 | D:13     | 91815 ||| Stepping randomly (stuck).
 91821 | D:13     | 91821 ||| Stepping randomly (stuck).
 91827 | D:13     | 91827 ||| Stepping randomly (stuck).
 91833 | D:13     | 91833 ||| Stepping randomly (stuck).
 91839 | D:13     | 91839 ||| Stepping randomly (stuck).
 91845 | D:13     | 91845 ||| Stepping randomly (stuck).
 91851 | D:13     | 91851 ||| Stepping randomly (stuck).
 91857 | D:13     | 91857 ||| Stepping randomly (stuck).
 91863 | D:13     | 91863 ||| Stepping randomly (stuck).
 91869 | D:13     | 91869 ||| Stepping randomly (stuck).
 91875 | D:13     | 91875 ||| Stepping randomly (stuck).
 91881 | D:13     | 91881 ||| Stepping randomly (stuck).
 91887 | D:13     | 91887 ||| Stepping randomly (stuck).
 91893 | D:13     | 91893 ||| Stepping randomly (stuck).
 91899 | D:13     | 91899 ||| Stepping randomly (stuck).
 91905 | D:13     | 91905 ||| Stepping randomly (stuck).
 91911 | D:13     | 91911 ||| Stepping randomly (stuck).
 91917 | D:13     | 91917 ||| Stepping randomly (stuck).
 91923 | D:13     | 91923 ||| Stepping randomly (stuck).
 91929 | D:13     | 91929 ||| Stepping randomly (stuck).
 91935 | D:13     | 91935 ||| Stepping randomly (stuck).
 91941 | D:13     | 91941 ||| Stepping randomly (stuck).
 91947 | D:13     | 91947 ||| Stepping randomly (stuck).
 91953 | D:13     | 91953 ||| Stepping randomly (stuck).
 91959 | D:13     | 91959 ||| Stepping randomly (stuck).
 91965 | D:13     | 91965 ||| Stepping randomly (stuck).
 91971 | D:13     | 91971 ||| Stepping randomly (stuck).
 91977 | D:13     | 91977 ||| Stepping randomly (stuck).
 91983 | D:13     | 91983 ||| Stepping randomly (stuck).
 91989 | D:13     | 91989 ||| Stepping randomly (stuck).
 91995 | D:13     | 91995 ||| Stepping randomly (stuck).
 92001 | D:13     | 92001 ||| Stepping randomly (stuck).
 92007 | D:13     | 92007 ||| Stepping randomly (stuck).
 92013 | D:13     | 92013 ||| Stepping randomly (stuck).
 92019 | D:13     | 92019 ||| Stepping randomly (stuck).
 92025 | D:13     | 92025 ||| Stepping randomly (stuck).
 92031 | D:13     | 92031 ||| Stepping randomly (stuck).
 92037 | D:13     | 92037 ||| Stepping randomly (stuck).
 92043 | D:13     | 92043 ||| Stepping randomly (stuck).
 92049 | D:13     | 92049 ||| Stepping randomly (stuck).
 92055 | D:13     | 92055 ||| Stepping randomly (stuck).
 92061 | D:13     | 92061 ||| Stepping randomly (stuck).
 92067 | D:13     | 92067 ||| Stepping randomly (stuck).
 92073 | D:13     | 92073 ||| Stepping randomly (stuck).
 92079 | D:13     | 92079 ||| Stepping randomly (stuck).
 92085 | D:13     | 92085 ||| Stepping randomly (stuck).
 92091 | D:13     | 92091 ||| Stepping randomly (stuck).
 92097 | D:13     | 92097 ||| Stepping randomly (stuck).
 92103 | D:13     | 92103 ||| Stepping randomly (stuck).
 92109 | D:13     | 92109 ||| Stepping randomly (stuck).
 92115 | D:13     | 92115 ||| Stepping randomly (stuck).
 92121 | D:13     | 92121 ||| Stepping randomly (stuck).
 92127 | D:13     | 92127 ||| Stepping randomly (stuck).
 92133 | D:13     | 92133 ||| Stepping randomly (stuck).
 92139 | D:13     | 92139 ||| Stepping randomly (stuck).
 92145 | D:13     | 92145 ||| Stepping randomly (stuck).
 92151 | D:13     | 92151 ||| Stepping randomly (stuck).
 92157 | D:13     | 92157 ||| Stepping randomly (stuck).
 92163 | D:13     | 92163 ||| Stepping randomly (stuck).
 92169 | D:13     | 92169 ||| Stepping randomly (stuck).
 92175 | D:13     | 92175 ||| Stepping randomly (stuck).
 92181 | D:13     | 92181 ||| Stepping randomly (stuck).
 92187 | D:13     | 92187 ||| Stepping randomly (stuck).
 92193 | D:13     | 92193 ||| Stepping randomly (stuck).
 92199 | D:13     | 92199 ||| Stepping randomly (stuck).
 92205 | D:13     | 92205 ||| Stepping randomly (stuck).
 92211 | D:13     | 92211 ||| Stepping randomly (stuck).
 92217 | D:13     | 92217 ||| Stepping randomly (stuck).
 92223 | D:13     | 92223 ||| Stepping randomly (stuck).
 92229 | D:13     | 92229 ||| Stepping randomly (stuck).
 92235 | D:13     | 92235 ||| Stepping randomly (stuck).
 92241 | D:13     | 92241 ||| Stepping randomly (stuck).
 92247 | D:13     | 92247 ||| Stepping randomly (stuck).
 92253 | D:13     | 92253 ||| Stepping randomly (stuck).
 92259 | D:13     | 92259 ||| Stepping randomly (stuck).
 92265 | D:13     | 92265 ||| Stepping randomly (stuck).
 92271 | D:13     | 92271 ||| Stepping randomly (stuck).
 92277 | D:13     | 92277 ||| Stepping randomly (stuck).
 92283 | D:13     | 92283 ||| Stepping randomly (stuck).
 92289 | D:13     | 92289 ||| Stepping randomly (stuck).
 92295 | D:13     | 92295 ||| Stepping randomly (stuck).
 92301 | D:13     | 92301 ||| Stepping randomly (stuck).
 92307 | D:13     | 92307 ||| Stepping randomly (stuck).
 92313 | D:13     | 92313 ||| Stepping randomly (stuck).
 92319 | D:13     | 92319 ||| Stepping randomly (stuck).
 92325 | D:13     | 92325 ||| Stepping randomly (stuck).
 92331 | D:13     | 92331 ||| Stepping randomly (stuck).
 92337 | D:13     | 92337 ||| Stepping randomly (stuck).
 92343 | D:13     | 92343 ||| Stepping randomly (stuck).
 92349 | D:13     | 92349 ||| Stepping randomly (stuck).
 92355 | D:13     | 92355 ||| Stepping randomly (stuck).
 92361 | D:13     | 92361 ||| Stepping randomly (stuck).
 92367 | D:13     | 92367 ||| Stepping randomly (stuck).
 92373 | D:13     | 92373 ||| Stepping randomly (stuck).
 92379 | D:13     | 92379 ||| Stepping randomly (stuck).
 92385 | D:13     | 92385 ||| Stepping randomly (stuck).
 92391 | D:13     | 92391 ||| Stepping randomly (stuck).
 92397 | D:13     | 92397 ||| Stepping randomly (stuck).
 92403 | D:13     | 92403 ||| Stepping randomly (stuck).
 92409 | D:13     | 92409 ||| Stepping randomly (stuck).
 92415 | D:13     | 92415 ||| Stepping randomly (stuck).
 92421 | D:13     | 92421 ||| Stepping randomly (stuck).
 92427 | D:13     | 92427 ||| Stepping randomly (stuck).
 92433 | D:13     | 92433 ||| Stepping randomly (stuck).
 92439 | D:13     | 92439 ||| Stepping randomly (stuck).
 92445 | D:13     | 92445 ||| Stepping randomly (stuck).
 92451 | D:13     | 92451 ||| Stepping randomly (stuck).
 92457 | D:13     | 92457 ||| Stepping randomly (stuck).
 92463 | D:13     | 92463 ||| Stepping randomly (stuck).
 92469 | D:13     | 92469 ||| Stepping randomly (stuck).
 92475 | D:13     | 92475 ||| Stepping randomly (stuck).
 92481 | D:13     | 92481 ||| Stepping randomly (stuck).
 92487 | D:13     | 92487 ||| Stepping randomly (stuck).
 92493 | D:13     | 92493 ||| Stepping randomly (stuck).
 92499 | D:13     | 92499 ||| Stepping randomly (stuck).
 92505 | D:13     | 92505 ||| Stepping randomly (stuck).
 92511 | D:13     | 92511 ||| Stepping randomly (stuck).
 92517 | D:13     | 92517 ||| Stepping randomly (stuck).
 92523 | D:13     | 92523 ||| Stepping randomly (stuck).
 92529 | D:13     | 92529 ||| Stepping randomly (stuck).
 92535 | D:13     | 92535 ||| Stepping randomly (stuck).
 92541 | D:13     | 92541 ||| Stepping randomly (stuck).
 92547 | D:13     | 92547 ||| Stepping randomly (stuck).
 92553 | D:13     | 92553 ||| Stepping randomly (stuck).
 92559 | D:13     | 92559 ||| Stepping randomly (stuck).
 92565 | D:13     | 92565 ||| Stepping randomly (stuck).
 92571 | D:13     | 92571 ||| Stepping randomly (stuck).
 92577 | D:13     | 92577 ||| Stepping randomly (stuck).
 92583 | D:13     | 92583 ||| Stepping randomly (stuck).
 92589 | D:13     | 92589 ||| Stepping randomly (stuck).
 92595 | D:13     | 92595 ||| Stepping randomly (stuck).
 92601 | D:13     | 92601 ||| Stepping randomly (stuck).
 92607 | D:13     | 92607 ||| Stepping randomly (stuck).
 92613 | D:13     | 92613 ||| Stepping randomly (stuck).
 92619 | D:13     | 92619 ||| Stepping randomly (stuck).
 92625 | D:13     | 92625 ||| Stepping randomly (stuck).
 92631 | D:13     | 92631 ||| Stepping randomly (stuck).
 92637 | D:13     | 92637 ||| Stepping randomly (stuck).
 92643 | D:13     | 92643 ||| Stepping randomly (stuck).
 92649 | D:13     | 92649 ||| Stepping randomly (stuck).
 92655 | D:13     | 92655 ||| Stepping randomly (stuck).
 92661 | D:13     | 92661 ||| Stepping randomly (stuck).
 92667 | D:13     | 92667 ||| Stepping randomly (stuck).
 92673 | D:13     | 92673 ||| Stepping randomly (stuck).
 92679 | D:13     | 92679 ||| Stepping randomly (stuck).
 92685 | D:13     | 92685 ||| Stepping randomly (stuck).
 92691 | D:13     | 92691 ||| Stepping randomly (stuck).
 92697 | D:13     | 92697 ||| Stepping randomly (stuck).
 92703 | D:13     | 92703 ||| Stepping randomly (stuck).
 92709 | D:13     | 92709 ||| Stepping randomly (stuck).
 92715 | D:13     | 92715 ||| Stepping randomly (stuck).
 92721 | D:13     | 92721 ||| Stepping randomly (stuck).
 92727 | D:13     | 92727 ||| Stepping randomly (stuck).
 92733 | D:13     | 92733 ||| Stepping randomly (stuck).
 92739 | D:13     | 92739 ||| Stepping randomly (stuck).
 92745 | D:13     | 92745 ||| Stepping randomly (stuck).
 92751 | D:13     | 92751 ||| Stepping randomly (stuck).
 92757 | D:13     | 92757 ||| Stepping randomly (stuck).
 92763 | D:13     | 92763 ||| Stepping randomly (stuck).
 92769 | D:13     | 92769 ||| Stepping randomly (stuck).
 92775 | D:13     | 92775 ||| Stepping randomly (stuck).
 92781 | D:13     | 92781 ||| Stepping randomly (stuck).
 92787 | D:13     | 92787 ||| Stepping randomly (stuck).
 92793 | D:13     | 92793 ||| Stepping randomly (stuck).
 92799 | D:13     | 92799 ||| Stepping randomly (stuck).
 92805 | D:13     | 92805 ||| Stepping randomly (stuck).
 92811 | D:13     | 92811 ||| Stepping randomly (stuck).
 92817 | D:13     | 92817 ||| Stepping randomly (stuck).
 92823 | D:13     | 92823 ||| Stepping randomly (stuck).
 92829 | D:13     | 92829 ||| Stepping randomly (stuck).
 92835 | D:13     | 92835 ||| Stepping randomly (stuck).
 92841 | D:13     | 92841 ||| Stepping randomly (stuck).
 92847 | D:13     | 92847 ||| Stepping randomly (stuck).
 92853 | D:13     | 92853 ||| Stepping randomly (stuck).
 92859 | D:13     | 92859 ||| Stepping randomly (stuck).
 92865 | D:13     | 92865 ||| Stepping randomly (stuck).
 92871 | D:13     | 92871 ||| Stepping randomly (stuck).
 92877 | D:13     | 92877 ||| Stepping randomly (stuck).
 92883 | D:13     | 92883 ||| Stepping randomly (stuck).
 92889 | D:13     | 92889 ||| Stepping randomly (stuck).
 92895 | D:13     | 92895 ||| Stepping randomly (stuck).
 92901 | D:13     | 92901 ||| Stepping randomly (stuck).
 92907 | D:13     | 92907 ||| Stepping randomly (stuck).
 92913 | D:13     | 92913 ||| Stepping randomly (stuck).
 92919 | D:13     | 92919 ||| Stepping randomly (stuck).
 92925 | D:13     | 92925 ||| Stepping randomly (stuck).
 92931 | D:13     | 92931 ||| Stepping randomly (stuck).
 92937 | D:13     | 92937 ||| Stepping randomly (stuck).
 92943 | D:13     | 92943 ||| Stepping randomly (stuck).
 92949 | D:13     | 92949 ||| Stepping randomly (stuck).
 92955 | D:13     | 92955 ||| Stepping randomly (stuck).
 92961 | D:13     | 92961 ||| Stepping randomly (stuck).
 92967 | D:13     | 92967 ||| Stepping randomly (stuck).
 92973 | D:13     | 92973 ||| Stepping randomly (stuck).
 92979 | D:13     | 92979 ||| Stepping randomly (stuck).
 92985 | D:13     | 92985 ||| Stepping randomly (stuck).
 92991 | D:13     | 92991 ||| Stepping randomly (stuck).
 92997 | D:13     | 92997 ||| Stepping randomly (stuck).
 93003 | D:13     | 93003 ||| Stepping randomly (stuck).
 93009 | D:13     | 93009 ||| Stepping randomly (stuck).
 93015 | D:13     | 93015 ||| Stepping randomly (stuck).
 93021 | D:13     | 93021 ||| Stepping randomly (stuck).
 93027 | D:13     | 93027 ||| Stepping randomly (stuck).
 93033 | D:13     | 93033 ||| Stepping randomly (stuck).
 93039 | D:13     | 93039 ||| Stepping randomly (stuck).
 93045 | D:13     | 93045 ||| Stepping randomly (stuck).
 93051 | D:13     | 93051 ||| Stepping randomly (stuck).
 93057 | D:13     | 93057 ||| Stepping randomly (stuck).
 93063 | D:13     | 93063 ||| Stepping randomly (stuck).
 93069 | D:13     | 93069 ||| Stepping randomly (stuck).
 93075 | D:13     | 93075 ||| Stepping randomly (stuck).
 93081 | D:13     | 93081 ||| Stepping randomly (stuck).
 93087 | D:13     | 93087 ||| Stepping randomly (stuck).
 93093 | D:13     | 93093 ||| Stepping randomly (stuck).
 93099 | D:13     | 93099 ||| Stepping randomly (stuck).
 93105 | D:13     | 93105 ||| Stepping randomly (stuck).
 93111 | D:13     | 93111 ||| Stepping randomly (stuck).
 93117 | D:13     | 93117 ||| Stepping randomly (stuck).
 93123 | D:13     | 93123 ||| Stepping randomly (stuck).
 93129 | D:13     | 93129 ||| Stepping randomly (stuck).
 93135 | D:13     | 93135 ||| Stepping randomly (stuck).
 93141 | D:13     | 93141 ||| Stepping randomly (stuck).
 93147 | D:13     | 93147 ||| Stepping randomly (stuck).
 93153 | D:13     | 93153 ||| Stepping randomly (stuck).
 93159 | D:13     | 93159 ||| Stepping randomly (stuck).
 93165 | D:13     | 93165 ||| Stepping randomly (stuck).
 93171 | D:13     | 93171 ||| Stepping randomly (stuck).
 93177 | D:13     | 93177 ||| Stepping randomly (stuck).
 93183 | D:13     | 93183 ||| Stepping randomly (stuck).
 93189 | D:13     | 93189 ||| Stepping randomly (stuck).
 93195 | D:13     | 93195 ||| Stepping randomly (stuck).
 93201 | D:13     | 93201 ||| Stepping randomly (stuck).
 93207 | D:13     | 93207 ||| Stepping randomly (stuck).
 93213 | D:13     | 93213 ||| Stepping randomly (stuck).
 93219 | D:13     | 93219 ||| Stepping randomly (stuck).
 93225 | D:13     | 93225 ||| Stepping randomly (stuck).
 93231 | D:13     | 93231 ||| Stepping randomly (stuck).
 93237 | D:13     | 93237 ||| Stepping randomly (stuck).
 93243 | D:13     | 93243 ||| Stepping randomly (stuck).
 93249 | D:13     | 93249 ||| Stepping randomly (stuck).
 93255 | D:13     | 93255 ||| Stepping randomly (stuck).
 93261 | D:13     | 93261 ||| Stepping randomly (stuck).
 93267 | D:13     | 93267 ||| Stepping randomly (stuck).
 93273 | D:13     | 93273 ||| Stepping randomly (stuck).
 93279 | D:13     | 93279 ||| Stepping randomly (stuck).
 93285 | D:13     | 93285 ||| Stepping randomly (stuck).
 93291 | D:13     | 93291 ||| Stepping randomly (stuck).
 93297 | D:13     | 93297 ||| Stepping randomly (stuck).
 93303 | D:13     | 93303 ||| Stepping randomly (stuck).
 93309 | D:13     | 93309 ||| Stepping randomly (stuck).
 93315 | D:13     | 93315 ||| Stepping randomly (stuck).
 93321 | D:13     | 93321 ||| Stepping randomly (stuck).
 93327 | D:13     | 93327 ||| Stepping randomly (stuck).
 93333 | D:13     | 93333 ||| Stepping randomly (stuck).
 93339 | D:13     | 93339 ||| Stepping randomly (stuck).
 93345 | D:13     | 93345 ||| Stepping randomly (stuck).
 93351 | D:13     | 93351 ||| Stepping randomly (stuck).
 93357 | D:13     | 93357 ||| Stepping randomly (stuck).
 93363 | D:13     | 93363 ||| Stepping randomly (stuck).
 93369 | D:13     | 93369 ||| Stepping randomly (stuck).
 93375 | D:13     | 93375 ||| Stepping randomly (stuck).
 93381 | D:13     | 93381 ||| Stepping randomly (stuck).
 93387 | D:13     | 93387 ||| Stepping randomly (stuck).
 93393 | D:13     | 93393 ||| Stepping randomly (stuck).
 93399 | D:13     | 93399 ||| Stepping randomly (stuck).
 93405 | D:13     | 93405 ||| Stepping randomly (stuck).
 93411 | D:13     | 93411 ||| Stepping randomly (stuck).
 93417 | D:13     | 93417 ||| Stepping randomly (stuck).
 93423 | D:13     | 93423 ||| Stepping randomly (stuck).
 93429 | D:13     | 93429 ||| Stepping randomly (stuck).
 93435 | D:13     | 93435 ||| Stepping randomly (stuck).
 93441 | D:13     | 93441 ||| Stepping randomly (stuck).
 93447 | D:13     | 93447 ||| Stepping randomly (stuck).
 93453 | D:13     | 93453 ||| Stepping randomly (stuck).
 93459 | D:13     | 93459 ||| Stepping randomly (stuck).
 93465 | D:13     | 93465 ||| Stepping randomly (stuck).
 93471 | D:13     | 93471 ||| Stepping randomly (stuck).
 93477 | D:13     | 93477 ||| Stepping randomly (stuck).
 93483 | D:13     | 93483 ||| Stepping randomly (stuck).
 93489 | D:13     | 93489 ||| Stepping randomly (stuck).
 93495 | D:13     | 93495 ||| Stepping randomly (stuck).
 93501 | D:13     | 93501 ||| Stepping randomly (stuck).
 93507 | D:13     | 93507 ||| Stepping randomly (stuck).
 93513 | D:13     | 93513 ||| Stepping randomly (stuck).
 93519 | D:13     | 93519 ||| Stepping randomly (stuck).
 93525 | D:13     | 93525 ||| Stepping randomly (stuck).
 93531 | D:13     | 93531 ||| Stepping randomly (stuck).
 93537 | D:13     | 93537 ||| Stepping randomly (stuck).
 93543 | D:13     | 93543 ||| Stepping randomly (stuck).
 93549 | D:13     | 93549 ||| Stepping randomly (stuck).
 93555 | D:13     | 93555 ||| Stepping randomly (stuck).
 93561 | D:13     | 93561 ||| Stepping randomly (stuck).
 93567 | D:13     | 93567 ||| Stepping randomly (stuck).
 93573 | D:13     | 93573 ||| Stepping randomly (stuck).
 93579 | D:13     | 93579 ||| Stepping randomly (stuck).
 93585 | D:13     | 93585 ||| Stepping randomly (stuck).
 93591 | D:13     | 93591 ||| Stepping randomly (stuck).
 93597 | D:13     | 93597 ||| Stepping randomly (stuck).
 93603 | D:13     | 93603 ||| Stepping randomly (stuck).
 93609 | D:13     | 93609 ||| Stepping randomly (stuck).
 93615 | D:13     | 93615 ||| Stepping randomly (stuck).
 93621 | D:13     | 93621 ||| Stepping randomly (stuck).
 93627 | D:13     | 93627 ||| Stepping randomly (stuck).
 93633 | D:13     | 93633 ||| Stepping randomly (stuck).
 93639 | D:13     | 93639 ||| Stepping randomly (stuck).
 93645 | D:13     | 93645 ||| Stepping randomly (stuck).
 93651 | D:13     | 93651 ||| Stepping randomly (stuck).
 93657 | D:13     | 93657 ||| Stepping randomly (stuck).
 93663 | D:13     | 93663 ||| Stepping randomly (stuck).
 93669 | D:13     | 93669 ||| Stepping randomly (stuck).
 93675 | D:13     | 93675 ||| Stepping randomly (stuck).
 93681 | D:13     | 93681 ||| Stepping randomly (stuck).
 93687 | D:13     | 93687 ||| Stepping randomly (stuck).
 93693 | D:13     | 93693 ||| Stepping randomly (stuck).
 93699 | D:13     | 93699 ||| Stepping randomly (stuck).
 93705 | D:13     | 93705 ||| Stepping randomly (stuck).
 93711 | D:13     | 93711 ||| Stepping randomly (stuck).
 93717 | D:13     | 93717 ||| Stepping randomly (stuck).
 93723 | D:13     | 93723 ||| Stepping randomly (stuck).
 93729 | D:13     | 93729 ||| Stepping randomly (stuck).
 93735 | D:13     | 93735 ||| Stepping randomly (stuck).
 93741 | D:13     | 93741 ||| Stepping randomly (stuck).
 93747 | D:13     | 93747 ||| Stepping randomly (stuck).
 93753 | D:13     | 93753 ||| Stepping randomly (stuck).
 93759 | D:13     | 93759 ||| Stepping randomly (stuck).
 93765 | D:13     | 93765 ||| Stepping randomly (stuck).
 93771 | D:13     | 93771 ||| Stepping randomly (stuck).
 93777 | D:13     | 93777 ||| Stepping randomly (stuck).
 93783 | D:13     | 93783 ||| Stepping randomly (stuck).
 93789 | D:13     | 93789 ||| Stepping randomly (stuck).
 93795 | D:13     | 93795 ||| Stepping randomly (stuck).
 93801 | D:13     | 93801 ||| Stepping randomly (stuck).
 93807 | D:13     | 93807 ||| Stepping randomly (stuck).
 93813 | D:13     | 93813 ||| Stepping randomly (stuck).
 93819 | D:13     | 93819 ||| Stepping randomly (stuck).
 93825 | D:13     | 93825 ||| Stepping randomly (stuck).
 93831 | D:13     | 93831 ||| Stepping randomly (stuck).
 93837 | D:13     | 93837 ||| Stepping randomly (stuck).
 93843 | D:13     | 93843 ||| Stepping randomly (stuck).
 93849 | D:13     | 93849 ||| Stepping randomly (stuck).
 93855 | D:13     | 93855 ||| Stepping randomly (stuck).
 93861 | D:13     | 93861 ||| Stepping randomly (stuck).
 93867 | D:13     | 93867 ||| Stepping randomly (stuck).
 93873 | D:13     | 93873 ||| Stepping randomly (stuck).
 93879 | D:13     | 93879 ||| Stepping randomly (stuck).
 93885 | D:13     | 93885 ||| Stepping randomly (stuck).
 93891 | D:13     | 93891 ||| Stepping randomly (stuck).
 93897 | D:13     | 93897 ||| Stepping randomly (stuck).
 93903 | D:13     | 93903 ||| Stepping randomly (stuck).
 93909 | D:13     | 93909 ||| Stepping randomly (stuck).
 93915 | D:13     | 93915 ||| Stepping randomly (stuck).
 93921 | D:13     | 93921 ||| Stepping randomly (stuck).
 93927 | D:13     | 93927 ||| Stepping randomly (stuck).
 93933 | D:13     | 93933 ||| Stepping randomly (stuck).
 93939 | D:13     | 93939 ||| Stepping randomly (stuck).
 93945 | D:13     | 93945 ||| Stepping randomly (stuck).
 93951 | D:13     | 93951 ||| Stepping randomly (stuck).
 93957 | D:13     | 93957 ||| Stepping randomly (stuck).
 93963 | D:13     | 93963 ||| Stepping randomly (stuck).
 93969 | D:13     | 93969 ||| Stepping randomly (stuck).
 93975 | D:13     | 93975 ||| Stepping randomly (stuck).
 93981 | D:13     | 93981 ||| Stepping randomly (stuck).
 93987 | D:13     | 93987 ||| Stepping randomly (stuck).
 93993 | D:13     | 93993 ||| Stepping randomly (stuck).
 93999 | D:13     | 93999 ||| Stepping randomly (stuck).
 94005 | D:13     | 94005 ||| Stepping randomly (stuck).
 94011 | D:13     | 94011 ||| Stepping randomly (stuck).
 94017 | D:13     | 94017 ||| Stepping randomly (stuck).
 94023 | D:13     | 94023 ||| Stepping randomly (stuck).
 94029 | D:13     | 94029 ||| Stepping randomly (stuck).
 94035 | D:13     | 94035 ||| Stepping randomly (stuck).
 94041 | D:13     | 94041 ||| Stepping randomly (stuck).
 94047 | D:13     | 94047 ||| Stepping randomly (stuck).
 94053 | D:13     | 94053 ||| Stepping randomly (stuck).
 94059 | D:13     | 94059 ||| Stepping randomly (stuck).
 94065 | D:13     | 94065 ||| Stepping randomly (stuck).
 94071 | D:13     | 94071 ||| Stepping randomly (stuck).
 94077 | D:13     | 94077 ||| Stepping randomly (stuck).
 94083 | D:13     | 94083 ||| Stepping randomly (stuck).
 94089 | D:13     | 94089 ||| Stepping randomly (stuck).
 94095 | D:13     | 94095 ||| Stepping randomly (stuck).
 94101 | D:13     | 94101 ||| Stepping randomly (stuck).
 94107 | D:13     | 94107 ||| Stepping randomly (stuck).
 94113 | D:13     | 94113 ||| Stepping randomly (stuck).
 94119 | D:13     | 94119 ||| Stepping randomly (stuck).
 94125 | D:13     | 94125 ||| Stepping randomly (stuck).
 94131 | D:13     | 94131 ||| Stepping randomly (stuck).
 94137 | D:13     | 94137 ||| Stepping randomly (stuck).
 94143 | D:13     | 94143 ||| Stepping randomly (stuck).
 94149 | D:13     | 94149 ||| Stepping randomly (stuck).
 94155 | D:13     | 94155 ||| Stepping randomly (stuck).
 94161 | D:13     | 94161 ||| Stepping randomly (stuck).
 94167 | D:13     | 94167 ||| Stepping randomly (stuck).
 94173 | D:13     | 94173 ||| Stepping randomly (stuck).
 94179 | D:13     | 94179 ||| Stepping randomly (stuck).
 94185 | D:13     | 94185 ||| Stepping randomly (stuck).
 94191 | D:13     | 94191 ||| Stepping randomly (stuck).
 94197 | D:13     | 94197 ||| Stepping randomly (stuck).
 94203 | D:13     | 94203 ||| Stepping randomly (stuck).
 94209 | D:13     | 94209 ||| Stepping randomly (stuck).
 94215 | D:13     | 94215 ||| Stepping randomly (stuck).
 94221 | D:13     | 94221 ||| Stepping randomly (stuck).
 94227 | D:13     | 94227 ||| Stepping randomly (stuck).
 94233 | D:13     | 94233 ||| Stepping randomly (stuck).
 94239 | D:13     | 94239 ||| Stepping randomly (stuck).
 94245 | D:13     | 94245 ||| Stepping randomly (stuck).
 94251 | D:13     | 94251 ||| Stepping randomly (stuck).
 94257 | D:13     | 94257 ||| Stepping randomly (stuck).
 94263 | D:13     | 94263 ||| Stepping randomly (stuck).
 94269 | D:13     | 94269 ||| Stepping randomly (stuck).
 94275 | D:13     | 94275 ||| Stepping randomly (stuck).
 94281 | D:13     | 94281 ||| Stepping randomly (stuck).
 94287 | D:13     | 94287 ||| Stepping randomly (stuck).
 94293 | D:13     | 94293 ||| Stepping randomly (stuck).
 94299 | D:13     | 94299 ||| Stepping randomly (stuck).
 94305 | D:13     | 94305 ||| Stepping randomly (stuck).
 94311 | D:13     | 94311 ||| Stepping randomly (stuck).
 94317 | D:13     | 94317 ||| Stepping randomly (stuck).
 94323 | D:13     | 94323 ||| Stepping randomly (stuck).
 94329 | D:13     | 94329 ||| Stepping randomly (stuck).
 94335 | D:13     | 94335 ||| Stepping randomly (stuck).
 94341 | D:13     | 94341 ||| Stepping randomly (stuck).
 94347 | D:13     | 94347 ||| Stepping randomly (stuck).
 94353 | D:13     | 94353 ||| Stepping randomly (stuck).
 94359 | D:13     | 94359 ||| Stepping randomly (stuck).
 94365 | D:13     | 94365 ||| Stepping randomly (stuck).
 94371 | D:13     | 94371 ||| Stepping randomly (stuck).
 94377 | D:13     | 94377 ||| Stepping randomly (stuck).
 94383 | D:13     | 94383 ||| Stepping randomly (stuck).
 94389 | D:13     | 94389 ||| Stepping randomly (stuck).
 94395 | D:13     | 94395 ||| Stepping randomly (stuck).
 94401 | D:13     | 94401 ||| Stepping randomly (stuck).
 94407 | D:13     | 94407 ||| Stepping randomly (stuck).
 94413 | D:13     | 94413 ||| Stepping randomly (stuck).
 94419 | D:13     | 94419 ||| Stepping randomly (stuck).
 94425 | D:13     | 94425 ||| Stepping randomly (stuck).
 94431 | D:13     | 94431 ||| Stepping randomly (stuck).
 94437 | D:13     | 94437 ||| Stepping randomly (stuck).
 94443 | D:13     | 94443 ||| Stepping randomly (stuck).
 94449 | D:13     | 94449 ||| Stepping randomly (stuck).
 94455 | D:13     | 94455 ||| Stepping randomly (stuck).
 94461 | D:13     | 94461 ||| Stepping randomly (stuck).
 94467 | D:13     | 94467 ||| Stepping randomly (stuck).
 94473 | D:13     | 94473 ||| Stepping randomly (stuck).
 94479 | D:13     | 94479 ||| Stepping randomly (stuck).
 94485 | D:13     | 94485 ||| Stepping randomly (stuck).
 94491 | D:13     | 94491 ||| Stepping randomly (stuck).
 94497 | D:13     | 94497 ||| Stepping randomly (stuck).
 94503 | D:13     | 94503 ||| Stepping randomly (stuck).
 94509 | D:13     | 94509 ||| Stepping randomly (stuck).
 94515 | D:13     | 94515 ||| Stepping randomly (stuck).
 94521 | D:13     | 94521 ||| Stepping randomly (stuck).
 94527 | D:13     | 94527 ||| Stepping randomly (stuck).
 94533 | D:13     | 94533 ||| Stepping randomly (stuck).
 94539 | D:13     | 94539 ||| Stepping randomly (stuck).
 94545 | D:13     | 94545 ||| Stepping randomly (stuck).
 94551 | D:13     | 94551 ||| Stepping randomly (stuck).
 94557 | D:13     | 94557 ||| Stepping randomly (stuck).
 94563 | D:13     | 94563 ||| Stepping randomly (stuck).
 94569 | D:13     | 94569 ||| Stepping randomly (stuck).
 94575 | D:13     | 94575 ||| Stepping randomly (stuck).
 94581 | D:13     | 94581 ||| Stepping randomly (stuck).
 94587 | D:13     | 94587 ||| Stepping randomly (stuck).
 94593 | D:13     | 94593 ||| Stepping randomly (stuck).
 94599 | D:13     | 94599 ||| Stepping randomly (stuck).
 94605 | D:13     | 94605 ||| Stepping randomly (stuck).
 94611 | D:13     | 94611 ||| Stepping randomly (stuck).
 94617 | D:13     | 94617 ||| Stepping randomly (stuck).
 94623 | D:13     | 94623 ||| Stepping randomly (stuck).
 94629 | D:13     | 94629 ||| Stepping randomly (stuck).
 94635 | D:13     | 94635 ||| Stepping randomly (stuck).
 94641 | D:13     | 94641 ||| Stepping randomly (stuck).
 94647 | D:13     | 94647 ||| Stepping randomly (stuck).
 94653 | D:13     | 94653 ||| Stepping randomly (stuck).
 94659 | D:13     | 94659 ||| Stepping randomly (stuck).
 94665 | D:13     | 94665 ||| Stepping randomly (stuck).
 94671 | D:13     | 94671 ||| Stepping randomly (stuck).
 94677 | D:13     | 94677 ||| Stepping randomly (stuck).
 94683 | D:13     | 94683 ||| Stepping randomly (stuck).
 94689 | D:13     | 94689 ||| Stepping randomly (stuck).
 94695 | D:13     | 94695 ||| Stepping randomly (stuck).
 94701 | D:13     | 94701 ||| Stepping randomly (stuck).
 94707 | D:13     | 94707 ||| Stepping randomly (stuck).
 94713 | D:13     | 94713 ||| Stepping randomly (stuck).
 94719 | D:13     | 94719 ||| Stepping randomly (stuck).
 94725 | D:13     | 94725 ||| Stepping randomly (stuck).
 94731 | D:13     | 94731 ||| Stepping randomly (stuck).
 94737 | D:13     | 94737 ||| Stepping randomly (stuck).
 94743 | D:13     | 94743 ||| Stepping randomly (stuck).
 94749 | D:13     | 94749 ||| Stepping randomly (stuck).
 94755 | D:13     | 94755 ||| Stepping randomly (stuck).
 94761 | D:13     | 94761 ||| Stepping randomly (stuck).
 94767 | D:13     | 94767 ||| Stepping randomly (stuck).
 94773 | D:13     | 94773 ||| Stepping randomly (stuck).
 94779 | D:13     | 94779 ||| Stepping randomly (stuck).
 94785 | D:13     | 94785 ||| Stepping randomly (stuck).
 94791 | D:13     | 94791 ||| Stepping randomly (stuck).
 94797 | D:13     | 94797 ||| Stepping randomly (stuck).
 94803 | D:13     | 94803 ||| Stepping randomly (stuck).
 94809 | D:13     | 94809 ||| Stepping randomly (stuck).
 94815 | D:13     | 94815 ||| Stepping randomly (stuck).
 94821 | D:13     | 94821 ||| Stepping randomly (stuck).
 94827 | D:13     | 94827 ||| Stepping randomly (stuck).
 94833 | D:13     | 94833 ||| Stepping randomly (stuck).
 94839 | D:13     | 94839 ||| Stepping randomly (stuck).
 94845 | D:13     | 94845 ||| Stepping randomly (stuck).
 94851 | D:13     | 94851 ||| Stepping randomly (stuck).
 94857 | D:13     | 94857 ||| Stepping randomly (stuck).
 94863 | D:13     | 94863 ||| Stepping randomly (stuck).
 94869 | D:13     | 94869 ||| Stepping randomly (stuck).
 94875 | D:13     | 94875 ||| Stepping randomly (stuck).
 94881 | D:13     | 94881 ||| Stepping randomly (stuck).
 94887 | D:13     | 94887 ||| Stepping randomly (stuck).
 94893 | D:13     | 94893 ||| Stepping randomly (stuck).
 94899 | D:13     | 94899 ||| Stepping randomly (stuck).
 94905 | D:13     | 94905 ||| Stepping randomly (stuck).
 94911 | D:13     | 94911 ||| Stepping randomly (stuck).
 94917 | D:13     | 94917 ||| Stepping randomly (stuck).
 94923 | D:13     | 94923 ||| Stepping randomly (stuck).
 94929 | D:13     | 94929 ||| Stepping randomly (stuck).
 94935 | D:13     | 94935 ||| Stepping randomly (stuck).
 94941 | D:13     | 94941 ||| Stepping randomly (stuck).
 94947 | D:13     | 94947 ||| Stepping randomly (stuck).
 94953 | D:13     | 94953 ||| Stepping randomly (stuck).
 94959 | D:13     | 94959 ||| Stepping randomly (stuck).
 94965 | D:13     | 94965 ||| Stepping randomly (stuck).
 94971 | D:13     | 94971 ||| Stepping randomly (stuck).
 94977 | D:13     | 94977 ||| Stepping randomly (stuck).
 94983 | D:13     | 94983 ||| Stepping randomly (stuck).
 94989 | D:13     | 94989 ||| Stepping randomly (stuck).
 94995 | D:13     | 94995 ||| Stepping randomly (stuck).
 95001 | D:13     | 95001 ||| Stepping randomly (stuck).
 95007 | D:13     | 95007 ||| Stepping randomly (stuck).
 95013 | D:13     | 95013 ||| Stepping randomly (stuck).
 95019 | D:13     | 95019 ||| Stepping randomly (stuck).
 95025 | D:13     | 95025 ||| Stepping randomly (stuck).
 95031 | D:13     | 95031 ||| Stepping randomly (stuck).
 95037 | D:13     | 95037 ||| Stepping randomly (stuck).
 95043 | D:13     | 95043 ||| Stepping randomly (stuck).
 95049 | D:13     | 95049 ||| Stepping randomly (stuck).
 95055 | D:13     | 95055 ||| Stepping randomly (stuck).
 95061 | D:13     | 95061 ||| Stepping randomly (stuck).
 95067 | D:13     | 95067 ||| Stepping randomly (stuck).
 95073 | D:13     | 95073 ||| Stepping randomly (stuck).
 95079 | D:13     | 95079 ||| Stepping randomly (stuck).
 95085 | D:13     | 95085 ||| Stepping randomly (stuck).
 95091 | D:13     | 95091 ||| Stepping randomly (stuck).
 95097 | D:13     | 95097 ||| Stepping randomly (stuck).
 95103 | D:13     | 95103 ||| Stepping randomly (stuck).
 95109 | D:13     | 95109 ||| Stepping randomly (stuck).
 95115 | D:13     | 95115 ||| Stepping randomly (stuck).
 95121 | D:13     | 95121 ||| Stepping randomly (stuck).
 95127 | D:13     | 95127 ||| Stepping randomly (stuck).
 95133 | D:13     | 95133 ||| Stepping randomly (stuck).
 95139 | D:13     | 95139 ||| Stepping randomly (stuck).
 95145 | D:13     | 95145 ||| Stepping randomly (stuck).
 95151 | D:13     | 95151 ||| Stepping randomly (stuck).
 95157 | D:13     | 95157 ||| Stepping randomly (stuck).
 95163 | D:13     | 95163 ||| Stepping randomly (stuck).
 95169 | D:13     | 95169 ||| Stepping randomly (stuck).
 95175 | D:13     | 95175 ||| Stepping randomly (stuck).
 95181 | D:13     | 95181 ||| Stepping randomly (stuck).
 95187 | D:13     | 95187 ||| Stepping randomly (stuck).
 95193 | D:13     | 95193 ||| Stepping randomly (stuck).
 95199 | D:13     | 95199 ||| Stepping randomly (stuck).
 95205 | D:13     | 95205 ||| Stepping randomly (stuck).
 95211 | D:13     | 95211 ||| Stepping randomly (stuck).
 95217 | D:13     | 95217 ||| Stepping randomly (stuck).
 95223 | D:13     | 95223 ||| Stepping randomly (stuck).
 95229 | D:13     | 95229 ||| Stepping randomly (stuck).
 95235 | D:13     | 95235 ||| Stepping randomly (stuck).
 95241 | D:13     | 95241 ||| Stepping randomly (stuck).
 95247 | D:13     | 95247 ||| Stepping randomly (stuck).
 95253 | D:13     | 95253 ||| Stepping randomly (stuck).
 95259 | D:13     | 95259 ||| Stepping randomly (stuck).
 95265 | D:13     | 95265 ||| Stepping randomly (stuck).
 95271 | D:13     | 95271 ||| Stepping randomly (stuck).
 95277 | D:13     | 95277 ||| Stepping randomly (stuck).
 95283 | D:13     | 95283 ||| Stepping randomly (stuck).
 95289 | D:13     | 95289 ||| Stepping randomly (stuck).
 95295 | D:13     | 95295 ||| Stepping randomly (stuck).
 95301 | D:13     | 95301 ||| Stepping randomly (stuck).
 95307 | D:13     | 95307 ||| Stepping randomly (stuck).
 95313 | D:13     | 95313 ||| Stepping randomly (stuck).
 95319 | D:13     | 95319 ||| Stepping randomly (stuck).
 95325 | D:13     | 95325 ||| Stepping randomly (stuck).
 95331 | D:13     | 95331 ||| Stepping randomly (stuck).
 95337 | D:13     | 95337 ||| Stepping randomly (stuck).
 95343 | D:13     | 95343 ||| Stepping randomly (stuck).
 95349 | D:13     | 95349 ||| Stepping randomly (stuck).
 95355 | D:13     | 95355 ||| Stepping randomly (stuck).
 95361 | D:13     | 95361 ||| Stepping randomly (stuck).
 95367 | D:13     | 95367 ||| Stepping randomly (stuck).
 95373 | D:13     | 95373 ||| Stepping randomly (stuck).
 95379 | D:13     | 95379 ||| Stepping randomly (stuck).
 95385 | D:13     | 95385 ||| Stepping randomly (stuck).
 95391 | D:13     | 95391 ||| Stepping randomly (stuck).
 95397 | D:13     | 95397 ||| Stepping randomly (stuck).
 95403 | D:13     | 95403 ||| Stepping randomly (stuck).
 95409 | D:13     | 95409 ||| Stepping randomly (stuck).
 95415 | D:13     | 95415 ||| Stepping randomly (stuck).
 95421 | D:13     | 95421 ||| Stepping randomly (stuck).
 95427 | D:13     | 95427 ||| Stepping randomly (stuck).
 95433 | D:13     | 95433 ||| Stepping randomly (stuck).
 95439 | D:13     | 95439 ||| Stepping randomly (stuck).
 95445 | D:13     | 95445 ||| Stepping randomly (stuck).
 95451 | D:13     | 95451 ||| Stepping randomly (stuck).
 95457 | D:13     | 95457 ||| Stepping randomly (stuck).
 95463 | D:13     | 95463 ||| Stepping randomly (stuck).
 95469 | D:13     | 95469 ||| Stepping randomly (stuck).
 95475 | D:13     | 95475 ||| Stepping randomly (stuck).
 95481 | D:13     | 95481 ||| Stepping randomly (stuck).
 95487 | D:13     | 95487 ||| Stepping randomly (stuck).
 95493 | D:13     | 95493 ||| Stepping randomly (stuck).
 95499 | D:13     | 95499 ||| Stepping randomly (stuck).
 95505 | D:13     | 95505 ||| Stepping randomly (stuck).
 95511 | D:13     | 95511 ||| Stepping randomly (stuck).
 95517 | D:13     | 95517 ||| Stepping randomly (stuck).
 95523 | D:13     | 95523 ||| Stepping randomly (stuck).
 95529 | D:13     | 95529 ||| Stepping randomly (stuck).
 95535 | D:13     | 95535 ||| Stepping randomly (stuck).
 95541 | D:13     | 95541 ||| Stepping randomly (stuck).
 95547 | D:13     | 95547 ||| Stepping randomly (stuck).
 95553 | D:13     | 95553 ||| Stepping randomly (stuck).
 95559 | D:13     | 95559 ||| Stepping randomly (stuck).
 95565 | D:13     | 95565 ||| Stepping randomly (stuck).
 95571 | D:13     | 95571 ||| Stepping randomly (stuck).
 95577 | D:13     | 95577 ||| Stepping randomly (stuck).
 95583 | D:13     | 95583 ||| Stepping randomly (stuck).
 95589 | D:13     | 95589 ||| Stepping randomly (stuck).
 95595 | D:13     | 95595 ||| Stepping randomly (stuck).
 95601 | D:13     | 95601 ||| Stepping randomly (stuck).
 95607 | D:13     | 95607 ||| Stepping randomly (stuck).
 95613 | D:13     | 95613 ||| Stepping randomly (stuck).
 95619 | D:13     | 95619 ||| Stepping randomly (stuck).
 95625 | D:13     | 95625 ||| Stepping randomly (stuck).
 95631 | D:13     | 95631 ||| Stepping randomly (stuck).
 95637 | D:13     | 95637 ||| Stepping randomly (stuck).
 95643 | D:13     | 95643 ||| Stepping randomly (stuck).
 95649 | D:13     | 95649 ||| Stepping randomly (stuck).
 95655 | D:13     | 95655 ||| Stepping randomly (stuck).
 95661 | D:13     | 95661 ||| Stepping randomly (stuck).
 95667 | D:13     | 95667 ||| Stepping randomly (stuck).
 95673 | D:13     | 95673 ||| Stepping randomly (stuck).
 95679 | D:13     | 95679 ||| Stepping randomly (stuck).
 95685 | D:13     | 95685 ||| Stepping randomly (stuck).
 95691 | D:13     | 95691 ||| Stepping randomly (stuck).
 95697 | D:13     | 95697 ||| Stepping randomly (stuck).
 95703 | D:13     | 95703 ||| Stepping randomly (stuck).
 95709 | D:13     | 95709 ||| Stepping randomly (stuck).
 95715 | D:13     | 95715 ||| Stepping randomly (stuck).
 95721 | D:13     | 95721 ||| Stepping randomly (stuck).
 95727 | D:13     | 95727 ||| Stepping randomly (stuck).
 95733 | D:13     | 95733 ||| Stepping randomly (stuck).
 95739 | D:13     | 95739 ||| Stepping randomly (stuck).
 95745 | D:13     | 95745 ||| Stepping randomly (stuck).
 95751 | D:13     | 95751 ||| Stepping randomly (stuck).
 95757 | D:13     | 95757 ||| Stepping randomly (stuck).
 95763 | D:13     | 95763 ||| Stepping randomly (stuck).
 95769 | D:13     | 95769 ||| Stepping randomly (stuck).
 95775 | D:13     | 95775 ||| Stepping randomly (stuck).
 95781 | D:13     | 95781 ||| Stepping randomly (stuck).
 95787 | D:13     | 95787 ||| Stepping randomly (stuck).
 95793 | D:13     | 95793 ||| Stepping randomly (stuck).
 95799 | D:13     | 95799 ||| Stepping randomly (stuck).
 95805 | D:13     | 95805 ||| Stepping randomly (stuck).
 95811 | D:13     | 95811 ||| Stepping randomly (stuck).
 95817 | D:13     | 95817 ||| Stepping randomly (stuck).
 95823 | D:13     | 95823 ||| Stepping randomly (stuck).
 95829 | D:13     | 95829 ||| Stepping randomly (stuck).
 95835 | D:13     | 95835 ||| Stepping randomly (stuck).
 95841 | D:13     | 95841 ||| Stepping randomly (stuck).
 95847 | D:13     | 95847 ||| Stepping randomly (stuck).
 95853 | D:13     | 95853 ||| Stepping randomly (stuck).
 95859 | D:13     | 95859 ||| Stepping randomly (stuck).
 95865 | D:13     | 95865 ||| Stepping randomly (stuck).
 95871 | D:13     | 95871 ||| Stepping randomly (stuck).
 95877 | D:13     | 95877 ||| Stepping randomly (stuck).
 95883 | D:13     | 95883 ||| Stepping randomly (stuck).
 95889 | D:13     | 95889 ||| Stepping randomly (stuck).
 95895 | D:13     | 95895 ||| Stepping randomly (stuck).
 95901 | D:13     | 95901 ||| Stepping randomly (stuck).
 95907 | D:13     | 95907 ||| Stepping randomly (stuck).
 95913 | D:13     | 95913 ||| Stepping randomly (stuck).
 95919 | D:13     | 95919 ||| Stepping randomly (stuck).
 95925 | D:13     | 95925 ||| Stepping randomly (stuck).
 95931 | D:13     | 95931 ||| Stepping randomly (stuck).
 95937 | D:13     | 95937 ||| Stepping randomly (stuck).
 95943 | D:13     | 95943 ||| Stepping randomly (stuck).
 95949 | D:13     | 95949 ||| Stepping randomly (stuck).
 95955 | D:13     | 95955 ||| Stepping randomly (stuck).
 95961 | D:13     | 95961 ||| Stepping randomly (stuck).
 95967 | D:13     | 95967 ||| Stepping randomly (stuck).
 95973 | D:13     | 95973 ||| Stepping randomly (stuck).
 95979 | D:13     | 95979 ||| Stepping randomly (stuck).
 95985 | D:13     | 95985 ||| Stepping randomly (stuck).
 95991 | D:13     | 95991 ||| Stepping randomly (stuck).
 95997 | D:13     | 95997 ||| Stepping randomly (stuck).
 96003 | D:13     | 96003 ||| Stepping randomly (stuck).
 96009 | D:13     | 96009 ||| Stepping randomly (stuck).
 96015 | D:13     | 96015 ||| Stepping randomly (stuck).
 96021 | D:13     | 96021 ||| Stepping randomly (stuck).
 96027 | D:13     | 96027 ||| Stepping randomly (stuck).
 96033 | D:13     | 96033 ||| Stepping randomly (stuck).
 96039 | D:13     | 96039 ||| Stepping randomly (stuck).
 96045 | D:13     | 96045 ||| Stepping randomly (stuck).
 96051 | D:13     | 96051 ||| Stepping randomly (stuck).
 96057 | D:13     | 96057 ||| Stepping randomly (stuck).
 96063 | D:13     | 96063 ||| Stepping randomly (stuck).
 96069 | D:13     | 96069 ||| Stepping randomly (stuck).
 96075 | D:13     | 96075 ||| Stepping randomly (stuck).
 96081 | D:13     | 96081 ||| Stepping randomly (stuck).
 96087 | D:13     | 96087 ||| Stepping randomly (stuck).
 96093 | D:13     | 96093 ||| Stepping randomly (stuck).
 96099 | D:13     | 96099 ||| Stepping randomly (stuck).
 96105 | D:13     | 96105 ||| Stepping randomly (stuck).
 96111 | D:13     | 96111 ||| Stepping randomly (stuck).
 96117 | D:13     | 96117 ||| Stepping randomly (stuck).
 96123 | D:13     | 96123 ||| Stepping randomly (stuck).
 96129 | D:13     | 96129 ||| Stepping randomly (stuck).
 96135 | D:13     | 96135 ||| Stepping randomly (stuck).
 96141 | D:13     | 96141 ||| Stepping randomly (stuck).
 96147 | D:13     | 96147 ||| Stepping randomly (stuck).
 96153 | D:13     | 96153 ||| Stepping randomly (stuck).
 96159 | D:13     | 96159 ||| Stepping randomly (stuck).
 96165 | D:13     | 96165 ||| Stepping randomly (stuck).
 96171 | D:13     | 96171 ||| Stepping randomly (stuck).
 96177 | D:13     | 96177 ||| Stepping randomly (stuck).
 96183 | D:13     | 96183 ||| Stepping randomly (stuck).
 96189 | D:13     | 96189 ||| Stepping randomly (stuck).
 96195 | D:13     | 96195 ||| Stepping randomly (stuck).
 96201 | D:13     | 96201 ||| Stepping randomly (stuck).
 96207 | D:13     | 96207 ||| Stepping randomly (stuck).
 96213 | D:13     | 96213 ||| Stepping randomly (stuck).
 96219 | D:13     | 96219 ||| Stepping randomly (stuck).
 96225 | D:13     | 96225 ||| Stepping randomly (stuck).
 96231 | D:13     | 96231 ||| Stepping randomly (stuck).
 96237 | D:13     | 96237 ||| Stepping randomly (stuck).
 96243 | D:13     | 96243 ||| Stepping randomly (stuck).
 96249 | D:13     | 96249 ||| Stepping randomly (stuck).
 96255 | D:13     | 96255 ||| Stepping randomly (stuck).
 96261 | D:13     | 96261 ||| Stepping randomly (stuck).
 96267 | D:13     | 96267 ||| Stepping randomly (stuck).
 96273 | D:13     | 96273 ||| Stepping randomly (stuck).
 96279 | D:13     | 96279 ||| Stepping randomly (stuck).
 96285 | D:13     | 96285 ||| Stepping randomly (stuck).
 96291 | D:13     | 96291 ||| Stepping randomly (stuck).
 96297 | D:13     | 96297 ||| Stepping randomly (stuck).
 96303 | D:13     | 96303 ||| Stepping randomly (stuck).
 96309 | D:13     | 96309 ||| Stepping randomly (stuck).
 96315 | D:13     | 96315 ||| Stepping randomly (stuck).
 96321 | D:13     | 96321 ||| Stepping randomly (stuck).
 96327 | D:13     | 96327 ||| Stepping randomly (stuck).
 96333 | D:13     | 96333 ||| Stepping randomly (stuck).
 96339 | D:13     | 96339 ||| Stepping randomly (stuck).
 96345 | D:13     | 96345 ||| Stepping randomly (stuck).
 96351 | D:13     | 96351 ||| Stepping randomly (stuck).
 96357 | D:13     | 96357 ||| Stepping randomly (stuck).
 96363 | D:13     | 96363 ||| Stepping randomly (stuck).
 96369 | D:13     | 96369 ||| Stepping randomly (stuck).
 96375 | D:13     | 96375 ||| Stepping randomly (stuck).
 96381 | D:13     | 96381 ||| Stepping randomly (stuck).
 96387 | D:13     | 96387 ||| Stepping randomly (stuck).
 96393 | D:13     | 96393 ||| Stepping randomly (stuck).
 96399 | D:13     | 96399 ||| Stepping randomly (stuck).
 96405 | D:13     | 96405 ||| Stepping randomly (stuck).
 96411 | D:13     | 96411 ||| Stepping randomly (stuck).
 96417 | D:13     | 96417 ||| Stepping randomly (stuck).
 96423 | D:13     | 96423 ||| Stepping randomly (stuck).
 96429 | D:13     | 96429 ||| Stepping randomly (stuck).
 96435 | D:13     | 96435 ||| Stepping randomly (stuck).
 96441 | D:13     | 96441 ||| Stepping randomly (stuck).
 96447 | D:13     | 96447 ||| Stepping randomly (stuck).
 96453 | D:13     | 96453 ||| Stepping randomly (stuck).
 96459 | D:13     | 96459 ||| Stepping randomly (stuck).
 96465 | D:13     | 96465 ||| Stepping randomly (stuck).
 96471 | D:13     | 96471 ||| Stepping randomly (stuck).
 96477 | D:13     | 96477 ||| Stepping randomly (stuck).
 96483 | D:13     | 96483 ||| Stepping randomly (stuck).
 96489 | D:13     | 96489 ||| Stepping randomly (stuck).
 96495 | D:13     | 96495 ||| Stepping randomly (stuck).
 96501 | D:13     | 96501 ||| Stepping randomly (stuck).
 96507 | D:13     | 96507 ||| Stepping randomly (stuck).
 96513 | D:13     | 96513 ||| Stepping randomly (stuck).
 96519 | D:13     | 96519 ||| Stepping randomly (stuck).
 96525 | D:13     | 96525 ||| Stepping randomly (stuck).
 96531 | D:13     | 96531 ||| Stepping randomly (stuck).
 96537 | D:13     | 96537 ||| Stepping randomly (stuck).
 96543 | D:13     | 96543 ||| Stepping randomly (stuck).
 96549 | D:13     | 96549 ||| Stepping randomly (stuck).
 96555 | D:13     | 96555 ||| Stepping randomly (stuck).
 96561 | D:13     | 96561 ||| Stepping randomly (stuck).
 96567 | D:13     | 96567 ||| Stepping randomly (stuck).
 96573 | D:13     | 96573 ||| Stepping randomly (stuck).
 96579 | D:13     | 96579 ||| Stepping randomly (stuck).
 96585 | D:13     | 96585 ||| Stepping randomly (stuck).
 96591 | D:13     | 96591 ||| Stepping randomly (stuck).
 96597 | D:13     | 96597 ||| Stepping randomly (stuck).
 96603 | D:13     | 96603 ||| Stepping randomly (stuck).
 96609 | D:13     | 96609 ||| Stepping randomly (stuck).
 96615 | D:13     | 96615 ||| Stepping randomly (stuck).
 96621 | D:13     | 96621 ||| Stepping randomly (stuck).
 96627 | D:13     | 96627 ||| Stepping randomly (stuck).
 96633 | D:13     | 96633 ||| Stepping randomly (stuck).
 96639 | D:13     | 96639 ||| Stepping randomly (stuck).
 96645 | D:13     | 96645 ||| Stepping randomly (stuck).
 96651 | D:13     | 96651 ||| Stepping randomly (stuck).
 96657 | D:13     | 96657 ||| Stepping randomly (stuck).
 96663 | D:13     | 96663 ||| Stepping randomly (stuck).
 96669 | D:13     | 96669 ||| Stepping randomly (stuck).
 96675 | D:13     | 96675 ||| Stepping randomly (stuck).
 96681 | D:13     | 96681 ||| Stepping randomly (stuck).
 96687 | D:13     | 96687 ||| Stepping randomly (stuck).
 96693 | D:13     | 96693 ||| Stepping randomly (stuck).
 96699 | D:13     | 96699 ||| Stepping randomly (stuck).
 96705 | D:13     | 96705 ||| Stepping randomly (stuck).
 96711 | D:13     | 96711 ||| Stepping randomly (stuck).
 96717 | D:13     | 96717 ||| Stepping randomly (stuck).
 96723 | D:13     | 96723 ||| Stepping randomly (stuck).
 96729 | D:13     | 96729 ||| Stepping randomly (stuck).
 96735 | D:13     | 96735 ||| Stepping randomly (stuck).
 96741 | D:13     | 96741 ||| Stepping randomly (stuck).
 96747 | D:13     | 96747 ||| Stepping randomly (stuck).
 96753 | D:13     | 96753 ||| Stepping randomly (stuck).
 96759 | D:13     | 96759 ||| Stepping randomly (stuck).
 96765 | D:13     | 96765 ||| Stepping randomly (stuck).
 96771 | D:13     | 96771 ||| Stepping randomly (stuck).
 96777 | D:13     | 96777 ||| Stepping randomly (stuck).
 96783 | D:13     | 96783 ||| Stepping randomly (stuck).
 96789 | D:13     | 96789 ||| Stepping randomly (stuck).
 96795 | D:13     | 96795 ||| Stepping randomly (stuck).
 96801 | D:13     | 96801 ||| Stepping randomly (stuck).
 96807 | D:13     | 96807 ||| Stepping randomly (stuck).
 96813 | D:13     | 96813 ||| Stepping randomly (stuck).
 96819 | D:13     | 96819 ||| Stepping randomly (stuck).
 96825 | D:13     | 96825 ||| Stepping randomly (stuck).
 96831 | D:13     | 96831 ||| Stepping randomly (stuck).
 96837 | D:13     | 96837 ||| Stepping randomly (stuck).
 96843 | D:13     | 96843 ||| Stepping randomly (stuck).
 96849 | D:13     | 96849 ||| Stepping randomly (stuck).
 96855 | D:13     | 96855 ||| Stepping randomly (stuck).
 96861 | D:13     | 96861 ||| Stepping randomly (stuck).
 96867 | D:13     | 96867 ||| Stepping randomly (stuck).
 96873 | D:13     | 96873 ||| Stepping randomly (stuck).
 96879 | D:13     | 96879 ||| Stepping randomly (stuck).
 96885 | D:13     | 96885 ||| Stepping randomly (stuck).
 96891 | D:13     | 96891 ||| Stepping randomly (stuck).
 96897 | D:13     | 96897 ||| Stepping randomly (stuck).
 96903 | D:13     | 96903 ||| Stepping randomly (stuck).
 96909 | D:13     | 96909 ||| Stepping randomly (stuck).
 96915 | D:13     | 96915 ||| Stepping randomly (stuck).
 96921 | D:13     | 96921 ||| Stepping randomly (stuck).
 96927 | D:13     | 96927 ||| Stepping randomly (stuck).
 96933 | D:13     | 96933 ||| Stepping randomly (stuck).
 96939 | D:13     | 96939 ||| Stepping randomly (stuck).
 96945 | D:13     | 96945 ||| Stepping randomly (stuck).
 96951 | D:13     | 96951 ||| Stepping randomly (stuck).
 96957 | D:13     | 96957 ||| Stepping randomly (stuck).
 96963 | D:13     | 96963 ||| Stepping randomly (stuck).
 96969 | D:13     | 96969 ||| Stepping randomly (stuck).
 96975 | D:13     | 96975 ||| Stepping randomly (stuck).
 96981 | D:13     | 96981 ||| Stepping randomly (stuck).
 96987 | D:13     | 96987 ||| Stepping randomly (stuck).
 96993 | D:13     | 96993 ||| Stepping randomly (stuck).
 96999 | D:13     | 96999 ||| Stepping randomly (stuck).
 97005 | D:13     | 97005 ||| Stepping randomly (stuck).
 97011 | D:13     | 97011 ||| Stepping randomly (stuck).
 97017 | D:13     | 97017 ||| Stepping randomly (stuck).
 97018 | D:13     | Quit the game

Levels and vault maps discovered:
D:1:      elethiomel_arrival_infinity_welcomes_careful_drivers, layout_basic
D:2:      layout_loops_cross, basic_altar, chequers_serial_rivers_large_a
D:3:      layout_basic, hangedman_ru_absence, gup_sewer_entry_spiral,
          hellmonk_ecumenical_altar_lost_god
D:4:      layout_loops_corners, slow_altar_2, nicolae_ossuary_entry_catacombs,
          serial_undead, serial_undead_b, serial_undead_b, serial_undead_b,
          serial_undead_a, grunt_ministairs_11
D:5:      layout_loops_corners, fedhas_altar_1, hangedman_glass_teeth,
          kennysheep_generic_room_9
D:6:      layout_basic, uniq_sigmund, uniq_blork_the_orc
D:7:      layout_basic, grunt_temple_overflow_order_and_chaos_2,
          chequers_temple_overflow_statue_of_worship,
          minmay_temple_entry_poolview, uniq_joseph
D:8:      layout_basic, mainiacjoe_overflow_divided_tiny, enter_bailey_3
D:9:      layout_long_grid, nicolae_gozag_cash_rules_everything_around_me,
          nicolae_zen_rock_garden
D:10:     layout_loops_ring, amcnicky_altar_gilded, david_lair_generic,
          minmay_orc_entry_temple_small, uniq_harold
D:11:     layout_irregular_city
D:12:     layout_basic, nicolae_trove_entry_crystal,
          maelrawn_ghost_gauntlet_escape, kennysheep_treasure_room
D:13:     layout_layer_cave, bh_circular_ruins, uniq_jorgrun
D:14:     layout_long_grid, ximxim_vaults_locker_room,
          nicolae_qazlal_general_emergency
D:15:     grunt_enter_depths_snipers, layout_loops_corners, elyvilon_altar_4,
          ebering_ghost_reflecting_pool, dreamdust_looks_like_rain, uniq_agnes
Lair:1:   layout_layer_cave, gauntlet_entry_generic, lemuel_fruit_fields,
          infiniplex_staircase_pool_2, grunt_megastairs_2
Lair:2:   layout_loops_ring, nicolae_swamp_entry_splash_gauntlet,
          nicolae_spider_entry_orb_guardian, minmay_lair_oklob_items,
          lemuel_fruit_fields, uniq_sonja
Lair:3:   gammafunk_lair_enchanted_lake, layout_hall_layers,
          bobbens_dragon_lair_wall
Lair:4:   layout_roguey, minivault_25
Lair:5:   hangedman_lair_caniforms_friends, layout_layer_cave, wormcave,
          slime_entry_2, bobbens_ice_dragon_lair
Swamp:1:  layout_basic_swamp, portal_ice_cave_entry_ice_statue_one,
          nicolae_swamp_small_spring
Swamp:2:  layout_falls_marsh, evilmike_swamp_ruin_house_6,
          nicolae_swamp_no_escape, uniq_donald
Swamp:3:  layout_falls_marsh, evilmike_swamp_ruin_house_4
Swamp:4:  swamp_old_school, layout_basic_swamp, infiniplex_staircase_pool
Spider:1: layout_spider_delve, nicolae_spider_shape,
          hangedman_spider_tarantella_strand
Spider:2: layout_chambers, drop_trap
Spider:3: layout_chambers
Spider:4: floodkiller_spider_rune_tomb, uniq_mara
Orc:1:    layout_caves, basic_altar, uniq_josephine
Orc:2:    pf_orc_diabolical, layout_caves, basic_altar, mines2_lemuel
Vaults:1: nicolae_vaults_minivaults, ontoclasm_vaults_hangar,
          nicolae_vaults_network_quinsquares
          [nicolae_vaults_network_quincunx_subvault,
          nicolae_vaults_network_quincunx_subvault,
          nicolae_vaults_network_quincunx_subvault,
          nicolae_vaults_network_quincunx_subvault], ontoclasm_vaults_gateway,
          v_rooms_3, layout_vaults_chaotic_city, serial_shops, shop
Vaults:2: nicolae_vaults_rhombus_7, vaults_room_grid,
          vaults_mumra_minichess_inversion, v_misc_28, v_misc_32,
          nicolae_vaults_yaktaur_gun_rack, grunt_vaults_twisty, v_alt_pattern_5,
          grunt_vaults_hallway_long, vaults_room_door_ring,
          vaults_room_guarded_vault, layout_vaults_omnigrid
Vaults:3: ontoclasm_vaults_loading_screen, minmay_crypt_entry_simple_sparse,
          vaults_mumra_lcd, hangedman_vaults_corner, v_misc_2,
          ontoclasm_vaults_shuriken, vaults_mumra_hexcomb,
          hangedman_vaults_slice, ontoclasm_vaults_bender, v_misc_27,
          vaults_room_hallway, nicolae_vaults_mini_display_case,
          layout_vaults_maze_snakey
Vaults:4: nicolae_vaults_shelves_hall, nicolae_vaults_network_star,
          nicolae_vaults_disjoint_gnomons, dpeg_vaults_monster_box,
          nicolae_vaults_meeting, nicolae_vaults_angled_halls,
          vaults_room_corners, v_misc_29, layout_vaults_big_cross, serial_shops,
          shop_fountains
Vaults:5: uniq_bai_suzhen
Crypt:1:  layout_rooms, uniq_mennas, uniq_sojobo
Crypt:2:  layout_basic, st_stairs_12, hex_tiny
Crypt:3:  church_of_pain_bobbens, layout_chaotic_city,
          infiniplex_enter_wizlab_spiral, minivault_26
Tomb:1
Tomb:2
Tomb:3
Depths:1: layout_cave_pools, hell_entry, chequers_serial_rivers_small_3,
          grunt_ministairs_7, minmay_crystal_box
Depths:2: minmay_outward_triangles, layout_honeycomb, enter_ziggurat_a,
          gammafunk_ghost_icy, grunt_hell_entry_dis_old,
          serial_sigils_hangedman_clutch, abyss_entry, rand_demon_pan_entry_9,
          minmay_misc_feat_columns
Depths:3: minmay_imperfect_grid, layout_gridville, abyss_entry_flame_altar,
          hell_entry
Depths:4: grunt_zot_entry_tricorne, layout_gridlike,
          grunt_hell_entry_demonic_statue, serial_shops,
          nicolae_shop_competitors_out_of_business,
          nicolae_shop_bloodbath_and_beyond, abyss_entry_crystal,
          hangedman_decor_lopped, lemuel_zombie_altar_kikubaaqudgha
Zot:1:    layout_onion
Zot:2:    layout_twisted_circle, grunt_ministairs_7, st_stairs_1
Zot:3:    layout_gridlike, uniq_josephina, uniq_vv
Zot:4:    layout_twisted_circle, gammafunk_ghost_ooze, uniq_parghit

Skill      XL: |  1  2  3  4  5  6  7  8  9 10 11 12 13 14 15 16 17 18 19 20 21 22 23 24 25 26 27 |
---------------+----------------------------------------------------------------------------------+-----
Axes           | 2 3 4 5 6 7 8 10 11 12 13 15 16 17 18 | 18.0
Fighting       | 4 5 6 8 9 10 11 12 13 14 16 17 18 19 20 22 24 27 | 27.0
Dodging        | 1 2 3 4 5 6 7 8 9 10 11 12 18 | 18.0
Armour         | 5 6 7 8 9 10 12 13 14 16 17 19 20 21 22 27 | 27.0
Shields        | 4 5 6 7 8 9 14 15 17 19 20 21 22 23 | 23.3
Throwing       | 1 2 3 5 7 9 10 11 12 13 14 | 14.0
Invocations    | 1 4 6 10 26 | 26.9
Short Blades   | 4 |  4.6

Action                   |  1- 3 |  4- 6 |  7- 9 | 10-12 | 13-15 | 16-18 | 19-21 | 22-24 | 25-27 || total
-------------------------+-------+-------+-------+-------+-------+-------+-------+-------+-------++-------
Melee: War axe           |   100 |   174 |    35 |       |       |       |       |       |       ||   309
       Broad axe         |       |       |   227 |   345 |   839 |  1250 |   907 |   997 |  3206 ||  7771
       Flail             |       |       |       |       |    17 |       |       |       |       ||    17
Throw: Boomerang         |       |       |     3 |    60 |   129 |   142 |    50 |    62 |   351 ||   797
       Javelin           |       |       |       |       |    90 |    81 |    20 |   113 |   261 ||   565
Invok: Heroism           |       |       |     1 |    31 |    39 |    54 |    29 |    24 |    46 ||   224
       Finesse           |       |       |       |     4 |     9 |     7 |     5 |    14 |     8 ||    47
       Cleansing Flame   |       |       |       |       |       |       |       |       |   117 ||   117
       Summon Divine War |       |       |       |       |       |       |       |       |    51 ||    51
       Brand Weapon With |       |       |       |       |       |       |       |       |     1 ||     1
  Use: Scroll            |     3 |     4 |    11 |     5 |    12 |     4 |     1 |     9 |    36 ||    85
       Potion            |     3 |       |       |       |     1 |     3 |     1 |     5 |    51 ||    64
 Stab: Distracted        |       |       |     1 |       |       |     1 |       |    20 |    28 ||    50
Armor: Scale mail        |    46 |    42 |       |       |    83 |       |       |       |       ||   171
       Chain mail        |       |    40 |   135 |   169 |   251 |       |       |       |       ||   595
       Plate armour      |       |       |       |       |    40 |   557 |   155 |   206 |   136 ||  1094
       Crystal plate arm |       |       |       |       |       |       |       |       |  1108 ||  1108
Dodge: Dodged            |    45 |    61 |    82 |   116 |   402 |   544 |   172 |   244 |   965 ||  2631
Block: Buckler           |    20 |    17 |    55 |    76 |   208 |   126 |       |       |       ||   502
       Kite shield       |       |       |       |       |       |   555 |   108 |       |       ||   663
       Reflection        |       |       |       |       |       |    14 |    64 |    25 |    76 ||   179
       Tower shield      |       |       |       |       |       |       |   650 |   818 |  3341 ||  4809

Table legend:
 A = Non-vault XP
 B = Vault XP
 C = Vault XP percentage of total XP
 D = Non-vault monster count
 E = Vault monster count
 F = Vault count percentage of total count
                 A         B        C        D         E       F
            +---------+---------+-------+---------+---------+-------
      Total | 1206958 |  931513 |  43.6 |    2138 |    1153 |  35.0
            +---------+---------+-------+---------+---------+-------
        D:1 |      43 |       0 |   0.0 |      25 |       0 |   0.0
        D:2 |      38 |       0 |   0.0 |      11 |       0 |   0.0
        D:3 |     142 |      23 |  13.9 |      20 |       7 |  25.9
        D:4 |     274 |     439 |  61.6 |      21 |      17 |  44.7
        D:5 |     625 |       0 |   0.0 |      27 |       0 |   0.0
        D:6 |     912 |     329 |  26.5 |      26 |       2 |   7.1
        D:7 |     224 |     513 |  69.6 |       8 |       1 |  11.1
        D:8 |    1261 |       8 |   0.6 |      16 |       4 |  20.0
        D:9 |    1387 |       6 |   0.4 |      12 |       2 |  14.3
       D:10 |    2761 |    1999 |  42.0 |      17 |      16 |  48.5
       D:11 |    2095 |       0 |   0.0 |      16 |       0 |   0.0
       D:12 |    4850 |       0 |   0.0 |      23 |       0 |   0.0
       D:13 |    5373 |    1882 |  25.9 |      11 |       3 |  21.4
       D:14 |    7756 |    3089 |  28.5 |      20 |       9 |  31.0
       D:15 |   17210 |    4857 |  22.0 |      35 |      10 |  22.2
     Lair:1 |    3391 |     372 |   9.9 |      17 |       2 |  10.5
     Lair:2 |    8161 |    2611 |  24.2 |      35 |       7 |  16.7
     Lair:3 |    9348 |    6864 |  42.3 |      25 |      25 |  50.0
     Lair:4 |    7456 |       0 |   0.0 |      23 |       0 |   0.0
     Lair:5 |   22144 |   17030 |  43.5 |      70 |      77 |  52.4
    Swamp:1 |    9144 |     461 |   4.8 |      21 |       1 |   4.5
    Swamp:2 |   13899 |    8332 |  37.5 |      28 |      13 |  31.7
    Swamp:3 |    8847 |       0 |   0.0 |      15 |       0 |   0.0
    Swamp:4 |   24192 |   18970 |  44.0 |      41 |      25 |  37.9
   Spider:1 |   14467 |    3354 |  18.8 |      44 |       9 |  17.0
   Spider:2 |   18841 |       0 |   0.0 |      54 |       0 |   0.0
   Spider:3 |   20190 |       0 |   0.0 |      46 |       0 |   0.0
   Spider:4 |    9170 |   32471 |  78.0 |      23 |      58 |  71.6
      Orc:1 |    2718 |    1551 |  36.3 |      27 |       4 |  12.9
      Orc:2 |    4304 |   14643 |  77.3 |      34 |      50 |  59.5
   Vaults:1 |   46124 |   15581 |  25.3 |      71 |      20 |  22.0
   Vaults:2 |   21252 |   37204 |  63.6 |      26 |      45 |  63.4
   Vaults:3 |   23218 |   19869 |  46.1 |      42 |      28 |  40.0
   Vaults:4 |   21422 |   55611 |  72.2 |      34 |      66 |  66.0
   Vaults:5 |   29863 |   76678 |  72.0 |      36 |      66 |  64.7
    Crypt:1 |   43428 |    9920 |  18.6 |      66 |       4 |   5.7
    Crypt:2 |   39734 |     607 |   1.5 |      59 |       1 |   1.7
    Crypt:3 |   12290 |   51000 |  80.6 |      22 |      70 |  76.1
     Tomb:1 |   11309 |  108929 |  90.6 |      33 |      62 |  65.3
     Tomb:2 |   18781 |   35248 |  65.2 |      44 |      45 |  50.6
     Tomb:3 |   17141 |   69694 |  80.3 |      27 |      70 |  72.2
   Depths:1 |   34805 |    1963 |   5.3 |      42 |       2 |   4.5
   Depths:2 |   42613 |   15736 |  27.0 |      52 |      18 |  25.7
   Depths:3 |   25130 |   26343 |  51.2 |      31 |      27 |  46.6
   Depths:4 |   31230 |   36273 |  53.7 |      30 |      42 |  58.3
      Zot:1 |   47205 |       0 |   0.0 |      37 |       0 |   0.0
      Zot:2 |   54680 |   10868 |  16.6 |      45 |      10 |  18.2
      Zot:3 |   15487 |    3110 |  16.7 |      15 |       1 |   6.2
      Zot:4 |   21474 |    3125 |  12.7 |      14 |       1 |   6.7
    Abyss:2 |   22770 |       0 |   0.0 |      58 |       0 |   0.0
    Abyss:4 |    6051 |       0 |   0.0 |       8 |       0 |   0.0
        Pan |  399728 |  233950 |  36.9 |     555 |     233 |  29.6
            +---------+---------+-------+---------+---------+-------
